 Dungeon Crawl Stone Soup version 0.31-a0-182-gc5ef74bbde (webtiles) character file.

Game seed: 16980431357608793617

971057 qw the Conqueror (level 27, -11/199 HPs)
             Began as a Gargoyle Fighter on June 20, 2023.
             Was the Champion of the Shining One.
             Mangled by a tentacled starspawn (13 damage)
             ... on level 7 of the Abyss.
             The game lasted 01:10:44 (70681 turns).

qw the Conqueror (Gargoyle Fighter)                Turns: 70681, Time: 01:10:45

Health: -11/199    AC: 76    Str: 48    XL:     27
Magic:  25/32      EV: 20    Int:  5    God:    the Shining One [******]
Gold:   4729       SH: 33    Dex:  9    Spells: 26/26 levels left

rFire   . . .        G - +9 broad axe (holy)
rCold   x x .        p - +10 tower shield of Ignorance {rN+ Int-4}
rNeg    + + +        o - +14 crystal plate armour of Boredom {+Inv}
rPois   inf          (no helmet)
rElec   +            Q - +2 cloak of the Eleven Runes {+Inv Str+3}
rCorr   +            w - +0 pair of gloves of Dramatic Exits {+Blink Will+ Regen+}
SInv    .            B - +3 pair of mountain boots {steadfast, rC+}
Will    +++..        J - amulet "Xanule" {Faith Drain Str+6} Stlth
                     O - ring "Tafiump" {rPois rN+ AC+4 Str+3}
HPRegen 0.00/turn    n - ring "Cifitz" {rN+ rCorr Str+6 Stlth+}
MPRegen 0.23/turn

%: random rage (9%), faith
@: mighty, agile, on berserk cooldown, flying, inhibited regen, slowed, glowing,
unable to drink, very slow
A: sickness immunity, AC +20, big wings, negative energy resistance 1,
electricity resistance, torment resistance 1, petrification resistance, hooves
1, iridescent scales 1, deterioration 1, subdued magic 1, [berserk 2], [deformed
body], [dopey 2], [low MP 2], [inhibited regeneration], [cold vulnerability 3],
[inability to drink after injury 2]
}: 5/15 runes: serpentine, barnacled, slimy, silver, golden
a: Renounce Religion, Evoke Blink, Evoke Invisibility, Divine Shield, Cleansing
Flame, Summon Divine Warrior


You were on level 7 of the Abyss.
You worshipped the Shining One.
The Shining One was exalted by your worship.
You visited 12 branches of the dungeon, and saw 55 of its levels.
You visited the Abyss 9 times.
You visited 1 bazaar.

You collected 13039 gold pieces.
You spent 8310 gold pieces at shops.


Innate Abilities, Weirdness & Mutations

You are immune to sickness and miasma.
Your stone body is resilient. (AC +20)
You are immune to poison.
Your large and strong wings let you fly.
You resist negative energy. (rN+)
You are resistant to electric shocks. (rElec)
You are resistant to unholy torment.
You are immune to petrification.
You have large cloven feet.
You are partially covered in iridescent scales. (AC +2)
Your body sometimes deteriorates upon taking damage.
Your spells are a little easier to cast, but a little less powerful.
[You have an uncontrollable temper.]
[Armour fits poorly on your strangely shaped body.]
[You are very dopey. (Int -4)]
[Your magical capacity is very low. (-20% MP)]
[You do not regenerate when monsters are visible.]
[You are extremely vulnerable to cold. (rC---)]
[You sometimes lose the ability to drink potions when taking damage.]


   Skills:
 O Level 27 Fighting
 + Level 10.4 Short Blades
 O Level 27 Axes
 - Level 15.0 Throwing
 O Level 27 Armour
 - Level 19.0 Dodging
 + Level 26.8 Shields
 O Level 27 Invocations


You had 26 spell levels left.
You didn't know any spells.
Your spell library was empty.

Inventory:

Hand Weapons
 c - the +4 consecrated labrys {holy, Valiant Fragile Fly SInv}
   (You bought it in a shop on level 2 of the Orcish Mines)

   Valiant:   It becomes more powerful as more dangerous foes come into view.
   SInv:      It lets you see invisible.
   Fly:       It grants you flight.
   Fragile:   It will be destroyed if unequipped.
 z - the +16 obsidian axe {drain, demonic, Mesm Drain Fly SInv}
   (You found it on level 3 of the Lair of Beasts)

   Mesm:      Its wielder is mesmerised by any visible foes, and it cannot be
   unequipped while any foes are visible.
   SInv:      It lets you see invisible.
   Fly:       It grants you flight.
   Drain:     It drains your maximum health when unequipped.
   The Shining One disapproves of the use of such an item.
 D - the +9 broad axe of Wuelibegh {freeze, Int+3}
   (You found it on level 11 of the Dungeon)

   Int:       It affects your intelligence (+3).
 G - a +9 broad axe of holy wrath (weapon)
Armour
 e - +9 gold dragon scales
 o - the +14 crystal plate armour of Boredom (worn) {+Inv}
   (You acquired it on level 6 of the Dungeon)

   +Inv:      It lets you turn invisible.
 p - the +10 tower shield of Ignorance (worn) {rN+ Int-4}
   (You took it off Louise on level 2 of the Depths)

   Int:       It affects your intelligence (-4).
   rN:        It protects you from negative energy.
 w - the +0 pair of gloves of Dramatic Exits (worn) {+Blink Will+ Regen+}
   (You acquired it on level 2 of the Vaults)

   +Blink:    It lets you blink.
   Regen:     It increases your rate of health regeneration.
   Will:      It increases your willpower.
 B - the +3 pair of mountain boots (worn) {steadfast, rC+}
   (You bought it in a shop on level 4 of the Shoals)

   Steadfast: It prevents involuntary movement, except for blinking,
   teleportation, or banishment.
   rC:        It protects you from cold.
 Q - the +2 cloak of the Eleven Runes (worn) {+Inv Str+3}
   (You bought it in a shop on level 4 of the Shoals)

   Str:       It affects your strength (+3).
   +Inv:      It lets you turn invisible.
Jewellery
 h - a ring of protection from cold
 l - the ring "Suamimotar" {rElec rC+ Str+4 Int+5 Dex-5}
   (You found it on level 3 of the Tomb of the Ancients)

   [ring of protection from cold]

   Str:       It affects your strength (+4).
   Int:       It affects your intelligence (+5).
   Dex:       It affects your dexterity (-5).
   rC:        It protects you from cold.
   rElec:     It insulates you from electricity.
 n - the ring "Cifitz" (right hand) {rN+ rCorr Str+6 Stlth+}
   (You found it on level 3 of the Tomb of the Ancients)

   [ring of strength]

   Str:       It affects your strength (+6).
   rN:        It protects you from negative energy.
   rCorr:     It protects you from acid and corrosion.
   Stlth:     It makes you more stealthy.
 u - a ring of protection from fire
 v - the amulet of Perfectionism {Reflect Harm rPois Slay+2 SH+5}
   (You took it off a vault warden on level 5 of the Vaults)

   [amulet of reflection]

   It reflects blocked missile attacks.
   Slay:      It affects your accuracy & damage with ranged weapons and melee
   (+2).
   rPois:     It protects you from poison.
   SH:        It affects your SH (+5).
   Harm:      It increases damage dealt and taken.
 y - the ring "Xinaf" {Fire Str+4}
   (You bought it in a shop on level 7 of the Dungeon)

   [ring of fire]

   It enhances your fire magic.
   Str:       It affects your strength (+4).
   rF:        It protects you from fire.
   rC:        It makes you vulnerable to cold.
 H - an amulet of reflection
 I - a ring of protection from fire
 J - the amulet "Xanule" (around neck) {Faith Drain Str+6}
   (You found it on level 4 of the Shoals)

   [amulet of faith]

   It allows you to gain divine favour quickly.
   Str:       It affects your strength (+6).
   Drain:     It drains your maximum health when unequipped.
 K - the amulet "Ilipler" {Spirit Rampage rC+}
   (You took it off a vault warden on level 5 of the Vaults)

   [amulet of guardian spirit]

   It causes incoming damage to be divided between your reserves of health and
   magic.
   rC:        It protects you from cold.
   Rampage:   It bestows one free step when moving towards enemies.
 O - the ring "Tafiump" (left hand) {rPois rN+ AC+4 Str+3}
   (You found it on level 5 of the Vaults)

   [ring of protection]

   AC:        It affects your AC (+4).
   Str:       It affects your strength (+3).
   rPois:     It protects you from poison.
   rN:        It protects you from negative energy.
 Y - a +5 ring of evasion
Wands
 k - a wand of digging (28)
Scrolls
 f - 2 scrolls of enchant weapon
 m - 7 scrolls of identify
 s - 4 scrolls of brand weapon
 x - 4 scrolls of enchant armour
Potions
 b - 3 potions of cancellation
 d - 5 potions of might
 i - 9 potions of haste
 j - 5 potions of magic
 r - 30 potions of curing
 t - a potion of mutation
 C - 10 potions of enlightenment

Dungeon Overview and Level Annotations

Branches:
Dungeon (15/15)            Temple (1/1) D:6            Lair (5/5) D:8
 Shoals (4/4) Lair:3        Snake (4/4) Lair:3        Slime (5/5) Lair:5
    Orc (2/2) D:12            Elf (0/3) Orc:2        Vaults (5/5) D:14
  Crypt (3/3) Vaults:3       Tomb (3/3) Crypt:3      Depths (4/4) D:15
    Zot (4/5) Depths:4

Altars:
Ashenzari
Cheibriados
Dithmenos
Elyvilon
Fedhas
Gozag
Hepliaklqana
Kikubaaqudgha
Makhleb
Nemelex Xobeh
Okawaru
Qazlal
Ru
Sif Muna
Trog
Uskayaw
Vehumet
Wu Jian
Xom
Yredelemnul
Zin
The Shining One

Shops:
D:5 *!?   D:7 :[*==*   D:14 :   Orc:2 (**(   Shoals:3 [   Shoals:4 [!!:
Snake:2 (*   Snake:4 :   Depths:1 (   Depths:4 ((

Portals:
Hell: Depths:1 Depths:2 Depths:3 Depths:4
Abyss: D:4 Depths:2 Depths:3
Pandemonium: Depths:2
Ziggurat: Depths:1
Trove: D:10 (give 6 scrolls of fog)

Annotations:
D:4 2 transporters, qw's ghost, amateur GrHu
D:12 2 transporters, Plog's ghost, journeyman DgVM
Shoals:2 5 transporters
Shoals:3 2 transporters, Liimbo's ghost, adept FoWn
Snake:3 1 runed translucent door
Vaults:3 3 runed translucent doors, qw's ghost, adept GrFi
Crypt:3 1 runed translucent door, Osipn's ghost, veteran MiGl
Depths:1 exclusion: ancient lich
Depths:2 2 transporters, qw's ghost, veteran GrHu


Message History

Your angel gestures.
Your angel is healed somewhat.
The apocalypse crab barely misses your angel.
The apocalypse crab claws your angel!
Your angel resists with almost no effort.
Your angel hits the apocalypse crab with a +2 sacred scourge of holy wrath!!
The apocalypse crab convulses.
Your angel hits the apocalypse crab but does no damage.
A starcursed mass comes into view.
You block the bone dragon's attack. The bone dragon closely misses you. x2
A cacophony of accursed wailing tears at your sanity!
The Shining One protects you from harm!
The thrashing horror tramples your angel!
Your angel holds its ground!
Your angel dies!
Your angel dissolves into sparkling lights!
The golden eye blinks at you. You resist with almost no effort.
You hear a roar! x2
You slice the thrashing horror!!
You destroy the thrashing horror!
You slash the tentacled starspawn!
You slice the starspawn tentacle like a ripe choko!!!
You destroy the starspawn tentacle!
You slice the ophan!! You hit the bone dragon.
The bone dragon convulses.
The thrashing horror tramples your angel but does no damage. x2
A thrashing horror comes into view.
Your angel hits the apocalypse crab but does no damage.
Your angel hits the apocalypse crab with a +2 sacred scourge of holy wrath.
The apocalypse crab dies!
The Shining One accepts your kill.
The dread lich mumbles some strange words.
The dread lich seems to speed up.
A cacophony of accursed wailing tears at your sanity!
The golden eye blinks at you. You resist with almost no effort.
The thrashing horror misses your angel. x2
A starcursed mass splits.
You block the tentacled starspawn's attack.
The tentacled starspawn tentacle-slaps you!
You die...

.. #.. #. .
## .. . #...
# #L...##..
## ...
..G#G#X .
##..####XXXX.
. . ...#
.X*X# ##. ##
#.
#%X#.D#X*XX#.
.
#.A)@X3XtXX.
#X.XG#¤.##X*.
X¤.
#..#..X#XXX
.¤v ##...¤##
XX## .
##..¤#..X....
##.#...#. ..
. ... .
¤.#¤#. #...
##.#¤X *...#
. ...... . #


You could see a bone dragon, 18 starcursed masses, a dread lich (fast), an ophan
(resistant), a tentacled starspawn, 2 wretched stars, an apocalypse crab, 4
thrashing horrors, 2 large abominations, a neqoxec, 2 golden eyes, a lurking
horror and a friendly angel (summoned, misshapen).

Vanquished Creatures
  the Royal Jelly (Slime:5)
  7 dread liches
  Mara (Depths:1)
  6 ancient liches
  Khufu (Tomb:1)
  3 juggernauts
  24 royal mummies
  Parghit (Zot:1)
  Frederick (Crypt:1)
  Bai Suzhen (Depths:1)
  A curse toe (Zot:4)
  8 golden dragons
  Jory (Vaults:5)
  13 profane servitors
  19 bone dragons
  A pearl dragon (Abyss:6)
  A shard shrike zombie (Abyss:5)
  14 hellephants
  Jorgrun (Shoals:3)
  Zenata (Vaults:1)
  3 walking crystal tomes
  A Hell Sentinel (Abyss:5)
  11 quicksilver dragons
  24 liches
  23 tentacled monstrosities
  A walking divine tome (Abyss:7)
  2 walking earthen tomes
  4 walking frostbound tomes
  22 titans
  4 deep elf master archers
  3 deep elf blademasters
  A kraken (Shoals:4)
  25 acid blobs
  11 sphinxes
  84 tentacled starspawn
  14 ancient champions
  9 Executioners
  5 death cobs
  13 storm dragons
  9 shadow dragons
  4 revenants
  10 tengu reavers
  Roxanne (D:14)
  Ilsuiw (Shoals:4)
  16 rockslimes
  18 nagarajas
  5 draconian knights
  9 azure jellies
  27 fire giants
  10 draconian monks
  5 iron dragons
  3 daevas
  Louise (Depths:2)
  A juggernaut zombie (Abyss:5)
  3 draconian scorchers
  6 deep elf sorcerers
  19 frost giants
  Aizul (Shoals:2)
  6 balrugs
  7 ghost moths
  3 draconian stormcallers
  23 vault wardens
  An orc warlord (Vaults:3)
  A caustic shrike zombie (Abyss:5)
  7 ironbound thunderhulks
  3 curse skulls
  5 cacodemons
  10 draconian shifters
  5 draconian annihilators
  7 ghouls (Crypt:1)
  A deep elf elementalist (Abyss:6)
  A spriggan defender (Depths:2)
  18 quicksilver oozes
  61 very ugly things
  A juggernaut skeleton (Abyss:3)
  28 stone giants
  An ophan (Abyss:3)
  A caustic shrike skeleton (Depths:2)
  19 ironbound preservers
  3 reapers
  4 angels
  3 war gargoyles
  3 vampire knights
  A formless jellyfish (Vaults:1)
  14 black draconians
  2 deep elf demonologists
  16 green draconians
  25 dire elephants
  4 lorocyprocas
  A deep elf annihilator (Vaults:5)
  11 purple draconians
  13 white draconians
  6 yellow draconians
  2 bunyips
  8 bennus
  4 spark wasps
  377 starcursed masses
  17 mummy priests
  11 ettins
  4 crystal guardians
  10 eidola
  4 blizzard demons
  6 merfolk javelineers
  15 red draconians
  3 green deaths
  Snorg (Orc:1)
  8 jiangshi
  Josephine (D:12)
  9 merfolk impalers
  4 entropy weavers
  12 great orbs of eyes
  5 deep elf death magi
  9 fire dragons
  22 yaktaur captains
  2 spriggan zombies
  2 peacekeepers
  Harold (Orc:1)
  9 ice dragons
  10 hydras
  8 rakshasas
  2 salamander tyrants
  34 vault guards
  A catoblepas (Abyss:6)
  4 ogre magi
  7 ironbound frosthearts
  8 anacondas
  4 spriggan air magi
  2 hell beasts (Depths:3)
  8 merfolk avatars
  7 centaur warriors
  6 merfolk aquamancers
  A dancing weapon (Abyss:6)
  18 two-headed ogres
  4 spriggan skeletons
  An alligator (shapeshifter) (Vaults:4)
  14 death yaks
  6 death knights
  19 naga warriors
  4 boulder beetles
  39 death scarabs
  9 deep troll shamans
  43 hell hogs
  4 deep troll earth magi
  9 vampire magi
  3 demonic crawlers (Abyss:6)
  8 tengu warriors
  189 thrashing horrors
  A titan zombie (Abyss:3)
  An Orb Guardian skeleton (Crypt:3)
  A quicksilver ooze zombie (Crypt:2)
  2 deep elf knights
  An emperor scorpion zombie (Crypt:1)
  9 spriggan berserkers
  8 sun demons
  4 shock serpents
  Amaemon (Lair:1)
  19 naga sharpshooters
  A fire crab (shapeshifter) (D:14)
  3 soul eaters
  82 wretched stars
  5 skysharks
  3 salamander mystics
  7 iron trolls
  A storm dragon skeleton (Crypt:3)
  16 sixfirhies
  A skyshark (shapeshifter) (Depths:2)
  7 hell knights
  8 shadow wraiths
  51 skeletal warriors
  A death drake (Abyss:3)
  23 spatial maelstroms
  Lodul (D:13)
  16 glowing orange brains
  A golden dragon zombie (Depths:2)
  52 deep trolls
  13 flayed ghosts
  A glowing orange brain (shapeshifter) (Abyss:5)
  An obsidian statue (Lair:5)
  29 ironbound convokers
  A spectral anaconda (Lair:5)
  2 bunyip skeletons
  2 spriggan simulacra
  19 sea snakes
  2 deep elf archers
  4 shadow demons
  A bunyip zombie (Crypt:1)
  5 anaconda skeletons
  20 harpies
  14 orc knights
  7 naga ritualists
  9 necromancers
  11 phantasmal warriors
  A bog body (Crypt:1)
  9 wizards
  8 lindwurms
  2 iron dragon zombies
  2 orc sorcerers
  A deep elf pyromancer (D:15)
  26 salamanders
  5 mana vipers
  5 fauns
  7 shining eyes
  A fire giant zombie (Depths:2)
  71 ugly things
  11 manticores
  2 manticores (shapeshifter)
  A jorogumo skeleton (Crypt:2)
  22 moths of wrath
  9 will-o-the-wisps
  15 worldbinders
  6 cyclopes
  A dire elephant zombie (Lair:5)
  A toenail golem (Abyss:7)
  35 elephants
  20 apocalypse crabs
  12 merfolk sirens
  An iron dragon skeleton (Abyss:3)
  28 black mambas
  Joseph (D:9)
  8 water nymphs
  15 vault sentinels
  14 guardian serpents
  82 smoke demons
  A centaur skeleton (Crypt:3)
  21 naga magi
  An eye of devastation (Slime:5)
  4 orange demons
  13 cane toads
  Maggie (D:9)
  A water nymph (shapeshifter) (Abyss:6)
  2 torpor snails (Lair:5)
  A gargoyle (D:11)
  4 dire elephant skeletons
  An alligator snapping turtle skeleton (Crypt:2)
  52 yaktaurs
  2 unseen horrors
  An unseen horror (shapeshifter) (D:14)
  7 hellions
  An orb spider zombie (Crypt:3)
  25 guardian mummies
  2 kobold demonologists
  4 rime drakes
  4 tormentors
  A komodo dragon (shapeshifter) (Vaults:5)
  9 komodo dragons
  9 efreet
  6 tengu conjurers
  8 freezing wraiths
  2 red devils (Depths:2)
  2 silent spectres
  A pale draconian skeleton (Crypt:2)
  82 ancient zymes
  A red draconian skeleton (Crypt:3)
  14 trolls
  3 harpy zombies
  An ice devil (Depths:2)
  A merfolk (shapeshifter) (Abyss:5)
  An unseen horror skeleton (Crypt:1)
  4 polar bears
  4 hellwings
  22 merfolk
  A queen bee (shapeshifter) (Abyss:5)
  A hornet (Depths:3)
  2 hydra skeletons (Crypt:3)
  2 tarantellas (shapeshifter)
  A wind drake (shapeshifter) (Abyss:3)
  17 dream sheep
  172 raiju
  3 harpy skeletons
  A tarantella zombie (Crypt:3)
  3 spectral elephants (Lair:5)
  8 wind drakes
  29 blink frogs
  A blink frog (shapeshifter) (Vaults:5)
  10 snapping turtles
  95 slime creatures
  190 large abominations
  48 flying skulls
  A jumping spider (Vaults:4)
  An orc simulacrum (Crypt:1)
  3 ettin skeletons
  A culicivora (Abyss:6)
  A centaur simulacrum (Tomb:1)
  21 water elementals
  A jumping spider (shapeshifter) (Abyss:5)
  34 ynoxinuls
  A dire elephant simulacrum (Lair:5)
  A spriggan (shapeshifter) (Vaults:2)
  6 shadows
  2 vampires
  3 spriggans
  2 wyverns
  12 ushabtiu
  20 wraiths
  71 yaks
  A yak (shapeshifter) (Vaults:5)
  Grum (D:8)
  A fire bat (Abyss:3)
  2 basilisks
  18 chaos spawn
  53 golden eyes
  A death yak simulacrum (Lair:5)
  43 neqoxecs
  A redback (shapeshifter) (D:15)
  12 spatial vortices
  6 vampire mosquitoes (D:13)
  5 wargs
  Menkaure (D:4)
  2 harpy simulacra
  3 redbacks
  62 nagas
  2 acid dragons (D:11)
  A naga zombie (Tomb:1)
  A deep troll zombie (Crypt:2)
  2 spectral cane toads (Lair:5)
  18 water moccasins
  2 floating eyes (shapeshifter)
  3 hell hounds (Abyss:4)
  A demonspawn skeleton (Crypt:2)
  2 naga skeletons (Crypt:3)
  A deep troll skeleton (Crypt:1)
  3 ice beasts
  A sky beast (D:7)
  A cane toad skeleton (Crypt:3)
  2 floating eyes
  3 black bears
  23 orc warriors
  2 elephant zombies (Lair:5)
  31 ogres
  A tengu (shapeshifter) (Abyss:3)
  23 wolves
  54 small abominations
  12 centaurs
  An elephant skeleton (Lair:5)
  A blink frog skeleton (Crypt:1)
  A swamp dragon skeleton (Crypt:1)
  2 kobold brigands (Abyss:4)
  2 phantoms
  17 bullfrogs
  2 gnoll sergeants
  2 scorpions (D:5)
  2 necrophages (Crypt:1)
  A cane toad simulacrum (Lair:5)
  A draconian skeleton (Crypt:3)
  7 wights
  A queen bee zombie (Crypt:3)
  A cyclops skeleton (Crypt:1)
  3 elephant simulacra (Lair:5)
  5 electric eels
  2 howler monkeys
  A wolf zombie (Crypt:1)
  5 hounds
  5 quasits
  3 jellies
  A basilisk zombie (Crypt:2)
  13 orc priests
  3 iron imps
  3 iguanas
  A black bear skeleton (Crypt:3)
  14 orc wizards
  An acid dragon skeleton (Crypt:3)
  A boggart simulacrum (D:14)
  33 mummies
  Robin (D:2)
  10 adders
  15 gnolls
  9 shadow imps
  7 white imps
  A howler monkey simulacrum (D:11)
  9 ufetubi
  A lava snake skeleton (Crypt:1)
  A worm (D:2)
  2 dart slugs
  79 orcs
  9 bats
  6 endoplasms
  5 giant cockroaches
  17 goblins
  11 hobgoblins
  4 jackals (D:4)
  4 kobolds
  6 quokkas
  10 ball pythons
  5 frilled lizards
  A goblin zombie (D:6)
  A hobgoblin skeleton (Crypt:3)
  A hobgoblin zombie (Crypt:1)
  A kobold zombie (D:6)
  7 rats
  14 lurking horrors
  A spectral weapon (Depths:1)
  101 starspawn tentacles
  2 tentacles (Shoals:4)
4698 creatures vanquished.

Vanquished Creatures (collateral kills)
  An ancient lich (Abyss:6)
  10 royal mummies
  A profane servitor (Abyss:6)
  3 bone dragons
  5 liches
  A titan (Tomb:1)
  2 deep elf blademasters (Tomb:2)
  A deep elf master archer (Tomb:1)
  2 Executioners
  3 ancient champions
  9 tentacled starspawn
  A daeva (Abyss:7)
  A revenant (Tomb:1)
  3 fire giants
  2 frost giants (Tomb:1)
  A deep elf elementalist (Abyss:3)
  A juggernaut zombie (Abyss:3)
  4 very ugly things
  A cacodemon (Abyss:5)
  7 stone giants
  A caustic shrike skeleton (Abyss:3)
  A deep elf demonologist (Abyss:4)
  2 bennus
  A white draconian (Abyss:3)
  A purple draconian (Abyss:5)
  4 mummy priests
  A blizzard demon (Abyss:6)
  An eidolon (Abyss:7)
  A great orb of eyes (Abyss:5)
  An ogre mage (Abyss:6)
  A rakshasa (Abyss:3)
  A spriggan skeleton (Crypt:3)
  10 death scarabs
  4 hell hogs
  A vampire mage (Abyss:3)
  A spriggan berserker (Abyss:6)
  2 hell knights (Abyss:6)
  A sun demon (Abyss:3)
  29 thrashing horrors
  30 large abominations
  11 wretched stars
  3 shadow wraiths
  4 skeletal warriors
  2 sixfirhies
  2 spatial maelstroms
  A glowing orange brain (Abyss:6)
  A deep elf archer (Tomb:2)
  A necromancer (Abyss:6)
  A golden dragon skeleton (Crypt:3)
  A shadow dragon skeleton (Crypt:3)
  An ugly thing (Abyss:4)
  An oklob plant (Abyss:6)
  A will-o-the-wisp (Abyss:5)
  A worldbinder (Abyss:5)
  A rust devil (Abyss:4)
  A naga mage (Abyss:3)
  4 apocalypse crabs
  3 orange demons
  10 smoke demons
  A freezing wraith (Abyss:5)
  An efreet (Abyss:6)
  A tormentor (Abyss:3)
  11 guardian mummies
  11 ancient zymes
  A hellwing (Abyss:6)
  A wind drake (Abyss:6)
  22 raiju
  An iron dragon simulacrum (Tomb:2)
  4 blink frogs
  13 flying skulls
  4 ushabtiu (Tomb:3)
  4 ynoxinuls
  A wraith (Abyss:3)
  9 neqoxecs
  5 golden eyes
  3 chaos spawn
  A naga (Abyss:6)
  4 spatial vortices
  44 starcursed masses
  5 small abominations
  29 mummies
  A white imp (Abyss:3)
  An ufetubus (Abyss:3)
  2 lurking horrors
  16 starspawn tentacles
399 creatures vanquished.

Vanquished Creatures (others)
  2 fire giants (Crypt:1)
  An ironbound preserver (Vaults:5)
  A vault guard (Vaults:5)
  A naga warrior (Abyss:5)
  A death knight (Abyss:5)
  3 thrashing horrors
  A wretched star (Abyss:5)
  2 large abominations (Abyss:7)
  A wizard (Vaults:3)
  A spriggan simulacrum (Abyss:5)
  2 harpies (Shoals:4)
  An ugly thing (Abyss:7)
  Maurice (D:8)
  A rime drake (D:11)
  5 ancient zymes (Abyss:7)
  4 raiju
  A blink frog (Abyss:5)
  A fire bat (Abyss:6)
  7 golden eyes
  A chaos spawn (Abyss:6)
  A neqoxec (Abyss:6)
  A harpy simulacrum (Abyss:5)
  A spatial vortex (Abyss:7)
  8 small abominations
  A kobold (Abyss:4)
  23 foxfires
  11 lurking horrors
  158 starspawn tentacles
  4 tentacles (Shoals:4)
246 creatures vanquished.

Grand Total: 5343 creatures vanquished

Notes
Turn   | Place    | Note
-------+----------+-------------------------------------------
     0 | D:1      | qw the Gargoyle Fighter began the quest for the Orb.
     0 | D:1      | Reached XP level 1. HP: 14/14 MP: 1/1
     0 | D:1      | 0 ||| qw: Version: 0.3-a-9-g12657ce
     0 | D:1      | 0 ||| qw: Game counter: 1411
     0 | D:1      | 0 ||| qw: Always use a shield: true
     0 | D:1      | 0 ||| qw: God list: Okawaru
     0 | D:1      | 0 ||| qw: Allow faded altars: false
     0 | D:1      | 0 ||| qw: Do Orc after D:15 true
     0 | D:1      | 0 ||| qw: Do second Lair branch before Depths: true
     0 | D:1      | 0 ||| qw: Lair rune preference: random
     0 | D:1      | 0 ||| qw: Plans: Normal, Zot:1-4, Slime:5, God:TSO, Crypt,
                  | Tomb, Abyss, Pan, Hells, Win
     0 | D:1      | 0 ||| PLANNING D:1-11
    22 | D:1      | 22 ||| Stepping ~*~*~tactically~*~*~ (stealth).
    25 | D:1      | 25 ||| Stepping ~*~*~tactically~*~*~ (stealth).
   149 | D:1      | Reached XP level 2. HP: 19/19 MP: 2/2
   247 | D:1      | 247 ||| Stepping ~*~*~tactically~*~*~ (stealth).
   267 | D:1      | Reached skill level 3 in Axes
   362 | D:1      | Reached XP level 3. HP: 23/23 MP: 3/3
   714 | D:1      | 714 ||| DROPPING +0 club.
   715 | D:1      | 715 ||| READING scroll labelled VIMU VOLAESTRIM.
   716 | D:1      | 716 ||| DRINKING 2 metallic purple potions.
   721 | D:1      | 721 ||| DROPPING potion of ambrosia.
   776 | D:2      | 776 ||| Stepping ~*~*~tactically~*~*~ (stealth).
   777 | D:2      | 777 ||| Stepping ~*~*~tactically~*~*~ (stealth).
   832 | D:2      | Noticed Robin
   833 | D:2      | 833 ||| Stepping ~*~*~tactically~*~*~ (hiding).
   847 | D:2      | Killed Robin
   855 | D:2      | Reached XP level 4. HP: 23/28 MP: 4/4
   867 | D:2      | 867 ||| FLEEEEING.
   868 | D:2      | 868 ||| FLEEEEING.
   869 | D:2      | 869 ||| FLEEEEING.
   870 | D:2      | 870 ||| FLEEEEING.
   871 | D:2      | 871 ||| FLEEEEING.
   872 | D:2      | 872 ||| FLEEEEING.
   873 | D:2      | 873 ||| FLEEEEING.
   874 | D:2      | 874 ||| FLEEEEING.
   875 | D:2      | 875 ||| FLEEEEING.
   928 | D:2      | 928 ||| UPGRADING to +0 helmet.
   940 | D:2      | 940 ||| STAIRDANCE
  1447 | D:2      | 1447 ||| UPGRADING to +6 ring of strength.
  1448 | D:2      | 1448 ||| READING scroll labelled ZAKKANUTEU.
  1449 | D:2      | 1449 ||| READING scroll labelled ZUADUD QOC.
  1450 | D:2      | 1450 ||| READING scroll labelled JUGEAMOREXT.
  1455 | D:2      | 1455 ||| DRINKING 2 fuming blue potions.
  1479 | D:3      | 1479 ||| STAIRDANCE
  1509 | D:3      | 1509 ||| Stepping ~*~*~tactically~*~*~ (stealth).
  1511 | D:3      | 1511 ||| Stepping ~*~*~tactically~*~*~ (stealth).
  1513 | D:3      | 1513 ||| Stepping ~*~*~tactically~*~*~ (hiding).
  1519 | D:3      | HP: 5/28 [gnoll/+1 spear of flaming (7)]
  1519 | D:3      | HP: 2/28 [gnoll/+1 spear of flaming (3)]
  1520 | D:3      | 1520 ||| DRINKING potion of heal wounds.
  1526 | D:3      | Reached XP level 5. HP: 18/32 MP: 5/5
  1594 | D:3      | Noticed a phantom
  1604 | D:3      | Killed a phantom
  1929 | D:3      | Reached skill level 1 in Dodging
  1973 | D:3      | Reached XP level 6. HP: 35/37 MP: 6/6
  1990 | D:3      | Noticed an ice beast
  2004 | D:3      | Killed an ice beast
  2261 | D:4      | Found a transporter.
  2274 | D:4      | Found a one-way gate to the infinite horrors of the Abyss.
  2274 | D:4      | Noticed qw's ghost (amateur GrHu)
  2279 | D:4      | 2279 ||| Stepping ~*~*~tactically~*~*~ (hiding).
  2350 | D:4      | Found a transporter.
  2364 | D:4      | Noticed Menkaure
  2371 | D:4      | Reached XP level 7. HP: 11/44 MP: 7/7
  2371 | D:4      | 2371 ||| DRINKING 4 potions of heal wounds.
  2373 | D:4      | Killed Menkaure
  2374 | D:4      | Reached skill level 6 in Axes
  2422 | D:4      | 2422 ||| Stepping ~*~*~tactically~*~*~ (stealth).
  2432 | D:4      | 2432 ||| Stepping ~*~*~tactically~*~*~ (stealth).
  2498 | D:4      | 2498 ||| Stepping ~*~*~tactically~*~*~ (hiding).
  2499 | D:4      | 2499 ||| Stepping ~*~*~tactically~*~*~ (hiding).
  2503 | D:4      | 2503 ||| Stepping ~*~*~tactically~*~*~ (hiding).
  2504 | D:4      | 2504 ||| Stepping ~*~*~tactically~*~*~ (hiding).
  2505 | D:4      | 2505 ||| Stepping ~*~*~tactically~*~*~ (hiding).
  2561 | D:4      | 2561 ||| Stepping ~*~*~tactically~*~*~ (stealth).
  2563 | D:4      | 2563 ||| Stepping ~*~*~tactically~*~*~ (stealth).
  2581 | D:4      | 2581 ||| Stepping ~*~*~tactically~*~*~ (hiding).
  2582 | D:4      | 2582 ||| Stepping ~*~*~tactically~*~*~ (hiding).
  2631 | D:4      | Identified the +4 ring mail "Loud" {Str-4 Slay+6}
  2847 | D:4      | 2847 ||| DROPPING orb of guile.
  2848 | D:4      | 2848 ||| UPGRADING to +4 ring mail "Loud" {Str-4 Slay+6}.
  2858 | D:4      | 2858 ||| DROPPING +0 scale mail.
  2859 | D:4      | 2859 ||| READING scroll labelled FAVILAMNAH.
  2860 | D:4      | 2860 ||| READING scroll labelled NUFOHA ZORUFIE.
  2885 | D:5      | Entered Level 5 of the Dungeon
  2891 | D:5      | Found Tuin's Distillery.
  2900 | D:5      | 2900 ||| BUYING potion of cancellation (120 gold).
  2900 | D:5      | Bought a potion of cancellation for 120 gold pieces
  2900 | D:5      | 2900 ||| SHOPLISTING potion of cancellation (120 gold, have
                  | 32).
  2900 | D:5      | 2900 ||| SHOPLISTING potion of curing (45 gold, have 32).
  2900 | D:5      | 2900 ||| SHOPLISTING potion of haste (150 gold, have 32).
  2900 | D:5      | 2900 ||| SHOPLISTING potion of magic (120 gold, have 32).
  2900 | D:5      | 2900 ||| SHOPLISTING potion of mutation (120 gold, have
                  | 32).
  2903 | D:5      | 2903 ||| Stepping ~*~*~tactically~*~*~ (stealth).
  2912 | D:5      | Reached skill level 1 in Throwing
  2926 | D:5      | 2926 ||| DROPPING +0 mace.
  2985 | D:5      | Reached XP level 8. HP: 23/49 MP: 8/8
  3189 | D:5      | 3189 ||| Stepping ~*~*~tactically~*~*~ (hiding).
  3190 | D:5      | 3190 ||| Stepping ~*~*~tactically~*~*~ (hiding).
  3196 | D:5      | 3196 ||| Stepping ~*~*~tactically~*~*~ (stealth).
  3266 | D:5      | 3266 ||| DROPPING +0 hand axe.
  3309 | D:5      | Found Ytiy's Magic Scroll Shop.
  3314 | D:5      | 3314 ||| SHOPLISTING scroll of acquirement (520 gold, have
                  | 66).
  3314 | D:5      | 3314 ||| BUYING scroll of identify (20 gold).
  3314 | D:5      | Bought a scroll of identify for 20 gold pieces
  3314 | D:5      | 3314 ||| BUYING scroll of identify (20 gold).
  3314 | D:5      | Bought a scroll of identify for 20 gold pieces
  3314 | D:5      | 3314 ||| BUYING scroll of identify (20 gold).
  3314 | D:5      | Bought a scroll of identify for 20 gold pieces
  3336 | D:5      | Identified the +10 flail of the Snake Pit {protect, rElec
                  | Dex+4 Stlth+}
  3338 | D:5      | 3338 ||| DROPPING +0 flail.
  3468 | D:5      | 3468 ||| Stepping ~*~*~tactically~*~*~ (stealth).
  3470 | D:5      | 3470 ||| Stepping ~*~*~tactically~*~*~ (hiding).
  3483 | D:5      | 3483 ||| SWAPPING to +1 war axe of venom.
  3484 | D:5      | 3484 ||| DROPPING +0 war axe.
  3503 | D:5      | Found Pecregas's Assorted Antiques.
  3706 | D:5      | 3706 ||| DROPPING +2 scale mail of willpower.
  3707 | D:5      | 3707 ||| READING scroll labelled IDUALETETE.
  3708 | D:5      | 3708 ||| READING scroll labelled MEYCETZAOSA.
  3809 | D:5      | 3809 ||| READING scroll labelled TEJUOF JURAPT.
  3810 | D:5      | 3810 ||| READING 6 scrolls of identify.
  3810 | D:5      | 3810 ||| IDENTIFYING sapphire potion
  3811 | D:5      | 3811 ||| READING 5 scrolls of identify.
  3811 | D:5      | 3811 ||| IDENTIFYING lumpy amethyst potion
  3812 | D:5      | 3812 ||| READING 4 scrolls of identify.
  3812 | D:5      | 3812 ||| IDENTIFYING sedimented black potion
  3813 | D:5      | 3813 ||| DROPPING potion of brilliance.
  3841 | D:6      | 3841 ||| PLANNING OSSUARY
  3859 | D:6      | Found a staircase to the Ecumenical Temple.
  3866 | D:6      | Reached skill level 6 in Fighting
  3921 | D:6      | 3921 ||| Stepping ~*~*~tactically~*~*~ (stealth).
  3949 | D:6      | 3949 ||| Stepping ~*~*~tactically~*~*~ (stealth).
  3958 | D:6      | 3958 ||| Stepping ~*~*~tactically~*~*~ (stealth).
  3976 | D:6      | Reached XP level 9. HP: 56/56 MP: 9/9
  4053 | D:6      | 4053 ||| Stepping ~*~*~tactically~*~*~ (stealth).
  4058 | D:6      | Reached skill level 9 in Axes
  4528 | D:6      | 4528 ||| RIP OSSUARY
  4595 | D:6      | 4595 ||| PLANNING TEMPLE
  4598 | D:6      | 4598 ||| READING scroll labelled EFENUL GIYW.
  4598 | D:6      | Identified a scroll of acquirement
  4598 | D:6      | 4598 ||| ACQUIRING +14 crystal plate armour of Boredom
                  | {+Inv}
  4598 | D:6      | Acquired the +14 crystal plate armour of Boredom {+Inv}
  4600 | D:6      | 4600 ||| UPGRADING to +14 crystal plate armour of Boredom
                  | {+Inv}.
  4610 | D:6      | 4610 ||| DROPPING +4 ring mail "Loud" {Str-4 Slay+6}.
  4611 | D:6      | 4611 ||| READING scroll labelled TEAPY IQIG.
  4612 | D:6      | 4612 ||| DRINKING 2 fuming puce potions.
  4613 | D:6      | 4613 ||| READING 5 scrolls of identify.
  4613 | D:6      | 4613 ||| IDENTIFYING lumpy grey potion
  4614 | D:6      | 4614 ||| READING 4 scrolls of identify.
  4614 | D:6      | 4614 ||| IDENTIFYING metallic sapphire potion
  4615 | D:6      | 4615 ||| DROPPING potion of berserk rage.
  4646 | Temple   | Entered the Ecumenical Temple
  4647 | Temple   | 4647 ||| PLANNING OKAWARU WORSHIP
  4967 | Temple   | Became a worshipper of Warmaster Okawaru
  4968 | Temple   | 4968 ||| PLANNING D:1-11
  5028 | D:5      | 5028 ||| Stepping randomly (stuck).
  5208 | D:5      | 5208 ||| SHOPLISTING pair of runed boots (262 gold, have
                  | 132).
  5208 | D:5      | 5208 ||| SHOPLISTING potion of heal wounds (175 gold, have
                  | 132).
  5208 | D:5      | 5208 ||| BUYING scroll labelled SYLEWI DURIH (35 gold).
  5208 | D:5      | Bought a scroll labelled SYLEWI DURIH for 35 gold pieces
  5208 | D:5      | 5208 ||| SHOPLISTING sharpened copper wand (140 gold, have
                  | 97).
  5208 | D:5      | 5208 ||| READING scroll labelled SYLEWI DURIH.
  5529 | D:7      | Found Ufianihu's Antique Armour Shoppe.
  5538 | D:7      | 5538 ||| SHOPLISTING pair of gloves (130 gold, have 97).
  5540 | D:7      | Found Hutaypt's Book Emporium.
  5590 | D:7      | Found Sestrur's Assorted Antiques.
  5598 | D:7      | 5598 ||| SHOPLISTING +3 pair of seven-league boots
                  | {Rampage+∞} (1160 gold, have 97).
  5598 | D:7      | 5598 ||| SHOPLISTING broad axe (116 gold, have 97).
  5598 | D:7      | 5598 ||| BUYING golden potion (26 gold).
  5598 | D:7      | Bought a golden potion for 26 gold pieces
  5598 | D:7      | 5598 ||| BUYING scroll labelled XIWOFU OFIQU (29 gold).
  5598 | D:7      | Bought a scroll labelled XIWOFU OFIQU for 29 gold pieces
  5618 | D:7      | Found Zetiffed's Jewellery Emporium.
  5622 | D:7      | 5622 ||| SHOPLISTING amulet of guardian spirit (330 gold,
                  | have 68).
  5622 | D:7      | 5622 ||| SHOPLISTING amulet of reflection (330 gold, have
                  | 68).
  5622 | D:7      | 5622 ||| SHOPLISTING amulet of the acrobat (330 gold, have
                  | 68).
  5622 | D:7      | 5622 ||| SHOPLISTING ring of Salvation {rElec rC- Str+6
                  | Dex+2} (519 gold, have 68).
  5622 | D:7      | 5622 ||| SHOPLISTING ring of fire (275 gold, have 68).
  5622 | D:7      | 5622 ||| SHOPLISTING ring of positive energy (220 gold,
                  | have 68).
  5632 | D:7      | 5632 ||| Stepping ~*~*~tactically~*~*~ (hiding).
  5634 | D:7      | 5634 ||| Stepping ~*~*~tactically~*~*~ (hiding).
  5665 | D:7      | Found a hide-covered altar of Uskayaw.
  5730 | D:7      | Found a shimmering altar of Xom.
  5742 | D:7      | Found Higuq's Jewellery Emporium.
  5756 | D:7      | 5756 ||| SHOPLISTING +4 ring of protection (432 gold, have
                  | 88).
  5756 | D:7      | 5756 ||| SHOPLISTING +5 ring of evasion (432 gold, have
                  | 88).
  5756 | D:7      | 5756 ||| SHOPLISTING ring "Xinaf" {Fire Str+4} (484 gold,
                  | have 88).
  5756 | D:7      | 5756 ||| SHOPLISTING ring of fire (300 gold, have 88).
  5756 | D:7      | 5756 ||| SHOPLISTING ring of see invisible (180 gold, have
                  | 88).
  5805 | D:7      | Found Ocsaloth's Serpentskin Sales.
  5853 | D:7      | 5853 ||| Stepping ~*~*~tactically~*~*~ (hiding).
  5854 | D:7      | 5854 ||| Stepping ~*~*~tactically~*~*~ (hiding).
  6092 | D:7      | 6092 ||| UPGRADING to scarf of repulsion.
  6097 | D:7      | 6097 ||| UPGRADING to +0 pair of boots.
  6102 | D:7      | 6102 ||| READING scroll labelled RAOKHL ECUFAITY.
  6103 | D:7      | 6103 ||| READING scroll labelled XIFEUL YPHE.
  6104 | D:7      | 6104 ||| READING scroll labelled XIWOFU OFIQU.
  6105 | D:7      | 6105 ||| DRINKING 3 cyan potions.
  6106 | D:7      | 6106 ||| READING 4 scrolls of identify.
  6106 | D:7      | 6106 ||| IDENTIFYING golden potion
  6107 | D:7      | 6107 ||| READING 3 scrolls of identify.
  6107 | D:7      | 6107 ||| IDENTIFYING coppery potion
  6108 | D:7      | 6108 ||| DROPPING 2 potions of degeneration.
  6257 | D:8      | Reached skill level 6 in Armour
  6289 | D:8      | 6289 ||| FLEEEEING.
  6290 | D:8      | 6290 ||| FLEEEEING.
  6305 | D:8      | 6305 ||| FLEEEEING.
  6306 | D:8      | 6306 ||| FLEEEEING.
  6307 | D:8      | 6307 ||| FLEEEEING.
  6308 | D:8      | 6308 ||| FLEEEEING.
  6312 | D:8      | 6312 ||| FLEEEEING.
  6313 | D:8      | 6313 ||| FLEEEEING.
  6314 | D:8      | 6314 ||| FLEEEEING.
  6315 | D:8      | 6315 ||| FLEEEEING.
  6321 | D:8      | 6321 ||| FLEEEEING.
  6327 | D:8      | 6327 ||| STAIRDANCE
  6417 | D:8      | 6417 ||| Stepping ~*~*~tactically~*~*~ (stealth).
  6467 | D:8      | Reached * piety under Okawaru
  6510 | D:8      | 6510 ||| Stepping ~*~*~tactically~*~*~ (hiding).
  6511 | D:8      | 6511 ||| Stepping ~*~*~tactically~*~*~ (hiding).
  6518 | D:8      | Reached skill level 1 in Invocations
  6549 | D:8      | Noticed Maurice
  6550 | D:8      | 6550 ||| Stepping ~*~*~tactically~*~*~ (hiding).
  6567 | D:8      | 6567 ||| INVOKING Heroism.
  6579 | D:8      | Killed Maurice
  6580 | D:8      | Reached XP level 10. HP: 37/63 MP: 8/11
  6744 | D:8      | Found a broken altar of Ashenzari.
  6831 | D:8      | 6831 ||| INVOKING Heroism.
  6843 | D:8      | Noticed Grum
  6848 | D:8      | 6848 ||| Stepping ~*~*~tactically~*~*~ (hiding).
  6850 | D:8      | 6850 ||| Stepping ~*~*~tactically~*~*~ (hiding).
  6851 | D:8      | 6851 ||| Stepping ~*~*~tactically~*~*~ (hiding).
  6853 | D:8      | 6853 ||| INVOKING Heroism.
  6858 | D:8      | Killed Grum
  6927 | D:8      | 6927 ||| Stepping ~*~*~tactically~*~*~ (hiding).
  6985 | D:8      | 6985 ||| INVOKING Heroism.
  7006 | D:8      | Found a staircase to the Lair.
  7345 | D:8      | 7345 ||| PLANNING LAIR
  7345 | D:8      | 7345 ||| DROPPING +2 hat.
  7390 | Lair:1   | Entered Level 1 of the Lair of Beasts
  7390 | Lair:1   | Noticed a cane toad
  7391 | Lair:1   | 7391 ||| INVOKING Heroism.
  7398 | Lair:1   | Reached skill level 3 in Invocations
  7400 | Lair:1   | Killed a cane toad
  7406 | Lair:1   | 7406 ||| STAIRDANCE
  7408 | D:8      | 7408 ||| INVOKING Heroism.
  7525 | Lair:1   | Noticed a cane toad
  7526 | Lair:1   | 7526 ||| INVOKING Heroism.
  7531 | Lair:1   | Noticed a black mamba
  7534 | Lair:1   | Reached skill level 9 in Armour
  7537 | Lair:1   | Killed a cane toad
  7577 | Lair:1   | 7577 ||| Stepping ~*~*~tactically~*~*~ (stealth).
  7579 | Lair:1   | 7579 ||| Stepping ~*~*~tactically~*~*~ (stealth).
  7585 | Lair:1   | Reached ** piety under Okawaru
  7592 | Lair:1   | 7592 ||| INVOKING Heroism.
  7595 | Lair:1   | Reached XP level 11. HP: 35/68 MP: 11/14
  7611 | Lair:1   | Reached *** piety under Okawaru
  7624 | Lair:1   | 7624 ||| INVOKING Heroism.
  7857 | Lair:1   | 7857 ||| INVOKING Heroism.
  7899 | Lair:1   | 7899 ||| Stepping ~*~*~tactically~*~*~ (stealth).
  7900 | Lair:1   | 7900 ||| Stepping ~*~*~tactically~*~*~ (stealth).
  7916 | Lair:1   | 7916 ||| INVOKING Heroism.
  7927 | Lair:1   | Reached skill level 9 in Fighting
  7993 | Lair:1   | Reached **** piety under Okawaru
  8058 | Lair:1   | 8058 ||| READING 3 scrolls of brand weapon.
  8058 | Lair:1   | 8058 ||| BRANDING +1 war axe of venom.
  8059 | Lair:1   | 8059 ||| DROPPING +0 war axe of draining.
  8060 | Lair:1   | 8060 ||| READING 2 scrolls of brand weapon.
  8060 | Lair:1   | 8060 ||| BRANDING +1 war axe of electrocution.
  8064 | Lair:1   | 8064 ||| INVOKING Heroism.
  8074 | Lair:1   | Reached skill level 3 in Throwing
  8088 | Lair:1   | 8088 ||| Stepping ~*~*~tactically~*~*~ (water).
  8098 | Lair:1   | Received a gift from Okawaru
  8129 | Lair:1   | 8129 ||| READING scroll of enchant armour.
  8129 | Lair:1   | 8129 ||| ENCHANTING +0 helmet.
  8190 | Lair:1   | Reached XP level 12. HP: 76/76 MP: 14/16
  8330 | Lair:1   | 8330 ||| INVOKING Heroism.
  8379 | Lair:1   | Noticed Amaemon
  8380 | Lair:1   | 8380 ||| INVOKING Heroism.
  8382 | Lair:1   | Reached skill level 6 in Invocations
  8382 | Lair:1   | 8382 ||| Stepping ~*~*~tactically~*~*~ (hiding).
  8383 | Lair:1   | 8383 ||| Stepping ~*~*~tactically~*~*~ (hiding).
  8400 | Lair:1   | Killed Amaemon
  8441 | Lair:1   | 8441 ||| Stepping ~*~*~tactically~*~*~ (stealth).
  8445 | Lair:1   | Reached skill level 12 in Axes
  8620 | Lair:2   | 8620 ||| STAIRDANCE
  8624 | Lair:1   | Reached ***** piety under Okawaru
  8701 | Lair:2   | Received a gift from Okawaru
  8745 | Lair:2   | 8745 ||| Stepping ~*~*~tactically~*~*~ (stealth).
  8871 | Lair:2   | Reached skill level 6 in Shields
  9290 | Lair:2   | 9290 ||| INVOKING Heroism.
  9398 | Lair:2   | 9398 ||| UPGRADING to amulet of the acrobat.
  9423 | Lair:3   | Noticed a seven-headed hydra
  9424 | Lair:3   | 9424 ||| INVOKING Heroism.
  9425 | Lair:3   | 9425 ||| INVOKING Finesse.
  9428 | Lair:3   | 9428 ||| SWAPPING to +0 demon whip of venom.
  9431 | Lair:3   | Killed a seven-headed hydra
  9432 | Lair:3   | 9432 ||| SWAPPING to +1 vampiric war axe.
  9453 | Lair:3   | 9453 ||| Stepping ~*~*~tactically~*~*~ (stealth).
  9501 | Lair:3   | 9501 ||| Stepping ~*~*~tactically~*~*~ (stealth).
  9527 | Lair:3   | Found a staircase to the Snake Pit.
  9535 | Lair:3   | 9535 ||| INVOKING Heroism.
  9551 | Lair:3   | Received a gift from Okawaru
  9552 | Lair:3   | Reached skill level 9 in Invocations
  9710 | Lair:3   | 9710 ||| INVOKING Heroism.
  9738 | Lair:3   | Noticed a four-headed hydra
  9739 | Lair:3   | 9739 ||| INVOKING Finesse.
  9746 | Lair:3   | Reached XP level 13. HP: 82/82 MP: 14/20
  9750 | Lair:3   | 9750 ||| SWAPPING to +0 demon whip of venom.
  9754 | Lair:3   | 9754 ||| INVOKING Heroism.
  9759 | Lair:3   | 9759 ||| SWAPPING to +1 vampiric war axe.
  9834 | Lair:3   | 9834 ||| Stepping ~*~*~tactically~*~*~ (stealth).
  9837 | Lair:3   | 9837 ||| INVOKING Heroism.
  9869 | Lair:3   | 9869 ||| Stepping ~*~*~tactically~*~*~ (stealth).
  9877 | Lair:3   | 9877 ||| Stepping ~*~*~tactically~*~*~ (stealth).
  9878 | Lair:3   | 9878 ||| Stepping ~*~*~tactically~*~*~ (stealth).
  9880 | Lair:3   | 9880 ||| Stepping ~*~*~tactically~*~*~ (stealth).
  9892 | Lair:3   | 9892 ||| INVOKING Heroism.
  9987 | Lair:3   | 9987 ||| INVOKING Heroism.
 10019 | Lair:3   | 10019 ||| READING scroll of enchant armour.
 10019 | Lair:3   | 10019 ||| ENCHANTING +1 helmet.
 10034 | Lair:3   | Found the +16 obsidian axe {drain, demonic, Mesm Drain Fly
                  | SInv}
 10049 | Lair:3   | 10049 ||| SWAPPING to +16 obsidian axe {drain, demonic,
                  | Mesm Drain Fly SInv}.
 10065 | Lair:3   | 10065 ||| INVOKING Heroism.
 10095 | Lair:3   | 10095 ||| INVOKING Finesse.
 10126 | Lair:3   | 10126 ||| INVOKING Heroism.
 10130 | Lair:3   | Reached skill level 12 in Armour
 10249 | Lair:3   | Found a staircase to the Shoals.
 10496 | Lair:3   | 10496 ||| DROPPING ring of flight.
 10548 | Lair:4   | 10548 ||| INVOKING Heroism.
 10553 | Lair:4   | 10553 ||| Stepping ~*~*~tactically~*~*~ (stealth).
 10573 | Lair:4   | 10573 ||| Stepping ~*~*~tactically~*~*~ (stealth).
 10575 | Lair:4   | 10575 ||| Stepping ~*~*~tactically~*~*~ (stealth).
 10576 | Lair:4   | 10576 ||| INVOKING Heroism.
 10581 | Lair:4   | 10581 ||| Stepping ~*~*~tactically~*~*~ (stealth).
 10591 | Lair:4   | 10591 ||| Stepping ~*~*~tactically~*~*~ (stealth).
 10776 | Lair:4   | 10776 ||| FLEEEEING.
 10777 | Lair:4   | 10777 ||| INVOKING Heroism.
 10778 | Lair:4   | 10778 ||| INVOKING Finesse.
 10788 | Lair:4   | Received a gift from Okawaru
 10928 | Lair:4   | 10928 ||| INVOKING Heroism.
 10929 | Lair:4   | 10929 ||| INVOKING Finesse.
 11004 | Lair:4   | 11004 ||| INVOKING Heroism.
 11005 | Lair:4   | 11005 ||| INVOKING Finesse.
 11036 | Lair:4   | Gained mutation: Your large and strong wings let you fly.
                  | [Gargoyle growth]
 11036 | Lair:4   | Reached XP level 14. HP: 90/90 MP: 15/21
 11323 | Lair:4   | 11323 ||| Stepping ~*~*~tactically~*~*~ (hiding).
 11702 | Lair:5   | Entered Level 5 of the Lair of Beasts
 11706 | Lair:5   | 11706 ||| Stepping ~*~*~tactically~*~*~ (stealth).
 11707 | Lair:5   | 11707 ||| Stepping ~*~*~tactically~*~*~ (stealth).
 11708 | Lair:5   | 11708 ||| Stepping ~*~*~tactically~*~*~ (stealth).
 11736 | Lair:5   | 11736 ||| STAIRDANCE
 11797 | Lair:5   | 11797 ||| Stepping ~*~*~tactically~*~*~ (stealth).
 11799 | Lair:5   | 11799 ||| Stepping ~*~*~tactically~*~*~ (stealth).
 11818 | Lair:5   | Reached skill level 15 in Axes
 11819 | Lair:5   | Identified the +2 broad axe "Uzisieg" {flame, rN+ Str-2
                  | Dex+4} (Okawaru gifted it to you on level 5 of the Lair of
                  | Beasts)
 11819 | Lair:5   | Received a gift from Okawaru
 11824 | Lair:5   | 11824 ||| DROPPING +0 demon whip of venom.
 11825 | Lair:5   | 11825 ||| DROPPING +10 flail of the Snake Pit {protect,
                  | rElec Dex+4 Stlth+}.
 11836 | Lair:5   | 11836 ||| INVOKING Heroism.
 11837 | Lair:5   | 11837 ||| INVOKING Finesse.
 11910 | Lair:5   | 11910 ||| FLEEEEING.
 11911 | Lair:5   | 11911 ||| INVOKING Heroism.
 11912 | Lair:5   | 11912 ||| Stepping ~*~*~tactically~*~*~ (stealth).
 11948 | Lair:5   | 11948 ||| Stepping ~*~*~tactically~*~*~ (stealth).
 12136 | Lair:5   | 12136 ||| Stepping ~*~*~tactically~*~*~ (stealth).
 12286 | Lair:5   | Found a staircase to the Slime Pits.
 12345 | Lair:5   | Identified the +11 chain mail "Pilesch" {rElec rC+ Str+3
                  | Dex+2}
 12417 | Lair:5   | 12417 ||| INVOKING Heroism.
 12420 | Lair:5   | 12420 ||| INVOKING Finesse.
 12475 | Lair:5   | Reached skill level 12 in Fighting
 12566 | Lair:5   | Noticed a dire elephant
 12567 | Lair:5   | Noticed a dire elephant
 12571 | Lair:5   | 12571 ||| INVOKING Heroism.
 12572 | Lair:5   | 12572 ||| INVOKING Finesse.
 12845 | Lair:5   | 12845 ||| Stepping ~*~*~tactically~*~*~ (hiding).
 12918 | Lair:5   | 12918 ||| INVOKING Heroism.
 12919 | Lair:5   | 12919 ||| INVOKING Finesse.
 12925 | Lair:5   | Received a gift from Okawaru
 13032 | Lair:5   | 13032 ||| INVOKING Heroism.
 13043 | Lair:5   | Killed a dire elephant
 13043 | Lair:5   | Received a gift from Okawaru
 13046 | Lair:5   | Killed a dire elephant
 13047 | Lair:5   | Reached XP level 15. HP: 96/96 MP: 22/22
 13194 | Lair:5   | 13194 ||| INVOKING Heroism.
 13195 | Lair:5   | 13195 ||| INVOKING Finesse.
 13308 | Lair:5   | 13308 ||| PLANNING D:1-11
 13308 | Lair:5   | 13308 ||| UPGRADING to amulet of faith.
 13424 | D:9      | 13424 ||| Stepping ~*~*~tactically~*~*~ (hiding).
 13427 | D:9      | 13427 ||| Stepping ~*~*~tactically~*~*~ (hiding).
 13430 | D:9      | 13430 ||| Stepping ~*~*~tactically~*~*~ (hiding).
 13514 | D:9      | Noticed Joseph
 13535 | D:9      | Killed Joseph
 13553 | D:9      | 13553 ||| Stepping ~*~*~tactically~*~*~ (hiding).
 13914 | D:9      | Noticed Maggie
 13919 | D:9      | Killed Maggie
 14345 | D:9      | 14345 ||| UPGRADING to +2 pair of boots.
 14355 | D:9      | 14355 ||| DROPPING +0 pair of boots.
 14356 | D:9      | 14356 ||| READING 6 scrolls of identify.
 14356 | D:9      | 14356 ||| IDENTIFYING ruby potion
 14357 | D:9      | 14357 ||| READING 5 scrolls of identify.
 14357 | D:9      | 14357 ||| IDENTIFYING metallic clear potion
 14377 | D:10     | Entered Level 10 of the Dungeon
 14530 | D:10     | Found a basalt altar of Yredelemnul.
 14620 | D:10     | Found a flagged portal.
 14664 | D:10     | Found an ancient bone altar of Kikubaaqudgha.
 14666 | D:10     | Found a blossoming altar of Fedhas.
 14799 | D:10     | Found a portal to a secret trove of treasure.
 15135 | D:11     | Identified the +2 helmet of Crawling {Int+2} (Okawaru
                  | gifted it to you on level 11 of the Dungeon)
 15135 | D:11     | Received a gift from Okawaru
 15184 | D:11     | 15184 ||| Stepping ~*~*~tactically~*~*~ (hiding).
 15195 | D:11     | 15195 ||| Stepping ~*~*~tactically~*~*~ (stealth).
 15210 | D:11     | 15210 ||| Stepping ~*~*~tactically~*~*~ (stealth).
 15212 | D:11     | 15212 ||| INVOKING Heroism.
 15235 | D:11     | 15235 ||| Stepping ~*~*~tactically~*~*~ (stealth).
 15258 | D:11     | Got the +9 broad axe of Wuelibegh {freeze, Int+3}
 15349 | D:11     | 15349 ||| DRINKING 6 potions of curing.
 15349 | D:11     | 15349 ||| (to cure confusion)
 15640 | D:11     | 15640 ||| INVOKING Heroism.
 15839 | D:11     | 15839 ||| PLANNING D
 15839 | D:11     | 15839 ||| DROPPING +2 helmet of Crawling {Int+2}.
 15840 | D:11     | 15840 ||| UPGRADING to +0 pair of gloves.
 15845 | D:11     | 15845 ||| READING scroll of enchant armour.
 15845 | D:11     | 15845 ||| ENCHANTING +0 pair of gloves.
 15884 | D:12     | Found a transporter.
 15886 | D:12     | Noticed Plog's ghost (journeyman DgVM)
 16027 | D:12     | Found a transporter.
 16237 | D:12     | Noticed Josephine
 16243 | D:12     | Killed Josephine
 16248 | D:12     | 16248 ||| Stepping ~*~*~tactically~*~*~ (stealth).
 16254 | D:12     | Found a staircase to the Orcish Mines.
 16754 | D:13     | 16754 ||| PLANNING BAZAAR
 16755 | D:13     | Found a flickering gateway to a bazaar.
 16767 | Bazaar   | Entered a bazaar
 16788 | Bazaar   | Found Iranys's Armour Shoppe.
 16788 | Bazaar   | Found Ixzuloy's Weapon Emporium.
 16799 | Bazaar   | 16799 ||| BUYING +2 pair of gloves (148 gold).
 16799 | Bazaar   | Bought a +2 pair of gloves for 148 gold pieces
 16810 | Bazaar   | Found Willey's Jewellery Shoppe.
 16815 | Bazaar   | 16815 ||| BUYING +4 ring of protection (432 gold).
 16815 | Bazaar   | Bought a +4 ring of protection for 432 gold pieces
 16815 | Bazaar   | 16815 ||| BUYING ring of ice (300 gold).
 16815 | Bazaar   | Bought a ring of ice for 300 gold pieces
 16826 | Bazaar   | Found Lillesum's Book Emporium.
 16854 | Bazaar   | 16854 ||| UPGRADING to +2 pair of gloves.
 16864 | Bazaar   | 16864 ||| DROPPING +1 pair of gloves.
 16865 | Bazaar   | 16865 ||| UPGRADING to +4 ring of protection.
 16869 | D:13     | 16869 ||| PLANNING D
 16903 | D:13     | 16903 ||| INVOKING Heroism.
 16922 | D:13     | Reached skill level 15 in Armour
 16940 | D:13     | 16940 ||| Stepping ~*~*~tactically~*~*~ (stealth).
 16955 | D:13     | Noticed Lodul
 16965 | D:13     | Killed Lodul
 16996 | D:13     | 16996 ||| Stepping ~*~*~tactically~*~*~ (stealth).
 16997 | D:13     | 16997 ||| INVOKING Heroism.
 17089 | D:13     | 17089 ||| Stepping ~*~*~tactically~*~*~ (hiding).
 17484 | D:13     | 17484 ||| READING 2 scrolls labelled VILUREATAF.
 17499 | D:14     | 17499 ||| Stepping ~*~*~tactically~*~*~ (stealth).
 17514 | D:14     | 17514 ||| INVOKING Heroism.
 17516 | D:14     | Received a gift from Okawaru
 17608 | D:14     | Noticed Roxanne
 17609 | D:14     | 17609 ||| INVOKING Heroism.
 17610 | D:14     | 17610 ||| INVOKING Finesse.
 17633 | D:14     | Killed Roxanne
 17633 | D:14     | Received a gift from Okawaru
 17661 | D:14     | 17661 ||| DROPPING +1 vampiric war axe.
 17682 | D:14     | Reached skill level 3 in Dodging
 17711 | D:14     | 17711 ||| Stepping ~*~*~tactically~*~*~ (stealth).
 17712 | D:14     | 17712 ||| Stepping ~*~*~tactically~*~*~ (stealth).
 17732 | D:14     | Reached XP level 16. HP: 84/103 MP: 23/23
 17854 | D:14     | 17854 ||| INVOKING Heroism.
 17855 | D:14     | 17855 ||| INVOKING Finesse.
 17935 | D:14     | 17935 ||| Stepping ~*~*~tactically~*~*~ (hiding).
 17966 | D:14     | Found Esa Seso's Book Emporium.
 18063 | D:14     | Found a gate to the Vaults.
 18080 | D:14     | Received a gift from Okawaru
 18259 | D:15     | Entered Level 15 of the Dungeon
 18278 | D:15     | 18278 ||| INVOKING Heroism.
 18349 | D:15     | 18349 ||| Stepping ~*~*~tactically~*~*~ (hiding).
 18350 | D:15     | 18350 ||| Stepping ~*~*~tactically~*~*~ (hiding).
 18357 | D:15     | 18357 ||| Stepping ~*~*~tactically~*~*~ (stealth).
 18602 | D:15     | 18602 ||| Stepping ~*~*~tactically~*~*~ (stealth).
 18604 | D:15     | 18604 ||| INVOKING Heroism.
 18615 | D:15     | Received a gift from Okawaru
 18717 | D:15     | 18717 ||| INVOKING Heroism.
 18718 | D:15     | 18718 ||| INVOKING Finesse.
 18834 | D:15     | 18834 ||| Stepping ~*~*~tactically~*~*~ (hiding).
 18923 | D:15     | Reached skill level 18 in Axes
 18974 | D:15     | 18974 ||| INVOKING Heroism.
 18975 | D:15     | 18975 ||| INVOKING Finesse.
 19057 | D:15     | 19057 ||| Stepping ~*~*~tactically~*~*~ (hiding).
 19058 | D:15     | 19058 ||| Stepping ~*~*~tactically~*~*~ (hiding).
 19100 | D:15     | Found a staircase to the Depths.
 19101 | D:15     | 19101 ||| INVOKING Heroism.
 19431 | D:15     | 19431 ||| UPGRADING to +0 buckler of protection.
 19441 | D:15     | 19441 ||| PLANNING ORC
 19441 | D:15     | 19441 ||| DROPPING +0 buckler.
 19442 | D:15     | 19442 ||| READING 8 scrolls of identify.
 19442 | D:15     | 19442 ||| IDENTIFYING brown potion
 19443 | D:15     | 19443 ||| DRINKING potion of experience.
 19443 | D:15     | Reached XP level 17. HP: 108/108 MP: 24/24
 19498 | Orc:1    | Entered Level 1 of the Orcish Mines
 19662 | Orc:2    | Entered Level 2 of the Orcish Mines
 19662 | Orc:2    | Found a staircase to the Elven Halls.
 19671 | Orc:1    | Noticed Harold
 19678 | Orc:1    | Killed Harold
 19679 | Orc:1    | Reached skill level 9 in Shields
 19914 | Orc:1    | 19914 ||| INVOKING Heroism.
 19990 | Orc:1    | Noticed Snorg
 20000 | Orc:1    | Killed Snorg
 20370 | Orc:2    | Received a gift from Okawaru
 20459 | Orc:2    | Found Haxuytu's Weapon Boutique.
 20464 | Orc:2    | Found Hysh's Assorted Antiques.
 20467 | Orc:2    | Found Tyach's General Store.
 20483 | Orc:2    | 20483 ||| BUYING +4 consecrated labrys {holy, Valiant
                  | Fragile Fly SInv} (453 gold).
 20483 | Orc:2    | Bought the +4 consecrated labrys {holy, Valiant Fragile Fly
                  | SInv} for 453 gold pieces
 20483 | Orc:2    | Found the +4 consecrated labrys {holy, Valiant Fragile Fly
                  | SInv}
 20518 | Orc:2    | Found Geasih's Antique Weapon Shop.
 20525 | Orc:2    | 20525 ||| BUYING potion of mutation (96 gold).
 20525 | Orc:2    | Bought a potion of mutation for 96 gold pieces
 20585 | Orc:2    | 20585 ||| BUYING worn wooden wand (104 gold).
 20585 | Orc:2    | Bought a worn wooden wand for 104 gold pieces
 20716 | Orc:2    | 20716 ||| PLANNING SHOALS:1-3
 20716 | Orc:2    | 20716 ||| DROPPING wand of charming (6).
 20871 | Shoals:1 | Entered Level 1 of the Shoals
 20951 | Shoals:1 | Received a gift from Okawaru
 21597 | Shoals:2 | Found a transporter.
 21599 | Shoals:2 | 21599 ||| INVOKING Heroism.
 21600 | Shoals:2 | 21600 ||| INVOKING Finesse.
 21607 | Shoals:2 | 21607 ||| Stepping ~*~*~tactically~*~*~ (hiding).
 21644 | Shoals:2 | Found a transporter.
 21727 | Shoals:2 | Reached XP level 18. HP: 116/116 MP: 25/25
 21727 | Shoals:2 | 21727 ||| DROPPING +2 broad axe "Uzisieg" {flame, rN+ Str-2
                  | Dex+4}.
 21893 | Shoals:2 | Found a transporter.
 21931 | Shoals:2 | 21931 ||| INVOKING Heroism.
 21932 | Shoals:2 | 21932 ||| INVOKING Finesse.
 22001 | Shoals:2 | 22001 ||| INVOKING Heroism.
 22025 | Shoals:2 | Noticed Aizul
 22026 | Shoals:2 | 22026 ||| INVOKING Finesse.
 22047 | Shoals:2 | Killed Aizul
 22096 | Shoals:2 | 22096 ||| INVOKING Heroism.
 22102 | Shoals:2 | Reached skill level 6 in Throwing
 22321 | Shoals:2 | Found a transporter.
 22324 | Shoals:2 | Found a transporter.
 22502 | Shoals:2 | 22502 ||| INVOKING Heroism.
 22600 | Shoals:2 | 22600 ||| DROPPING +1 cloak of stealth.
 22601 | Shoals:2 | 22601 ||| DROPPING +2 pair of gloves.
 22612 | Shoals:3 | Found Wutef's Antique Armour Emporium.
 22613 | Shoals:3 | 22613 ||| Stepping ~*~*~tactically~*~*~ (hiding).
 22614 | Shoals:3 | 22614 ||| Stepping ~*~*~tactically~*~*~ (hiding).
 22728 | Shoals:3 | Noticed Jorgrun
 22742 | Shoals:3 | Killed Jorgrun
 22802 | Shoals:3 | 22802 ||| Stepping ~*~*~tactically~*~*~ (hiding).
 22809 | Shoals:3 | 22809 ||| Stepping ~*~*~tactically~*~*~ (hiding).
 22977 | Shoals:3 | 22977 ||| Stepping ~*~*~tactically~*~*~ (hiding).
 22978 | Shoals:3 | 22978 ||| Stepping ~*~*~tactically~*~*~ (hiding).
 22980 | Shoals:3 | 22980 ||| Stepping ~*~*~tactically~*~*~ (hiding).
 23059 | Shoals:3 | 23059 ||| INVOKING Heroism.
 23060 | Shoals:3 | 23060 ||| INVOKING Finesse.
 23412 | Shoals:3 | Found a transporter.
 23421 | Shoals:3 | Found a transporter.
 23426 | Shoals:3 | Found a bloodstained altar of Trog.
 23438 | Shoals:3 | Noticed Liimbo's ghost (adept FoWn)
 23521 | Shoals:3 | 23521 ||| PLANNING SNAKE:1-3
 23521 | Shoals:3 | 23521 ||| DROPPING +1 helmet.
 23522 | Shoals:3 | 23522 ||| DROPPING amulet of the acrobat.
 23523 | Shoals:3 | 23523 ||| DROPPING amulet of magic regeneration.
 23628 | Snake:1  | Entered Level 1 of the Snake Pit
 23634 | Snake:1  | Reached skill level 15 in Fighting
 23671 | Snake:1  | 23671 ||| Stepping ~*~*~tactically~*~*~ (hiding).
 23672 | Snake:1  | 23672 ||| Stepping ~*~*~tactically~*~*~ (hiding).
 23675 | Snake:1  | 23675 ||| Stepping ~*~*~tactically~*~*~ (hiding).
 24146 | Snake:1  | 24146 ||| Stepping ~*~*~tactically~*~*~ (hiding).
 24220 | Snake:1  | Received a gift from Okawaru
 24342 | Snake:1  | 24342 ||| Stepping ~*~*~tactically~*~*~ (stealth).
 24343 | Snake:1  | 24343 ||| Stepping ~*~*~tactically~*~*~ (hiding).
 24350 | Snake:1  | 24350 ||| Stepping ~*~*~tactically~*~*~ (hiding).
 24351 | Snake:1  | 24351 ||| Stepping ~*~*~tactically~*~*~ (hiding).
 24358 | Snake:1  | 24358 ||| Stepping ~*~*~tactically~*~*~ (hiding).
 24360 | Snake:1  | 24360 ||| Stepping ~*~*~tactically~*~*~ (hiding).
 24364 | Snake:1  | 24364 ||| Stepping ~*~*~tactically~*~*~ (hiding).
 24365 | Snake:1  | 24365 ||| Stepping ~*~*~tactically~*~*~ (hiding).
 24373 | Snake:1  | 24373 ||| Stepping ~*~*~tactically~*~*~ (hiding).
 24405 | Snake:1  | Reached skill level 18 in Armour
 24510 | Snake:1  | 24510 ||| INVOKING Heroism.
 24524 | Snake:1  | Received a gift from Okawaru
 24839 | Snake:2  | Found Duaphell's Assorted Antiques.
 24839 | Snake:2  | Found Mazyanai's Antique Weapon Boutique.
 25007 | Snake:2  | Received a gift from Okawaru
 25025 | Snake:2  | 25025 ||| Stepping ~*~*~tactically~*~*~ (stealth).
 25033 | Snake:2  | 25033 ||| Stepping ~*~*~tactically~*~*~ (stealth).
 25034 | Snake:2  | 25034 ||| Stepping ~*~*~tactically~*~*~ (stealth).
 25037 | Snake:2  | 25037 ||| Stepping ~*~*~tactically~*~*~ (stealth).
 25038 | Snake:2  | 25038 ||| Stepping ~*~*~tactically~*~*~ (stealth).
 25066 | Snake:2  | 25066 ||| INVOKING Heroism.
 25226 | Snake:2  | 25226 ||| INVOKING Heroism.
 25307 | Snake:2  | 25307 ||| Stepping ~*~*~tactically~*~*~ (hiding).
 25977 | Snake:2  | 25977 ||| UPGRADING to +0 kite shield.
 25987 | Snake:2  | 25987 ||| DROPPING +0 buckler of protection.
 26048 | Snake:3  | 26048 ||| INVOKING Heroism.
 26111 | Snake:3  | 26111 ||| INVOKING Heroism.
 26234 | Snake:3  | 26234 ||| Stepping ~*~*~tactically~*~*~ (hiding).
 26243 | Snake:3  | 26243 ||| INVOKING Heroism.
 26440 | Snake:3  | 26440 ||| INVOKING Heroism.
 26449 | Snake:3  | Reached XP level 19. HP: 117/125 MP: 24/26
 26473 | Snake:3  | 26473 ||| Stepping ~*~*~tactically~*~*~ (hiding).
 26608 | Snake:3  | 26608 ||| INVOKING Heroism.
 26615 | Snake:3  | Reached skill level 12 in Shields
 26635 | Snake:3  | 26635 ||| INVOKING Heroism.
 26887 | Snake:3  | Received a gift from Okawaru
 26919 | Snake:3  | Found a runed translucent door.
 26983 | Snake:3  | 26983 ||| INVOKING Heroism.
 27567 | Snake:3  | 27567 ||| PLANNING SHOALS:4
 27591 | Snake:3  | 27591 ||| PLANNING SNAKE:1-3
 27617 | Snake:3  | 27617 ||| PLANNING SHOALS:4
 27674 | Snake:3  | 27674 ||| PLANNING SNAKE:1-3
 27733 | Snake:3  | 27733 ||| PLANNING SHOALS:4
 27777 | Snake:3  | 27777 ||| PLANNING SNAKE:1-3
 27824 | Snake:3  | 27824 ||| PLANNING SHOALS:4
 27857 | Snake:3  | 27857 ||| PLANNING SNAKE:1-3
 27892 | Snake:3  | 27892 ||| PLANNING SHOALS:4
 27950 | Snake:3  | 27950 ||| PLANNING SNAKE:1-3
 28010 | Snake:3  | 28010 ||| PLANNING SHOALS:4
 28052 | Snake:3  | 28052 ||| PLANNING SNAKE:1-3
 28096 | Snake:3  | 28096 ||| PLANNING SHOALS:4
 28142 | Snake:3  | 28142 ||| PLANNING SNAKE:1-3
 28189 | Snake:3  | 28189 ||| Stepping randomly (stuck).
 28190 | Snake:3  | 28190 ||| PLANNING SHOALS:4
 28372 | Shoals:4 | Entered Level 4 of the Shoals
 28373 | Shoals:4 | 28373 ||| PLANNING BAZAAR
 28373 | Shoals:4 | 28373 ||| Stepping randomly (stuck).
 28374 | Shoals:4 | 28374 ||| Stepping randomly (stuck).
 28379 | Shoals:4 | 28379 ||| INVOKING Heroism.
 28379 | Shoals:4 | Noticed Ilsuiw
 28380 | Shoals:4 | 28380 ||| INVOKING Finesse.
 28382 | Shoals:4 | Found Xonacul's Antique Armour Shop.
 28408 | Shoals:4 | Received a gift from Okawaru
 28426 | Shoals:4 | Killed Ilsuiw
 28586 | Shoals:4 | 28586 ||| Stepping randomly (stuck).
 28588 | Shoals:4 | 28588 ||| Stepping randomly (stuck).
 28589 | Shoals:4 | 28589 ||| Stepping randomly (stuck).
 28590 | Shoals:4 | 28590 ||| Stepping randomly (stuck).
 28591 | Shoals:4 | 28591 ||| Stepping randomly (stuck).
 28592 | Shoals:4 | 28592 ||| Stepping randomly (stuck).
 28593 | Shoals:4 | 28593 ||| Stepping randomly (stuck).
 28594 | Shoals:4 | 28594 ||| Stepping randomly (stuck).
 28595 | Shoals:4 | 28595 ||| Stepping randomly (stuck).
 28596 | Shoals:4 | 28596 ||| Stepping randomly (stuck).
 28597 | Shoals:4 | 28597 ||| Stepping randomly (stuck).
 28598 | Shoals:4 | 28598 ||| Stepping randomly (stuck).
 28599 | Shoals:4 | 28599 ||| Stepping randomly (stuck).
 28600 | Shoals:4 | 28600 ||| Stepping randomly (stuck).
 28601 | Shoals:4 | 28601 ||| Stepping randomly (stuck).
 28602 | Shoals:4 | 28602 ||| Stepping randomly (stuck).
 28603 | Shoals:4 | 28603 ||| Stepping randomly (stuck).
 28604 | Shoals:4 | 28604 ||| Stepping randomly (stuck).
 28605 | Shoals:4 | 28605 ||| Stepping randomly (stuck).
 28606 | Shoals:4 | 28606 ||| Stepping randomly (stuck).
 28607 | Shoals:4 | 28607 ||| Stepping randomly (stuck).
 28608 | Shoals:4 | 28608 ||| Stepping randomly (stuck).
 28609 | Shoals:4 | 28609 ||| Stepping randomly (stuck).
 28610 | Shoals:4 | 28610 ||| Stepping randomly (stuck).
 28611 | Shoals:4 | 28611 ||| Stepping randomly (stuck).
 28612 | Shoals:4 | 28612 ||| Stepping randomly (stuck).
 28613 | Shoals:4 | 28613 ||| Stepping randomly (stuck).
 28614 | Shoals:4 | 28614 ||| Stepping randomly (stuck).
 28615 | Shoals:4 | 28615 ||| Stepping randomly (stuck).
 28616 | Shoals:4 | 28616 ||| Stepping randomly (stuck).
 28617 | Shoals:4 | 28617 ||| Stepping randomly (stuck).
 28618 | Shoals:4 | 28618 ||| Stepping randomly (stuck).
 28619 | Shoals:4 | 28619 ||| Stepping randomly (stuck).
 28620 | Shoals:4 | 28620 ||| Stepping randomly (stuck).
 28621 | Shoals:4 | 28621 ||| Stepping randomly (stuck).
 28622 | Shoals:4 | 28622 ||| Stepping randomly (stuck).
 28623 | Shoals:4 | 28623 ||| Stepping randomly (stuck).
 28624 | Shoals:4 | 28624 ||| Stepping randomly (stuck).
 28625 | Shoals:4 | 28625 ||| Stepping randomly (stuck).
 28626 | Shoals:4 | 28626 ||| Stepping randomly (stuck).
 28627 | Shoals:4 | 28627 ||| Stepping randomly (stuck).
 28628 | Shoals:4 | 28628 ||| Stepping randomly (stuck).
 28629 | Shoals:4 | 28629 ||| Stepping randomly (stuck).
 28630 | Shoals:4 | 28630 ||| Stepping randomly (stuck).
 28631 | Shoals:4 | 28631 ||| Stepping randomly (stuck).
 28632 | Shoals:4 | 28632 ||| Stepping randomly (stuck).
 28633 | Shoals:4 | 28633 ||| Stepping randomly (stuck).
 28634 | Shoals:4 | 28634 ||| Stepping randomly (stuck).
 28635 | Shoals:4 | 28635 ||| Stepping randomly (stuck).
 28636 | Shoals:4 | 28636 ||| READING 5 scrolls of teleportation.
 28645 | Shoals:4 | 28645 ||| READING 4 scrolls of teleportation.
 28648 | Shoals:4 | 28648 ||| INVOKING Heroism.
 28663 | Shoals:4 | 28663 ||| INVOKING Finesse.
 28678 | Shoals:4 | Received a gift from Okawaru
 28727 | Shoals:4 | 28727 ||| READING 3 scrolls of teleportation.
 28737 | Shoals:4 | 28737 ||| READING 2 scrolls of teleportation.
 28740 | Shoals:4 | 28740 ||| READING scroll of teleportation.
 28748 | Shoals:4 | 28748 ||| Stepping randomly (stuck).
 28749 | Shoals:4 | 28749 ||| Stepping randomly (stuck).
 28750 | Shoals:4 | 28750 ||| Stepping randomly (stuck).
 28751 | Shoals:4 | 28751 ||| Stepping randomly (stuck).
 28752 | Shoals:4 | 28752 ||| Stepping randomly (stuck).
 28753 | Shoals:4 | 28753 ||| Stepping randomly (stuck).
 28754 | Shoals:4 | 28754 ||| Stepping randomly (stuck).
 28755 | Shoals:4 | 28755 ||| Stepping randomly (stuck).
 28756 | Shoals:4 | 28756 ||| Stepping randomly (stuck).
 28757 | Shoals:4 | 28757 ||| Stepping randomly (stuck).
 28758 | Shoals:4 | 28758 ||| Stepping randomly (stuck).
 28759 | Shoals:4 | 28759 ||| Stepping randomly (stuck).
 28760 | Shoals:4 | 28760 ||| Stepping randomly (stuck).
 28761 | Shoals:4 | 28761 ||| Stepping randomly (stuck).
 28762 | Shoals:4 | 28762 ||| Stepping randomly (stuck).
 28763 | Shoals:4 | 28763 ||| Stepping randomly (stuck).
 28764 | Shoals:4 | 28764 ||| Stepping randomly (stuck).
 28765 | Shoals:4 | 28765 ||| Stepping randomly (stuck).
 28766 | Shoals:4 | 28766 ||| Stepping randomly (stuck).
 28767 | Shoals:4 | 28767 ||| Stepping randomly (stuck).
 28768 | Shoals:4 | 28768 ||| Stepping randomly (stuck).
 28769 | Shoals:4 | 28769 ||| Stepping randomly (stuck).
 28770 | Shoals:4 | 28770 ||| Stepping randomly (stuck).
 28771 | Shoals:4 | 28771 ||| Stepping randomly (stuck).
 28772 | Shoals:4 | 28772 ||| Stepping randomly (stuck).
 28773 | Shoals:4 | 28773 ||| Stepping randomly (stuck).
 28774 | Shoals:4 | 28774 ||| Stepping randomly (stuck).
 28775 | Shoals:4 | 28775 ||| Stepping randomly (stuck).
 28776 | Shoals:4 | 28776 ||| Stepping randomly (stuck).
 28777 | Shoals:4 | 28777 ||| Stepping randomly (stuck).
 28778 | Shoals:4 | 28778 ||| Stepping randomly (stuck).
 28779 | Shoals:4 | 28779 ||| Stepping randomly (stuck).
 28780 | Shoals:4 | 28780 ||| Stepping randomly (stuck).
 28781 | Shoals:4 | 28781 ||| Stepping randomly (stuck).
 28782 | Shoals:4 | 28782 ||| Stepping randomly (stuck).
 28783 | Shoals:4 | 28783 ||| Stepping randomly (stuck).
 28784 | Shoals:4 | 28784 ||| Stepping randomly (stuck).
 28785 | Shoals:4 | 28785 ||| Stepping randomly (stuck).
 28786 | Shoals:4 | 28786 ||| Stepping randomly (stuck).
 28787 | Shoals:4 | 28787 ||| Stepping randomly (stuck).
 28788 | Shoals:4 | 28788 ||| Stepping randomly (stuck).
 28789 | Shoals:4 | 28789 ||| Stepping randomly (stuck).
 28790 | Shoals:4 | 28790 ||| Stepping randomly (stuck).
 28791 | Shoals:4 | 28791 ||| Stepping randomly (stuck).
 28792 | Shoals:4 | 28792 ||| Stepping randomly (stuck).
 28793 | Shoals:4 | 28793 ||| Stepping randomly (stuck).
 28794 | Shoals:4 | 28794 ||| Stepping randomly (stuck).
 28795 | Shoals:4 | 28795 ||| Stepping randomly (stuck).
 28796 | Shoals:4 | 28796 ||| Stepping randomly (stuck).
 28797 | Shoals:4 | 28797 ||| Stepping randomly (stuck).
 28798 | Shoals:4 | 28798 ||| Stepping randomly (stuck).
 28799 | Shoals:4 | 28799 ||| Stepping randomly (stuck).
 28800 | Shoals:4 | 28800 ||| Stepping randomly (stuck).
 28801 | Shoals:4 | 28801 ||| Stepping randomly (stuck).
 28802 | Shoals:4 | 28802 ||| Stepping randomly (stuck).
 28803 | Shoals:4 | 28803 ||| Stepping randomly (stuck).
 28804 | Shoals:4 | 28804 ||| Stepping randomly (stuck).
 28805 | Shoals:4 | 28805 ||| Stepping randomly (stuck).
 28806 | Shoals:4 | 28806 ||| Stepping randomly (stuck).
 28807 | Shoals:4 | 28807 ||| Stepping randomly (stuck).
 28808 | Shoals:4 | 28808 ||| Stepping randomly (stuck).
 28809 | Shoals:4 | 28809 ||| Stepping randomly (stuck).
 28810 | Shoals:4 | 28810 ||| Stepping randomly (stuck).
 28811 | Shoals:4 | 28811 ||| Stepping randomly (stuck).
 28812 | Shoals:4 | 28812 ||| Stepping randomly (stuck).
 28813 | Shoals:4 | 28813 ||| Stepping randomly (stuck).
 28814 | Shoals:4 | 28814 ||| Stepping randomly (stuck).
 28815 | Shoals:4 | 28815 ||| Stepping randomly (stuck).
 28816 | Shoals:4 | 28816 ||| Stepping randomly (stuck).
 28817 | Shoals:4 | 28817 ||| Stepping randomly (stuck).
 28818 | Shoals:4 | 28818 ||| Stepping randomly (stuck).
 28819 | Shoals:4 | 28819 ||| Stepping randomly (stuck).
 28820 | Shoals:4 | 28820 ||| Stepping randomly (stuck).
 28821 | Shoals:4 | 28821 ||| Stepping randomly (stuck).
 28822 | Shoals:4 | 28822 ||| Stepping randomly (stuck).
 28823 | Shoals:4 | 28823 ||| Stepping randomly (stuck).
 28824 | Shoals:4 | 28824 ||| Stepping randomly (stuck).
 28825 | Shoals:4 | 28825 ||| Stepping randomly (stuck).
 28826 | Shoals:4 | 28826 ||| Stepping randomly (stuck).
 28827 | Shoals:4 | 28827 ||| Stepping randomly (stuck).
 28828 | Shoals:4 | 28828 ||| Stepping randomly (stuck).
 28829 | Shoals:4 | 28829 ||| Stepping randomly (stuck).
 28830 | Shoals:4 | 28830 ||| Stepping randomly (stuck).
 28831 | Shoals:4 | 28831 ||| Stepping randomly (stuck).
 28832 | Shoals:4 | 28832 ||| Stepping randomly (stuck).
 28837 | Shoals:4 | 28837 ||| Stepping randomly (stuck).
 28838 | Shoals:4 | 28838 ||| Stepping randomly (stuck).
 28839 | Shoals:4 | 28839 ||| Stepping randomly (stuck).
 28840 | Shoals:4 | 28840 ||| Stepping randomly (stuck).
 28841 | Shoals:4 | 28841 ||| Stepping randomly (stuck).
 28842 | Shoals:4 | 28842 ||| Stepping randomly (stuck).
 28843 | Shoals:4 | 28843 ||| Stepping randomly (stuck).
 28844 | Shoals:4 | 28844 ||| Stepping randomly (stuck).
 28845 | Shoals:4 | 28845 ||| Stepping randomly (stuck).
 28846 | Shoals:4 | 28846 ||| Stepping randomly (stuck).
 28847 | Shoals:4 | 28847 ||| Stepping randomly (stuck).
 28848 | Shoals:4 | 28848 ||| Stepping randomly (stuck).
 28849 | Shoals:4 | 28849 ||| Stepping randomly (stuck).
 28850 | Shoals:4 | 28850 ||| Stepping randomly (stuck).
 28851 | Shoals:4 | 28851 ||| Stepping randomly (stuck).
 28852 | Shoals:4 | 28852 ||| Stepping randomly (stuck).
 28853 | Shoals:4 | 28853 ||| Stepping randomly (stuck).
 28854 | Shoals:4 | 28854 ||| Stepping randomly (stuck).
 28855 | Shoals:4 | 28855 ||| Stepping randomly (stuck).
 28856 | Shoals:4 | 28856 ||| Stepping randomly (stuck).
 28857 | Shoals:4 | 28857 ||| Stepping randomly (stuck).
 28858 | Shoals:4 | 28858 ||| Stepping randomly (stuck).
 28859 | Shoals:4 | 28859 ||| Stepping randomly (stuck).
 28860 | Shoals:4 | 28860 ||| Stepping randomly (stuck).
 28861 | Shoals:4 | 28861 ||| Stepping randomly (stuck).
 28862 | Shoals:4 | 28862 ||| Stepping randomly (stuck).
 28863 | Shoals:4 | 28863 ||| Stepping randomly (stuck).
 28864 | Shoals:4 | 28864 ||| Stepping randomly (stuck).
 28865 | Shoals:4 | 28865 ||| Stepping randomly (stuck).
 28866 | Shoals:4 | 28866 ||| Stepping randomly (stuck).
 28867 | Shoals:4 | 28867 ||| Stepping randomly (stuck).
 28868 | Shoals:4 | 28868 ||| Stepping randomly (stuck).
 28869 | Shoals:4 | 28869 ||| Stepping randomly (stuck).
 28870 | Shoals:4 | 28870 ||| Stepping randomly (stuck).
 28871 | Shoals:4 | 28871 ||| Stepping randomly (stuck).
 28872 | Shoals:4 | 28872 ||| Stepping randomly (stuck).
 28873 | Shoals:4 | 28873 ||| Stepping randomly (stuck).
 28874 | Shoals:4 | 28874 ||| Stepping randomly (stuck).
 28875 | Shoals:4 | 28875 ||| Stepping randomly (stuck).
 28876 | Shoals:4 | 28876 ||| Stepping randomly (stuck).
 28877 | Shoals:4 | 28877 ||| Stepping randomly (stuck).
 28878 | Shoals:4 | 28878 ||| Stepping randomly (stuck).
 28879 | Shoals:4 | 28879 ||| Stepping randomly (stuck).
 28880 | Shoals:4 | 28880 ||| Stepping randomly (stuck).
 28881 | Shoals:4 | 28881 ||| Stepping randomly (stuck).
 28882 | Shoals:4 | 28882 ||| Stepping randomly (stuck).
 28883 | Shoals:4 | 28883 ||| Stepping randomly (stuck).
 28884 | Shoals:4 | 28884 ||| Stepping randomly (stuck).
 28885 | Shoals:4 | 28885 ||| Stepping randomly (stuck).
 28886 | Shoals:4 | 28886 ||| Stepping randomly (stuck).
 28887 | Shoals:4 | 28887 ||| Stepping randomly (stuck).
 28888 | Shoals:4 | 28888 ||| Stepping randomly (stuck).
 28889 | Shoals:4 | 28889 ||| Stepping randomly (stuck).
 28890 | Shoals:4 | 28890 ||| Stepping randomly (stuck).
 28891 | Shoals:4 | 28891 ||| Stepping randomly (stuck).
 28892 | Shoals:4 | 28892 ||| Stepping randomly (stuck).
 28893 | Shoals:4 | 28893 ||| Stepping randomly (stuck).
 28894 | Shoals:4 | 28894 ||| Stepping randomly (stuck).
 28895 | Shoals:4 | 28895 ||| Stepping randomly (stuck).
 28896 | Shoals:4 | 28896 ||| Stepping randomly (stuck).
 28897 | Shoals:4 | 28897 ||| Stepping randomly (stuck).
 28898 | Shoals:4 | 28898 ||| Stepping randomly (stuck).
 28899 | Shoals:4 | 28899 ||| Stepping randomly (stuck).
 28900 | Shoals:4 | 28900 ||| Stepping randomly (stuck).
 28901 | Shoals:4 | 28901 ||| Stepping randomly (stuck).
 28902 | Shoals:4 | 28902 ||| Stepping randomly (stuck).
 28903 | Shoals:4 | 28903 ||| Stepping randomly (stuck).
 28904 | Shoals:4 | 28904 ||| Stepping randomly (stuck).
 28905 | Shoals:4 | 28905 ||| Stepping randomly (stuck).
 28906 | Shoals:4 | 28906 ||| Stepping randomly (stuck).
 28907 | Shoals:4 | 28907 ||| Stepping randomly (stuck).
 28908 | Shoals:4 | 28908 ||| Stepping randomly (stuck).
 28909 | Shoals:4 | 28909 ||| Stepping randomly (stuck).
 28910 | Shoals:4 | 28910 ||| Stepping randomly (stuck).
 28911 | Shoals:4 | 28911 ||| Stepping randomly (stuck).
 28912 | Shoals:4 | 28912 ||| Stepping randomly (stuck).
 28912 | Shoals:4 | Found Peushoin's Distillery.
 28913 | Shoals:4 | 28913 ||| Stepping randomly (stuck).
 28914 | Shoals:4 | 28914 ||| Stepping randomly (stuck).
 28915 | Shoals:4 | 28915 ||| Stepping randomly (stuck).
 28916 | Shoals:4 | 28916 ||| Stepping randomly (stuck).
 28917 | Shoals:4 | 28917 ||| Stepping randomly (stuck).
 28918 | Shoals:4 | 28918 ||| Stepping randomly (stuck).
 28919 | Shoals:4 | 28919 ||| Stepping randomly (stuck).
 28920 | Shoals:4 | 28920 ||| Stepping randomly (stuck).
 28921 | Shoals:4 | 28921 ||| Stepping randomly (stuck).
 28922 | Shoals:4 | 28922 ||| Stepping randomly (stuck).
 28923 | Shoals:4 | 28923 ||| Stepping randomly (stuck).
 28924 | Shoals:4 | 28924 ||| Stepping randomly (stuck).
 28925 | Shoals:4 | 28925 ||| Stepping randomly (stuck).
 28926 | Shoals:4 | 28926 ||| Stepping randomly (stuck).
 28927 | Shoals:4 | 28927 ||| Stepping randomly (stuck).
 28928 | Shoals:4 | 28928 ||| Stepping randomly (stuck).
 28929 | Shoals:4 | 28929 ||| Stepping randomly (stuck).
 28930 | Shoals:4 | 28930 ||| Stepping randomly (stuck).
 28931 | Shoals:4 | 28931 ||| Stepping randomly (stuck).
 28932 | Shoals:4 | 28932 ||| Stepping randomly (stuck).
 28933 | Shoals:4 | 28933 ||| Stepping randomly (stuck).
 28934 | Shoals:4 | 28934 ||| Stepping randomly (stuck).
 28935 | Shoals:4 | 28935 ||| Stepping randomly (stuck).
 28936 | Shoals:4 | 28936 ||| Stepping randomly (stuck).
 28937 | Shoals:4 | 28937 ||| Stepping randomly (stuck).
 28938 | Shoals:4 | 28938 ||| Stepping randomly (stuck).
 28939 | Shoals:4 | 28939 ||| Stepping randomly (stuck).
 28940 | Shoals:4 | 28940 ||| Stepping randomly (stuck).
 28941 | Shoals:4 | 28941 ||| Stepping randomly (stuck).
 28942 | Shoals:4 | 28942 ||| Stepping randomly (stuck).
 28943 | Shoals:4 | 28943 ||| Stepping randomly (stuck).
 28944 | Shoals:4 | 28944 ||| Stepping randomly (stuck).
 28945 | Shoals:4 | 28945 ||| Stepping randomly (stuck).
 28946 | Shoals:4 | 28946 ||| Stepping randomly (stuck).
 28947 | Shoals:4 | 28947 ||| Stepping randomly (stuck).
 28948 | Shoals:4 | 28948 ||| Stepping randomly (stuck).
 28949 | Shoals:4 | 28949 ||| Stepping randomly (stuck).
 28950 | Shoals:4 | 28950 ||| Stepping randomly (stuck).
 28951 | Shoals:4 | 28951 ||| Stepping randomly (stuck).
 28952 | Shoals:4 | 28952 ||| Stepping randomly (stuck).
 28953 | Shoals:4 | 28953 ||| Stepping randomly (stuck).
 28954 | Shoals:4 | 28954 ||| Stepping randomly (stuck).
 28955 | Shoals:4 | 28955 ||| Stepping randomly (stuck).
 28956 | Shoals:4 | 28956 ||| Stepping randomly (stuck).
 28957 | Shoals:4 | 28957 ||| Stepping randomly (stuck).
 28958 | Shoals:4 | 28958 ||| Stepping randomly (stuck).
 28959 | Shoals:4 | 28959 ||| Stepping randomly (stuck).
 28960 | Shoals:4 | 28960 ||| Stepping randomly (stuck).
 28961 | Shoals:4 | 28961 ||| Stepping randomly (stuck).
 28962 | Shoals:4 | 28962 ||| Stepping randomly (stuck).
 28963 | Shoals:4 | 28963 ||| Stepping randomly (stuck).
 28964 | Shoals:4 | 28964 ||| Stepping randomly (stuck).
 28965 | Shoals:4 | 28965 ||| Stepping randomly (stuck).
 28966 | Shoals:4 | 28966 ||| Stepping randomly (stuck).
 28967 | Shoals:4 | 28967 ||| Stepping randomly (stuck).
 28968 | Shoals:4 | 28968 ||| Stepping randomly (stuck).
 28969 | Shoals:4 | 28969 ||| Stepping randomly (stuck).
 28970 | Shoals:4 | 28970 ||| Stepping randomly (stuck).
 28971 | Shoals:4 | 28971 ||| Stepping randomly (stuck).
 28972 | Shoals:4 | 28972 ||| Stepping randomly (stuck).
 28973 | Shoals:4 | 28973 ||| Stepping randomly (stuck).
 28974 | Shoals:4 | 28974 ||| Stepping randomly (stuck).
 28975 | Shoals:4 | 28975 ||| Stepping randomly (stuck).
 28976 | Shoals:4 | 28976 ||| Stepping randomly (stuck).
 28977 | Shoals:4 | 28977 ||| Stepping randomly (stuck).
 28978 | Shoals:4 | 28978 ||| Stepping randomly (stuck).
 28979 | Shoals:4 | 28979 ||| Stepping randomly (stuck).
 28980 | Shoals:4 | 28980 ||| Stepping randomly (stuck).
 28981 | Shoals:4 | 28981 ||| Stepping randomly (stuck).
 28982 | Shoals:4 | 28982 ||| Stepping randomly (stuck).
 28983 | Shoals:4 | 28983 ||| Stepping randomly (stuck).
 28984 | Shoals:4 | 28984 ||| Stepping randomly (stuck).
 28985 | Shoals:4 | 28985 ||| Stepping randomly (stuck).
 28986 | Shoals:4 | 28986 ||| Stepping randomly (stuck).
 28987 | Shoals:4 | 28987 ||| Stepping randomly (stuck).
 28988 | Shoals:4 | 28988 ||| Stepping randomly (stuck).
 28989 | Shoals:4 | 28989 ||| Stepping randomly (stuck).
 28990 | Shoals:4 | 28990 ||| Stepping randomly (stuck).
 28991 | Shoals:4 | 28991 ||| Stepping randomly (stuck).
 28992 | Shoals:4 | 28992 ||| Stepping randomly (stuck).
 28993 | Shoals:4 | 28993 ||| Stepping randomly (stuck).
 28994 | Shoals:4 | 28994 ||| Stepping randomly (stuck).
 28995 | Shoals:4 | 28995 ||| Stepping randomly (stuck).
 28996 | Shoals:4 | 28996 ||| Stepping randomly (stuck).
 28997 | Shoals:4 | 28997 ||| Stepping randomly (stuck).
 28998 | Shoals:4 | 28998 ||| Stepping randomly (stuck).
 28999 | Shoals:4 | 28999 ||| Stepping randomly (stuck).
 29000 | Shoals:4 | 29000 ||| Stepping randomly (stuck).
 29001 | Shoals:4 | 29001 ||| Stepping randomly (stuck).
 29002 | Shoals:4 | 29002 ||| Stepping randomly (stuck).
 29003 | Shoals:4 | 29003 ||| Stepping randomly (stuck).
 29004 | Shoals:4 | 29004 ||| Stepping randomly (stuck).
 29005 | Shoals:4 | 29005 ||| Stepping randomly (stuck).
 29006 | Shoals:4 | 29006 ||| Stepping randomly (stuck).
 29007 | Shoals:4 | 29007 ||| Stepping randomly (stuck).
 29008 | Shoals:4 | 29008 ||| Stepping randomly (stuck).
 29009 | Shoals:4 | 29009 ||| Stepping randomly (stuck).
 29010 | Shoals:4 | 29010 ||| Stepping randomly (stuck).
 29011 | Shoals:4 | 29011 ||| Stepping randomly (stuck).
 29012 | Shoals:4 | 29012 ||| Stepping randomly (stuck).
 29013 | Shoals:4 | 29013 ||| Stepping randomly (stuck).
 29014 | Shoals:4 | 29014 ||| Stepping randomly (stuck).
 29015 | Shoals:4 | 29015 ||| Stepping randomly (stuck).
 29016 | Shoals:4 | 29016 ||| Stepping randomly (stuck).
 29017 | Shoals:4 | 29017 ||| Stepping randomly (stuck).
 29018 | Shoals:4 | 29018 ||| Stepping randomly (stuck).
 29019 | Shoals:4 | 29019 ||| Stepping randomly (stuck).
 29020 | Shoals:4 | 29020 ||| Stepping randomly (stuck).
 29021 | Shoals:4 | 29021 ||| Stepping randomly (stuck).
 29022 | Shoals:4 | 29022 ||| Stepping randomly (stuck).
 29023 | Shoals:4 | 29023 ||| Stepping randomly (stuck).
 29024 | Shoals:4 | 29024 ||| Stepping randomly (stuck).
 29025 | Shoals:4 | 29025 ||| Stepping randomly (stuck).
 29026 | Shoals:4 | 29026 ||| Stepping randomly (stuck).
 29027 | Shoals:4 | 29027 ||| Stepping randomly (stuck).
 29028 | Shoals:4 | 29028 ||| Stepping randomly (stuck).
 29029 | Shoals:4 | 29029 ||| Stepping randomly (stuck).
 29030 | Shoals:4 | 29030 ||| Stepping randomly (stuck).
 29031 | Shoals:4 | 29031 ||| Stepping randomly (stuck).
 29032 | Shoals:4 | 29032 ||| Stepping randomly (stuck).
 29033 | Shoals:4 | 29033 ||| Stepping randomly (stuck).
 29034 | Shoals:4 | 29034 ||| Stepping randomly (stuck).
 29035 | Shoals:4 | 29035 ||| Stepping randomly (stuck).
 29036 | Shoals:4 | 29036 ||| Stepping randomly (stuck).
 29037 | Shoals:4 | 29037 ||| Stepping randomly (stuck).
 29038 | Shoals:4 | 29038 ||| Stepping randomly (stuck).
 29039 | Shoals:4 | 29039 ||| Stepping randomly (stuck).
 29040 | Shoals:4 | 29040 ||| Stepping randomly (stuck).
 29041 | Shoals:4 | 29041 ||| Stepping randomly (stuck).
 29042 | Shoals:4 | 29042 ||| Stepping randomly (stuck).
 29043 | Shoals:4 | 29043 ||| Stepping randomly (stuck).
 29044 | Shoals:4 | 29044 ||| Stepping randomly (stuck).
 29045 | Shoals:4 | 29045 ||| Stepping randomly (stuck).
 29046 | Shoals:4 | 29046 ||| Stepping randomly (stuck).
 29047 | Shoals:4 | 29047 ||| Stepping randomly (stuck).
 29048 | Shoals:4 | 29048 ||| Stepping randomly (stuck).
 29049 | Shoals:4 | 29049 ||| Stepping randomly (stuck).
 29050 | Shoals:4 | 29050 ||| Stepping randomly (stuck).
 29051 | Shoals:4 | 29051 ||| Stepping randomly (stuck).
 29052 | Shoals:4 | 29052 ||| Stepping randomly (stuck).
 29053 | Shoals:4 | 29053 ||| Stepping randomly (stuck).
 29054 | Shoals:4 | 29054 ||| Stepping randomly (stuck).
 29055 | Shoals:4 | 29055 ||| Stepping randomly (stuck).
 29056 | Shoals:4 | 29056 ||| Stepping randomly (stuck).
 29057 | Shoals:4 | 29057 ||| INVOKING Heroism.
 29105 | Shoals:4 | 29105 ||| Stepping randomly (stuck).
 29106 | Shoals:4 | 29106 ||| Stepping randomly (stuck).
 29107 | Shoals:4 | 29107 ||| Stepping randomly (stuck).
 29108 | Shoals:4 | 29108 ||| Stepping randomly (stuck).
 29109 | Shoals:4 | 29109 ||| Stepping randomly (stuck).
 29110 | Shoals:4 | 29110 ||| Stepping randomly (stuck).
 29111 | Shoals:4 | 29111 ||| Stepping randomly (stuck).
 29112 | Shoals:4 | 29112 ||| Stepping randomly (stuck).
 29113 | Shoals:4 | 29113 ||| Stepping randomly (stuck).
 29126 | Shoals:4 | 29126 ||| Stepping randomly (stuck).
 29127 | Shoals:4 | 29127 ||| Stepping randomly (stuck).
 29128 | Shoals:4 | 29128 ||| Stepping randomly (stuck).
 29129 | Shoals:4 | 29129 ||| Stepping randomly (stuck).
 29130 | Shoals:4 | 29130 ||| Stepping randomly (stuck).
 29131 | Shoals:4 | 29131 ||| Stepping randomly (stuck).
 29132 | Shoals:4 | 29132 ||| Stepping randomly (stuck).
 29133 | Shoals:4 | 29133 ||| Stepping randomly (stuck).
 29141 | Shoals:4 | 29141 ||| Stepping randomly (stuck).
 29142 | Shoals:4 | 29142 ||| Stepping randomly (stuck).
 29143 | Shoals:4 | 29143 ||| Stepping randomly (stuck).
 29144 | Shoals:4 | 29144 ||| Stepping randomly (stuck).
 29145 | Shoals:4 | 29145 ||| Stepping randomly (stuck).
 29146 | Shoals:4 | 29146 ||| Stepping randomly (stuck).
 29147 | Shoals:4 | 29147 ||| Stepping randomly (stuck).
 29148 | Shoals:4 | 29148 ||| Stepping randomly (stuck).
 29149 | Shoals:4 | 29149 ||| Stepping randomly (stuck).
 29155 | Shoals:4 | 29155 ||| INVOKING Heroism.
 29243 | Shoals:4 | 29243 ||| Stepping randomly (stuck).
 29244 | Shoals:4 | 29244 ||| Stepping randomly (stuck).
 29245 | Shoals:4 | 29245 ||| Stepping randomly (stuck).
 29246 | Shoals:4 | 29246 ||| Stepping randomly (stuck).
 29247 | Shoals:4 | 29247 ||| Stepping randomly (stuck).
 29248 | Shoals:4 | 29248 ||| Stepping randomly (stuck).
 29249 | Shoals:4 | 29249 ||| Stepping randomly (stuck).
 29250 | Shoals:4 | 29250 ||| Stepping randomly (stuck).
 29251 | Shoals:4 | 29251 ||| Stepping randomly (stuck).
 29252 | Shoals:4 | 29252 ||| Stepping randomly (stuck).
 29253 | Shoals:4 | 29253 ||| Stepping randomly (stuck).
 29254 | Shoals:4 | 29254 ||| Stepping randomly (stuck).
 29255 | Shoals:4 | 29255 ||| Stepping randomly (stuck).
 29256 | Shoals:4 | 29256 ||| Stepping randomly (stuck).
 29257 | Shoals:4 | 29257 ||| Stepping randomly (stuck).
 29258 | Shoals:4 | 29258 ||| Stepping randomly (stuck).
 29259 | Shoals:4 | 29259 ||| Stepping randomly (stuck).
 29260 | Shoals:4 | 29260 ||| Stepping randomly (stuck).
 29261 | Shoals:4 | 29261 ||| Stepping randomly (stuck).
 29262 | Shoals:4 | 29262 ||| Stepping randomly (stuck).
 29263 | Shoals:4 | 29263 ||| Stepping randomly (stuck).
 29264 | Shoals:4 | 29264 ||| Stepping randomly (stuck).
 29265 | Shoals:4 | 29265 ||| Stepping randomly (stuck).
 29266 | Shoals:4 | 29266 ||| Stepping randomly (stuck).
 29267 | Shoals:4 | 29267 ||| Stepping randomly (stuck).
 29268 | Shoals:4 | 29268 ||| Stepping randomly (stuck).
 29269 | Shoals:4 | 29269 ||| Stepping randomly (stuck).
 29270 | Shoals:4 | 29270 ||| Stepping randomly (stuck).
 29271 | Shoals:4 | 29271 ||| Stepping randomly (stuck).
 29272 | Shoals:4 | 29272 ||| Stepping randomly (stuck).
 29273 | Shoals:4 | 29273 ||| Stepping randomly (stuck).
 29274 | Shoals:4 | 29274 ||| Stepping randomly (stuck).
 29275 | Shoals:4 | 29275 ||| Stepping randomly (stuck).
 29276 | Shoals:4 | 29276 ||| Stepping randomly (stuck).
 29277 | Shoals:4 | 29277 ||| Stepping randomly (stuck).
 29278 | Shoals:4 | 29278 ||| Stepping randomly (stuck).
 29279 | Shoals:4 | 29279 ||| Stepping randomly (stuck).
 29280 | Shoals:4 | 29280 ||| Stepping randomly (stuck).
 29281 | Shoals:4 | 29281 ||| Stepping randomly (stuck).
 29282 | Shoals:4 | 29282 ||| Stepping randomly (stuck).
 29283 | Shoals:4 | 29283 ||| Stepping randomly (stuck).
 29284 | Shoals:4 | 29284 ||| Stepping randomly (stuck).
 29285 | Shoals:4 | 29285 ||| Stepping randomly (stuck).
 29286 | Shoals:4 | 29286 ||| Stepping randomly (stuck).
 29287 | Shoals:4 | 29287 ||| Stepping randomly (stuck).
 29288 | Shoals:4 | 29288 ||| Stepping randomly (stuck).
 29289 | Shoals:4 | 29289 ||| Stepping randomly (stuck).
 29290 | Shoals:4 | 29290 ||| Stepping randomly (stuck).
 29291 | Shoals:4 | 29291 ||| Stepping randomly (stuck).
 29292 | Shoals:4 | 29292 ||| Stepping randomly (stuck).
 29293 | Shoals:4 | 29293 ||| Stepping randomly (stuck).
 29294 | Shoals:4 | 29294 ||| Stepping randomly (stuck).
 29295 | Shoals:4 | 29295 ||| Stepping randomly (stuck).
 29296 | Shoals:4 | 29296 ||| Stepping randomly (stuck).
 29297 | Shoals:4 | 29297 ||| Stepping randomly (stuck).
 29298 | Shoals:4 | 29298 ||| Stepping randomly (stuck).
 29299 | Shoals:4 | 29299 ||| Stepping randomly (stuck).
 29300 | Shoals:4 | 29300 ||| Stepping randomly (stuck).
 29301 | Shoals:4 | 29301 ||| Stepping randomly (stuck).
 29302 | Shoals:4 | 29302 ||| Stepping randomly (stuck).
 29303 | Shoals:4 | 29303 ||| Stepping randomly (stuck).
 29304 | Shoals:4 | 29304 ||| Stepping randomly (stuck).
 29305 | Shoals:4 | 29305 ||| Stepping randomly (stuck).
 29306 | Shoals:4 | 29306 ||| Stepping randomly (stuck).
 29307 | Shoals:4 | 29307 ||| Stepping randomly (stuck).
 29308 | Shoals:4 | 29308 ||| Stepping randomly (stuck).
 29309 | Shoals:4 | 29309 ||| Stepping randomly (stuck).
 29310 | Shoals:4 | 29310 ||| Stepping randomly (stuck).
 29311 | Shoals:4 | 29311 ||| Stepping randomly (stuck).
 29312 | Shoals:4 | 29312 ||| Stepping randomly (stuck).
 29313 | Shoals:4 | 29313 ||| Stepping randomly (stuck).
 29314 | Shoals:4 | 29314 ||| Stepping randomly (stuck).
 29315 | Shoals:4 | 29315 ||| Stepping randomly (stuck).
 29316 | Shoals:4 | 29316 ||| Stepping randomly (stuck).
 29317 | Shoals:4 | 29317 ||| Stepping randomly (stuck).
 29318 | Shoals:4 | 29318 ||| Stepping randomly (stuck).
 29319 | Shoals:4 | 29319 ||| Stepping randomly (stuck).
 29320 | Shoals:4 | 29320 ||| Stepping randomly (stuck).
 29321 | Shoals:4 | 29321 ||| Stepping randomly (stuck).
 29322 | Shoals:4 | 29322 ||| Stepping randomly (stuck).
 29323 | Shoals:4 | 29323 ||| Stepping randomly (stuck).
 29324 | Shoals:4 | 29324 ||| Stepping randomly (stuck).
 29325 | Shoals:4 | 29325 ||| Stepping randomly (stuck).
 29326 | Shoals:4 | 29326 ||| Stepping randomly (stuck).
 29327 | Shoals:4 | 29327 ||| Stepping randomly (stuck).
 29328 | Shoals:4 | 29328 ||| Stepping randomly (stuck).
 29329 | Shoals:4 | 29329 ||| Stepping randomly (stuck).
 29330 | Shoals:4 | 29330 ||| Stepping randomly (stuck).
 29331 | Shoals:4 | 29331 ||| Stepping randomly (stuck).
 29332 | Shoals:4 | 29332 ||| Stepping randomly (stuck).
 29333 | Shoals:4 | 29333 ||| Stepping randomly (stuck).
 29334 | Shoals:4 | 29334 ||| Stepping randomly (stuck).
 29335 | Shoals:4 | 29335 ||| Stepping randomly (stuck).
 29336 | Shoals:4 | 29336 ||| Stepping randomly (stuck).
 29337 | Shoals:4 | 29337 ||| Stepping randomly (stuck).
 29338 | Shoals:4 | 29338 ||| Stepping randomly (stuck).
 29339 | Shoals:4 | 29339 ||| Stepping randomly (stuck).
 29340 | Shoals:4 | 29340 ||| Stepping randomly (stuck).
 29341 | Shoals:4 | 29341 ||| Stepping randomly (stuck).
 29342 | Shoals:4 | 29342 ||| Stepping randomly (stuck).
 29343 | Shoals:4 | 29343 ||| Stepping randomly (stuck).
 29344 | Shoals:4 | 29344 ||| Stepping randomly (stuck).
 29345 | Shoals:4 | 29345 ||| Stepping randomly (stuck).
 29346 | Shoals:4 | 29346 ||| Stepping randomly (stuck).
 29347 | Shoals:4 | 29347 ||| Stepping randomly (stuck).
 29348 | Shoals:4 | 29348 ||| Stepping randomly (stuck).
 29349 | Shoals:4 | 29349 ||| Stepping randomly (stuck).
 29350 | Shoals:4 | 29350 ||| Stepping randomly (stuck).
 29351 | Shoals:4 | 29351 ||| Stepping randomly (stuck).
 29352 | Shoals:4 | 29352 ||| Stepping randomly (stuck).
 29353 | Shoals:4 | 29353 ||| Stepping randomly (stuck).
 29354 | Shoals:4 | 29354 ||| Stepping randomly (stuck).
 29355 | Shoals:4 | 29355 ||| Stepping randomly (stuck).
 29356 | Shoals:4 | 29356 ||| Stepping randomly (stuck).
 29357 | Shoals:4 | 29357 ||| Stepping randomly (stuck).
 29358 | Shoals:4 | 29358 ||| Stepping randomly (stuck).
 29359 | Shoals:4 | 29359 ||| Stepping randomly (stuck).
 29360 | Shoals:4 | 29360 ||| Stepping randomly (stuck).
 29361 | Shoals:4 | 29361 ||| Stepping randomly (stuck).
 29362 | Shoals:4 | 29362 ||| Stepping randomly (stuck).
 29363 | Shoals:4 | 29363 ||| Stepping randomly (stuck).
 29364 | Shoals:4 | 29364 ||| Stepping randomly (stuck).
 29365 | Shoals:4 | 29365 ||| Stepping randomly (stuck).
 29366 | Shoals:4 | 29366 ||| Stepping randomly (stuck).
 29367 | Shoals:4 | 29367 ||| Stepping randomly (stuck).
 29368 | Shoals:4 | 29368 ||| Stepping randomly (stuck).
 29369 | Shoals:4 | 29369 ||| Stepping randomly (stuck).
 29370 | Shoals:4 | 29370 ||| Stepping randomly (stuck).
 29371 | Shoals:4 | 29371 ||| Stepping randomly (stuck).
 29372 | Shoals:4 | 29372 ||| Stepping randomly (stuck).
 29373 | Shoals:4 | 29373 ||| Stepping randomly (stuck).
 29374 | Shoals:4 | 29374 ||| Stepping randomly (stuck).
 29375 | Shoals:4 | 29375 ||| Stepping randomly (stuck).
 29376 | Shoals:4 | 29376 ||| Stepping randomly (stuck).
 29377 | Shoals:4 | 29377 ||| Stepping randomly (stuck).
 29378 | Shoals:4 | 29378 ||| Stepping randomly (stuck).
 29379 | Shoals:4 | 29379 ||| Stepping randomly (stuck).
 29380 | Shoals:4 | 29380 ||| Stepping randomly (stuck).
 29381 | Shoals:4 | 29381 ||| Stepping randomly (stuck).
 29382 | Shoals:4 | 29382 ||| Stepping randomly (stuck).
 29383 | Shoals:4 | 29383 ||| Stepping randomly (stuck).
 29384 | Shoals:4 | 29384 ||| Stepping randomly (stuck).
 29385 | Shoals:4 | 29385 ||| Stepping randomly (stuck).
 29386 | Shoals:4 | 29386 ||| Stepping randomly (stuck).
 29387 | Shoals:4 | 29387 ||| Stepping randomly (stuck).
 29388 | Shoals:4 | 29388 ||| Stepping randomly (stuck).
 29389 | Shoals:4 | 29389 ||| Stepping randomly (stuck).
 29390 | Shoals:4 | 29390 ||| Stepping randomly (stuck).
 29391 | Shoals:4 | 29391 ||| Stepping randomly (stuck).
 29392 | Shoals:4 | 29392 ||| Stepping randomly (stuck).
 29393 | Shoals:4 | 29393 ||| Stepping randomly (stuck).
 29394 | Shoals:4 | 29394 ||| Stepping randomly (stuck).
 29395 | Shoals:4 | 29395 ||| Stepping randomly (stuck).
 29396 | Shoals:4 | 29396 ||| Stepping randomly (stuck).
 29397 | Shoals:4 | 29397 ||| Stepping randomly (stuck).
 29398 | Shoals:4 | 29398 ||| Stepping randomly (stuck).
 29399 | Shoals:4 | 29399 ||| Stepping randomly (stuck).
 29400 | Shoals:4 | 29400 ||| Stepping randomly (stuck).
 29401 | Shoals:4 | 29401 ||| Stepping randomly (stuck).
 29402 | Shoals:4 | 29402 ||| Stepping randomly (stuck).
 29403 | Shoals:4 | 29403 ||| Stepping randomly (stuck).
 29404 | Shoals:4 | 29404 ||| Stepping randomly (stuck).
 29405 | Shoals:4 | 29405 ||| Stepping randomly (stuck).
 29406 | Shoals:4 | 29406 ||| Stepping randomly (stuck).
 29407 | Shoals:4 | 29407 ||| Stepping randomly (stuck).
 29408 | Shoals:4 | 29408 ||| Stepping randomly (stuck).
 29409 | Shoals:4 | 29409 ||| Stepping randomly (stuck).
 29410 | Shoals:4 | 29410 ||| Stepping randomly (stuck).
 29411 | Shoals:4 | 29411 ||| Stepping randomly (stuck).
 29412 | Shoals:4 | 29412 ||| Stepping randomly (stuck).
 29413 | Shoals:4 | 29413 ||| Stepping randomly (stuck).
 29414 | Shoals:4 | 29414 ||| Stepping randomly (stuck).
 29415 | Shoals:4 | 29415 ||| Stepping randomly (stuck).
 29416 | Shoals:4 | 29416 ||| Stepping randomly (stuck).
 29417 | Shoals:4 | 29417 ||| Stepping randomly (stuck).
 29418 | Shoals:4 | 29418 ||| Stepping randomly (stuck).
 29419 | Shoals:4 | 29419 ||| Stepping randomly (stuck).
 29420 | Shoals:4 | 29420 ||| BUYING potion of curing (45 gold).
 29420 | Shoals:4 | Bought a potion of curing for 45 gold pieces
 29420 | Shoals:4 | 29420 ||| BUYING potion of curing (45 gold).
 29420 | Shoals:4 | Bought a potion of curing for 45 gold pieces
 29420 | Shoals:4 | 29420 ||| Stepping randomly (stuck).
 29421 | Shoals:4 | 29421 ||| Stepping randomly (stuck).
 29422 | Shoals:4 | 29422 ||| Stepping randomly (stuck).
 29423 | Shoals:4 | 29423 ||| Stepping randomly (stuck).
 29424 | Shoals:4 | 29424 ||| Stepping randomly (stuck).
 29425 | Shoals:4 | 29425 ||| Stepping randomly (stuck).
 29426 | Shoals:4 | 29426 ||| Stepping randomly (stuck).
 29427 | Shoals:4 | 29427 ||| Stepping randomly (stuck).
 29428 | Shoals:4 | 29428 ||| Stepping randomly (stuck).
 29429 | Shoals:4 | 29429 ||| Stepping randomly (stuck).
 29430 | Shoals:4 | 29430 ||| Stepping randomly (stuck).
 29431 | Shoals:4 | 29431 ||| Stepping randomly (stuck).
 29432 | Shoals:4 | 29432 ||| Stepping randomly (stuck).
 29433 | Shoals:4 | 29433 ||| Stepping randomly (stuck).
 29434 | Shoals:4 | 29434 ||| Stepping randomly (stuck).
 29435 | Shoals:4 | 29435 ||| Stepping randomly (stuck).
 29436 | Shoals:4 | 29436 ||| Stepping randomly (stuck).
 29437 | Shoals:4 | 29437 ||| Stepping randomly (stuck).
 29438 | Shoals:4 | 29438 ||| Stepping randomly (stuck).
 29439 | Shoals:4 | 29439 ||| Stepping randomly (stuck).
 29440 | Shoals:4 | 29440 ||| Stepping randomly (stuck).
 29441 | Shoals:4 | 29441 ||| Stepping randomly (stuck).
 29442 | Shoals:4 | 29442 ||| Stepping randomly (stuck).
 29443 | Shoals:4 | 29443 ||| Stepping randomly (stuck).
 29444 | Shoals:4 | 29444 ||| Stepping randomly (stuck).
 29445 | Shoals:4 | 29445 ||| Stepping randomly (stuck).
 29446 | Shoals:4 | 29446 ||| Stepping randomly (stuck).
 29447 | Shoals:4 | 29447 ||| Stepping randomly (stuck).
 29448 | Shoals:4 | 29448 ||| Stepping randomly (stuck).
 29449 | Shoals:4 | 29449 ||| Stepping randomly (stuck).
 29450 | Shoals:4 | 29450 ||| Stepping randomly (stuck).
 29451 | Shoals:4 | 29451 ||| Stepping randomly (stuck).
 29452 | Shoals:4 | 29452 ||| Stepping randomly (stuck).
 29453 | Shoals:4 | 29453 ||| Stepping randomly (stuck).
 29454 | Shoals:4 | 29454 ||| Stepping randomly (stuck).
 29455 | Shoals:4 | 29455 ||| Stepping randomly (stuck).
 29456 | Shoals:4 | 29456 ||| Stepping randomly (stuck).
 29457 | Shoals:4 | 29457 ||| Stepping randomly (stuck).
 29458 | Shoals:4 | 29458 ||| Stepping randomly (stuck).
 29459 | Shoals:4 | 29459 ||| Stepping randomly (stuck).
 29460 | Shoals:4 | 29460 ||| Stepping randomly (stuck).
 29461 | Shoals:4 | 29461 ||| Stepping randomly (stuck).
 29462 | Shoals:4 | 29462 ||| Stepping randomly (stuck).
 29463 | Shoals:4 | 29463 ||| Stepping randomly (stuck).
 29464 | Shoals:4 | 29464 ||| Stepping randomly (stuck).
 29465 | Shoals:4 | 29465 ||| Stepping randomly (stuck).
 29466 | Shoals:4 | 29466 ||| Stepping randomly (stuck).
 29467 | Shoals:4 | 29467 ||| Stepping randomly (stuck).
 29468 | Shoals:4 | 29468 ||| Stepping randomly (stuck).
 29469 | Shoals:4 | 29469 ||| Stepping randomly (stuck).
 29470 | Shoals:4 | 29470 ||| Stepping randomly (stuck).
 29471 | Shoals:4 | 29471 ||| Stepping randomly (stuck).
 29472 | Shoals:4 | 29472 ||| Stepping randomly (stuck).
 29473 | Shoals:4 | 29473 ||| Stepping randomly (stuck).
 29474 | Shoals:4 | 29474 ||| Stepping randomly (stuck).
 29475 | Shoals:4 | 29475 ||| Stepping randomly (stuck).
 29476 | Shoals:4 | 29476 ||| Stepping randomly (stuck).
 29477 | Shoals:4 | 29477 ||| Stepping randomly (stuck).
 29478 | Shoals:4 | 29478 ||| Stepping randomly (stuck).
 29479 | Shoals:4 | 29479 ||| Stepping randomly (stuck).
 29480 | Shoals:4 | 29480 ||| Stepping randomly (stuck).
 29481 | Shoals:4 | 29481 ||| Stepping randomly (stuck).
 29482 | Shoals:4 | 29482 ||| Stepping randomly (stuck).
 29483 | Shoals:4 | 29483 ||| Stepping randomly (stuck).
 29484 | Shoals:4 | 29484 ||| Stepping randomly (stuck).
 29485 | Shoals:4 | 29485 ||| Stepping randomly (stuck).
 29486 | Shoals:4 | 29486 ||| Stepping randomly (stuck).
 29487 | Shoals:4 | 29487 ||| Stepping randomly (stuck).
 29487 | Shoals:4 | Found Vumi's Distillery.
 29488 | Shoals:4 | 29488 ||| Stepping randomly (stuck).
 29489 | Shoals:4 | 29489 ||| Stepping randomly (stuck).
 29490 | Shoals:4 | 29490 ||| Stepping randomly (stuck).
 29491 | Shoals:4 | 29491 ||| Stepping randomly (stuck).
 29492 | Shoals:4 | 29492 ||| Stepping randomly (stuck).
 29493 | Shoals:4 | 29493 ||| Stepping randomly (stuck).
 29494 | Shoals:4 | 29494 ||| Stepping randomly (stuck).
 29495 | Shoals:4 | 29495 ||| Stepping randomly (stuck).
 29496 | Shoals:4 | 29496 ||| Stepping randomly (stuck).
 29497 | Shoals:4 | 29497 ||| Stepping randomly (stuck).
 29498 | Shoals:4 | 29498 ||| Stepping randomly (stuck).
 29499 | Shoals:4 | 29499 ||| Stepping randomly (stuck).
 29500 | Shoals:4 | 29500 ||| Stepping randomly (stuck).
 29501 | Shoals:4 | 29501 ||| Stepping randomly (stuck).
 29502 | Shoals:4 | 29502 ||| Stepping randomly (stuck).
 29503 | Shoals:4 | 29503 ||| Stepping randomly (stuck).
 29504 | Shoals:4 | 29504 ||| Stepping randomly (stuck).
 29505 | Shoals:4 | 29505 ||| Stepping randomly (stuck).
 29506 | Shoals:4 | 29506 ||| Stepping randomly (stuck).
 29507 | Shoals:4 | 29507 ||| Stepping randomly (stuck).
 29508 | Shoals:4 | 29508 ||| Stepping randomly (stuck).
 29509 | Shoals:4 | 29509 ||| Stepping randomly (stuck).
 29510 | Shoals:4 | 29510 ||| Stepping randomly (stuck).
 29511 | Shoals:4 | 29511 ||| Stepping randomly (stuck).
 29512 | Shoals:4 | 29512 ||| Stepping randomly (stuck).
 29513 | Shoals:4 | 29513 ||| Stepping randomly (stuck).
 29514 | Shoals:4 | 29514 ||| Stepping randomly (stuck).
 29515 | Shoals:4 | 29515 ||| Stepping randomly (stuck).
 29516 | Shoals:4 | 29516 ||| Stepping randomly (stuck).
 29524 | Shoals:4 | Received a gift from Okawaru
 29529 | Shoals:4 | 29529 ||| Stepping randomly (stuck).
 29530 | Shoals:4 | 29530 ||| Stepping randomly (stuck).
 29531 | Shoals:4 | 29531 ||| Stepping randomly (stuck).
 29532 | Shoals:4 | 29532 ||| Stepping randomly (stuck).
 29533 | Shoals:4 | Found Ariziava's Book Shoppe.
 29586 | Shoals:4 | 29586 ||| INVOKING Heroism.
 29605 | Shoals:4 | Received a gift from Okawaru
 29637 | Shoals:4 | 29637 ||| RIP BAZAAR
 29638 | Shoals:4 | 29638 ||| PLANNING SHOALS:4
 29656 | Shoals:4 | 29656 ||| BUYING potion of attraction (45 gold).
 29656 | Shoals:4 | Bought a potion of attraction for 45 gold pieces
 29656 | Shoals:4 | 29656 ||| BUYING potion of curing (45 gold).
 29656 | Shoals:4 | Bought a potion of curing for 45 gold pieces
 29656 | Shoals:4 | 29656 ||| BUYING potion of curing (45 gold).
 29656 | Shoals:4 | Bought a potion of curing for 45 gold pieces
 29656 | Shoals:4 | 29656 ||| BUYING potion of enlightenment (75 gold).
 29656 | Shoals:4 | Bought a potion of enlightenment for 75 gold pieces
 29656 | Shoals:4 | 29656 ||| BUYING potion of enlightenment (75 gold).
 29656 | Shoals:4 | Bought a potion of enlightenment for 75 gold pieces
 29656 | Shoals:4 | 29656 ||| BUYING potion of enlightenment (75 gold).
 29656 | Shoals:4 | Bought a potion of enlightenment for 75 gold pieces
 29656 | Shoals:4 | 29656 ||| BUYING potion of haste (150 gold).
 29656 | Shoals:4 | Bought a potion of haste for 150 gold pieces
 29656 | Shoals:4 | 29656 ||| BUYING potion of haste (150 gold).
 29656 | Shoals:4 | Bought a potion of haste for 150 gold pieces
 29656 | Shoals:4 | 29656 ||| BUYING potion of lignification (45 gold).
 29656 | Shoals:4 | Bought a potion of lignification for 45 gold pieces
 29692 | Shoals:4 | 29692 ||| SHOPLISTING +3 pair of mountain boots {steadfast,
                  | rC+} (1206 gold, have 773).
 29692 | Shoals:4 | 29692 ||| BUYING embroidered hat (252 gold).
 29692 | Shoals:4 | Bought an embroidered hat for 252 gold pieces
 29692 | Shoals:4 | 29692 ||| BUYING glowing cloak (270 gold).
 29692 | Shoals:4 | Bought a glowing cloak for 270 gold pieces
 29692 | Shoals:4 | 29692 ||| SHOPLISTING polished cloak (342 gold, have 251).
 29883 | Shoals:4 | 29883 ||| Stepping ~*~*~tactically~*~*~ (stealth).
 29884 | Shoals:4 | 29884 ||| Stepping ~*~*~tactically~*~*~ (stealth).
 29885 | Shoals:4 | 29885 ||| INVOKING Heroism.
 29892 | Shoals:4 | Reached skill level 15 in Shields
 30035 | Shoals:4 | 30035 ||| INVOKING Heroism.
 30131 | Shoals:4 | 30131 ||| Stepping ~*~*~tactically~*~*~ (hiding).
 30132 | Shoals:4 | 30132 ||| INVOKING Heroism.
 30167 | Shoals:4 | Identified the +2 longbow "Uwkuuqe" {antimagic, rElec rF-
                  | Int+4}
 30266 | Shoals:4 | Identified the staff of Articulation {rC+ SInv Ice}
 30303 | Shoals:4 | Identified the amulet "Xanule" {Faith Drain Str+6}
 30348 | Shoals:4 | 30348 ||| Stepping ~*~*~tactically~*~*~ (hiding).
 30351 | Shoals:4 | 30351 ||| INVOKING Heroism.
 30378 | Shoals:4 | 30378 ||| Stepping ~*~*~tactically~*~*~ (hiding).
 30379 | Shoals:4 | 30379 ||| Stepping ~*~*~tactically~*~*~ (hiding).
 30380 | Shoals:4 | 30380 ||| Stepping ~*~*~tactically~*~*~ (hiding).
 30381 | Shoals:4 | 30381 ||| Stepping ~*~*~tactically~*~*~ (hiding).
 30383 | Shoals:4 | 30383 ||| Stepping ~*~*~tactically~*~*~ (hiding).
 30384 | Shoals:4 | 30384 ||| INVOKING Finesse.
 30385 | Shoals:4 | 30385 ||| INVOKING Heroism.
 30474 | Shoals:4 | 30474 ||| Stepping ~*~*~tactically~*~*~ (hiding).
 30483 | Shoals:4 | 30483 ||| INVOKING Heroism.
 30488 | Shoals:4 | Received a gift from Okawaru
 30663 | Shoals:4 | Got a barnacled rune of Zot
 30710 | Shoals:4 | 30710 ||| Stepping ~*~*~tactically~*~*~ (stealth).
 30730 | Shoals:4 | 30730 ||| Stepping ~*~*~tactically~*~*~ (hiding).
 30737 | Shoals:4 | Reached skill level 9 in Throwing
 30750 | Shoals:4 | 30750 ||| PLANNING VAULTS:1-4
 30750 | Shoals:4 | 30750 ||| DROPPING +1 hat.
 30751 | Shoals:4 | 30751 ||| DROPPING +1 cloak of preservation.
 30752 | Shoals:4 | 30752 ||| UPGRADING to amulet "Xanule" {Faith Drain Str+6}.
 30762 | Shoals:4 | 30762 ||| DROPPING amulet of faith.
 30983 | Vaults:1 | Entered Level 1 of the Vaults
 30990 | Vaults:1 | 30990 ||| INVOKING Heroism.
 31145 | Vaults:1 | 31145 ||| Stepping ~*~*~tactically~*~*~ (stealth).
 31167 | Vaults:1 | 31167 ||| INVOKING Heroism.
 31184 | Vaults:1 | 31184 ||| Stepping ~*~*~tactically~*~*~ (hiding).
 31579 | Vaults:1 | Reached XP level 20. HP: 131/131 MP: 27/27
 31607 | Vaults:1 | Paralysed by a sphinx for 4 turns
 32002 | Vaults:1 | Noticed Zenata
 32003 | Vaults:1 | 32003 ||| INVOKING Heroism.
 32004 | Vaults:1 | 32004 ||| INVOKING Finesse.
 32021 | Vaults:1 | Killed Zenata
 32357 | Vaults:1 | 32357 ||| Stepping ~*~*~tactically~*~*~ (stealth).
 32507 | Vaults:1 | 32507 ||| DROPPING +6 ring of dexterity.
 32553 | Vaults:2 | 32553 ||| PLANNING WIZLAB
 32605 | Vaults:2 | 32605 ||| READING scroll of acquirement.
 32605 | Vaults:2 | 32605 ||| ACQUIRING +0 pair of gloves of Dramatic Exits
                  | {+Blink Will+ Regen+}
 32605 | Vaults:2 | Acquired the +0 pair of gloves of Dramatic Exits {+Blink
                  | Will+ Regen+}
 32714 | Vaults:2 | 32714 ||| Stepping ~*~*~tactically~*~*~ (stealth).
 32715 | Vaults:2 | 32715 ||| Stepping ~*~*~tactically~*~*~ (hiding).
 32742 | Vaults:2 | 32742 ||| Stepping ~*~*~tactically~*~*~ (hiding).
 32763 | Vaults:2 | 32763 ||| INVOKING Heroism.
 32765 | Vaults:2 | Received a gift from Okawaru
 33012 | Vaults:2 | 33012 ||| INVOKING Heroism.
 33013 | Vaults:2 | 33013 ||| INVOKING Finesse.
 33030 | Vaults:2 | Received a gift from Okawaru
 33223 | Vaults:2 | 33223 ||| RIP WIZLAB
 33230 | Vaults:2 | 33230 ||| PLANNING VAULTS:1-4
 33241 | Vaults:2 | Received a gift from Okawaru
 33273 | Vaults:2 | 33273 ||| Stepping ~*~*~tactically~*~*~ (stealth).
 33284 | Vaults:2 | 33284 ||| Stepping ~*~*~tactically~*~*~ (hiding).
 33298 | Vaults:2 | 33298 ||| Stepping ~*~*~tactically~*~*~ (stealth).
 33304 | Vaults:2 | 33304 ||| Stepping ~*~*~tactically~*~*~ (hiding).
 33378 | Vaults:2 | 33378 ||| Stepping ~*~*~tactically~*~*~ (hiding).
 33390 | Vaults:2 | Reached ****** piety under Okawaru
 33395 | Vaults:2 | Received a gift from Okawaru
 33884 | Vaults:2 | Identified the +2 robe of Boruezer {rN+ Regen+ MP+9 Int+2}
 33995 | Vaults:2 | 33995 ||| Stepping ~*~*~tactically~*~*~ (stealth).
 33996 | Vaults:2 | 33996 ||| Stepping ~*~*~tactically~*~*~ (stealth).
 34057 | Vaults:2 | 34057 ||| Stepping ~*~*~tactically~*~*~ (hiding).
 34099 | Vaults:2 | 34099 ||| UPGRADING to +0 pair of gloves of Dramatic Exits
                  | {+Blink Will+ Regen+}.
 34109 | Vaults:2 | 34109 ||| DROPPING +2 pair of gloves.
 34110 | Vaults:2 | 34110 ||| UPGRADING to +0 tower shield.
 34120 | Vaults:2 | 34120 ||| DROPPING +0 kite shield.
 34235 | Vaults:3 | 34235 ||| Stepping ~*~*~tactically~*~*~ (hiding).
 34257 | Vaults:3 | Reached XP level 21. HP: 139/139 MP: 28/28
 34258 | Vaults:3 | Received a gift from Okawaru
 34341 | Vaults:3 | 34341 ||| FLEEEEING.
 34352 | Vaults:3 | 34352 ||| FLEEEEING.
 34353 | Vaults:3 | 34353 ||| FLEEEEING.
 34362 | Vaults:3 | 34362 ||| INVOKING Heroism.
 34363 | Vaults:3 | 34363 ||| INVOKING Finesse.
 34513 | Vaults:3 | 34513 ||| INVOKING Finesse.
 34518 | Vaults:3 | You are sucked into a shaft and drop 1 floor!
 34688 | Vaults:4 | 34688 ||| Stepping ~*~*~tactically~*~*~ (hiding).
 34908 | Vaults:3 | 34908 ||| Stepping ~*~*~tactically~*~*~ (stealth).
 34909 | Vaults:3 | 34909 ||| Stepping ~*~*~tactically~*~*~ (stealth).
 34911 | Vaults:3 | 34911 ||| Stepping ~*~*~tactically~*~*~ (stealth).
 34914 | Vaults:3 | 34914 ||| Stepping ~*~*~tactically~*~*~ (stealth).
 34915 | Vaults:3 | 34915 ||| Stepping ~*~*~tactically~*~*~ (stealth).
 34917 | Vaults:3 | 34917 ||| INVOKING Heroism.
 34995 | Vaults:3 | 34995 ||| Stepping ~*~*~tactically~*~*~ (stealth).
 34997 | Vaults:3 | Found a staircase to the Crypt.
 35002 | Vaults:3 | 35002 ||| Stepping ~*~*~tactically~*~*~ (stealth).
 35016 | Vaults:3 | Reached skill level 18 in Shields
 35072 | Vaults:3 | 35072 ||| INVOKING Finesse.
 35322 | Vaults:3 | Found a runed translucent gate.
 35322 | Vaults:3 | Found a runed translucent gate.
 35322 | Vaults:3 | Found a runed translucent gate.
 35323 | Vaults:3 | Noticed qw's ghost (adept GrFi)
 35380 | Vaults:3 | 35380 ||| Stepping ~*~*~tactically~*~*~ (stealth).
 35382 | Vaults:3 | 35382 ||| Stepping ~*~*~tactically~*~*~ (hiding).
 35383 | Vaults:3 | 35383 ||| Stepping ~*~*~tactically~*~*~ (hiding).
 35385 | Vaults:3 | 35385 ||| Stepping ~*~*~tactically~*~*~ (hiding).
 35446 | Vaults:3 | 35446 ||| INVOKING Finesse.
 35662 | Vaults:3 | Found an iron altar of Okawaru.
 36130 | Vaults:3 | 36130 ||| Stepping randomly (stuck).
 36211 | Vaults:4 | Identified the +5 ring mail "Zyfodwok" {rF++} (Okawaru
                  | gifted it to you on level 4 of the Vaults)
 36211 | Vaults:4 | Received a gift from Okawaru
 36433 | Vaults:4 | 36433 ||| Stepping ~*~*~tactically~*~*~ (hiding).
 36435 | Vaults:4 | 36435 ||| Stepping ~*~*~tactically~*~*~ (hiding).
 36435 | Vaults:4 | Identified the +4 plate armour of Negation {rF+ Stlth+}
 36443 | Vaults:4 | 36443 ||| INVOKING Finesse.
 36718 | Vaults:4 | 36718 ||| Stepping ~*~*~tactically~*~*~ (stealth).
 36742 | Vaults:4 | 36742 ||| Stepping ~*~*~tactically~*~*~ (hiding).
 36773 | Vaults:4 | 36773 ||| INVOKING Heroism.
 36774 | Vaults:4 | 36774 ||| INVOKING Finesse.
 36902 | Vaults:4 | 36902 ||| Stepping ~*~*~tactically~*~*~ (hiding).
 37016 | Vaults:4 | 37016 ||| INVOKING Heroism.
 37028 | Vaults:4 | Reached skill level 18 in Fighting
 37323 | Vaults:4 | 37323 ||| Stepping ~*~*~tactically~*~*~ (stealth).
 37352 | Vaults:4 | Received a gift from Okawaru
 37404 | Vaults:4 | 37404 ||| PLANNING SNAKE:4
 37756 | Snake:4  | Entered Level 4 of the Snake Pit
 37940 | Snake:4  | Found Weckia's Self-Improvement Boutique.
 38131 | Snake:4  | Reached XP level 22. HP: 147/147 MP: 29/29
 38194 | Snake:4  | 38194 ||| Stepping ~*~*~tactically~*~*~ (hiding).
 38197 | Snake:4  | 38197 ||| Stepping ~*~*~tactically~*~*~ (hiding).
 38198 | Snake:4  | 38198 ||| Stepping ~*~*~tactically~*~*~ (hiding).
 38237 | Snake:4  | 38237 ||| Stepping ~*~*~tactically~*~*~ (hiding).
 38238 | Snake:4  | 38238 ||| Stepping ~*~*~tactically~*~*~ (hiding).
 38240 | Snake:4  | 38240 ||| Stepping ~*~*~tactically~*~*~ (hiding).
 38271 | Snake:4  | 38271 ||| FLEEEEING.
 38274 | Snake:4  | 38274 ||| FLEEEEING.
 38277 | Snake:4  | 38277 ||| FLEEEEING.
 38278 | Snake:4  | 38278 ||| FLEEEEING.
 38363 | Snake:4  | Reached skill level 21 in Armour
 38455 | Snake:4  | Received a gift from Okawaru
 38518 | Snake:4  | Got a serpentine rune of Zot
 38757 | Snake:4  | 38757 ||| Stepping ~*~*~tactically~*~*~ (hiding).
 38758 | Snake:4  | 38758 ||| Stepping ~*~*~tactically~*~*~ (hiding).
 39018 | Snake:4  | 39018 ||| PLANNING DEPTHS
 39103 | Snake:4  | 39103 ||| PLANNING SNAKE:4
 39104 | Snake:4  | 39104 ||| PLANNING DEPTHS
 39116 | Snake:4  | 39116 ||| PLANNING SNAKE:4
 39117 | Snake:4  | 39117 ||| PLANNING DEPTHS
 39136 | Snake:4  | 39136 ||| PLANNING SNAKE:4
 39137 | Snake:4  | 39137 ||| PLANNING DEPTHS
 39159 | Snake:4  | 39159 ||| PLANNING SNAKE:4
 39160 | Snake:4  | 39160 ||| PLANNING DEPTHS
 39184 | Snake:4  | 39184 ||| PLANNING SNAKE:4
 39185 | Snake:4  | 39185 ||| PLANNING DEPTHS
 39189 | Snake:4  | 39189 ||| Stepping ~*~*~tactically~*~*~ (hiding).
 39197 | Snake:4  | Received a gift from Okawaru
 39636 | Depths:1 | Entered Level 1 of the Depths
 39645 | Depths:1 | 39645 ||| INVOKING Heroism.
 39653 | Depths:1 | 39653 ||| INVOKING Finesse.
 39766 | Depths:1 | Found a one-way gateway to a ziggurat.
 39767 | Depths:1 | Noticed an ancient lich
 39768 | Depths:1 | 39768 ||| INVOKING Heroism.
 39769 | Depths:1 | 39769 ||| INVOKING Finesse.
 39848 | Depths:1 | 39848 ||| Stepping ~*~*~tactically~*~*~ (stealth).
 39934 | Depths:1 | 39934 ||| Stepping ~*~*~tactically~*~*~ (stealth).
 39935 | Depths:1 | 39935 ||| Stepping ~*~*~tactically~*~*~ (stealth).
 39936 | Depths:1 | 39936 ||| Stepping ~*~*~tactically~*~*~ (stealth).
 39954 | Depths:1 | 39954 ||| Stepping ~*~*~tactically~*~*~ (hiding).
 40206 | Depths:1 | 40206 ||| INVOKING Heroism.
 40207 | Depths:1 | 40207 ||| INVOKING Finesse.
 40303 | Depths:1 | Noticed Mara
 40304 | Depths:1 | 40304 ||| INVOKING Heroism.
 40305 | Depths:1 | 40305 ||| INVOKING Finesse.
 40320 | Depths:1 | Noticed qw's illusion
 40322 | Depths:1 | Killed Mara
 40376 | Depths:1 | Noticed Bai Suzhen
 40384 | Depths:1 | Killed Bai Suzhen
 40384 | Depths:1 | Received a gift from Okawaru
 40649 | Depths:1 | 40649 ||| Stepping ~*~*~tactically~*~*~ (hiding).
 40654 | Depths:1 | 40654 ||| INVOKING Heroism.
 40662 | Depths:1 | 40662 ||| Stepping ~*~*~tactically~*~*~ (cloud).
 40663 | Depths:1 | 40663 ||| Stepping ~*~*~tactically~*~*~ (cloud).
 40682 | Depths:1 | Found Rarra Kiy's Weapon Emporium.
 40814 | Depths:1 | 40814 ||| Stepping ~*~*~tactically~*~*~ (hiding).
 40816 | Depths:1 | 40816 ||| Stepping ~*~*~tactically~*~*~ (hiding).
 40817 | Depths:1 | 40817 ||| Stepping ~*~*~tactically~*~*~ (hiding).
 40818 | Depths:1 | 40818 ||| Stepping ~*~*~tactically~*~*~ (hiding).
 40820 | Depths:1 | 40820 ||| Stepping ~*~*~tactically~*~*~ (hiding).
 40821 | Depths:1 | 40821 ||| Stepping ~*~*~tactically~*~*~ (hiding).
 40823 | Depths:1 | 40823 ||| Stepping ~*~*~tactically~*~*~ (hiding).
 40824 | Depths:1 | 40824 ||| Stepping ~*~*~tactically~*~*~ (hiding).
 40825 | Depths:1 | 40825 ||| Stepping ~*~*~tactically~*~*~ (hiding).
 40940 | Depths:1 | Found a gateway to Hell.
 40976 | Depths:1 | 40976 ||| DROPPING ring of fire.
 41037 | Depths:2 | 41037 ||| INVOKING Heroism.
 41045 | Depths:2 | Received a gift from Okawaru
 41047 | Depths:2 | 41047 ||| INVOKING Finesse.
 41071 | Depths:2 | Received a gift from Okawaru
 41077 | Depths:2 | 41077 ||| Stepping ~*~*~tactically~*~*~ (hiding).
 41088 | Depths:2 | 41088 ||| Stepping ~*~*~tactically~*~*~ (hiding).
 41098 | Depths:2 | Identified the +7 plate armour of Theory {*Slow +Inv Fly
                  | rCorr}
 41103 | Depths:2 | 41103 ||| INVOKING Finesse.
 41118 | Depths:2 | 41118 ||| INVOKING Heroism.
 41135 | Depths:2 | Reached XP level 23. HP: 65/155 MP: 24/30
 41163 | Depths:2 | Paralysed by a floating eye for 2 turns
 41168 | Depths:2 | Paralysed by a floating eye for 3 turns
 41269 | Depths:2 | 41269 ||| Stepping ~*~*~tactically~*~*~ (hiding).
 41363 | Depths:2 | 41363 ||| Stepping ~*~*~tactically~*~*~ (stealth).
 41365 | Depths:2 | 41365 ||| Stepping ~*~*~tactically~*~*~ (hiding).
 41366 | Depths:2 | 41366 ||| INVOKING Heroism.
 41369 | Depths:2 | 41369 ||| INVOKING Finesse.
 41370 | Depths:2 | 41370 ||| INVOKING Finesse.
 41449 | Depths:2 | 41449 ||| INVOKING Heroism.
 41463 | Depths:2 | 41463 ||| Stepping ~*~*~tactically~*~*~ (stealth).
 41465 | Depths:2 | 41465 ||| Stepping ~*~*~tactically~*~*~ (stealth).
 41467 | Depths:2 | 41467 ||| Stepping ~*~*~tactically~*~*~ (stealth).
 41480 | Depths:2 | Received a gift from Okawaru
 41551 | Depths:2 | Noticed Louise
 41552 | Depths:2 | 41552 ||| Stepping ~*~*~tactically~*~*~ (stealth).
 41571 | Abyss:3  | Cast into level 3 of the Abyss (Louise)
 41594 | Abyss:3  | Found a corrupted altar of Lugonu.
 41607 | Abyss:3  | Found a corrupted altar of Lugonu.
 41607 | Abyss:3  | Found a corrupted altar of Lugonu.
 41609 | Abyss:3  | 41609 ||| Stepping ~*~*~tactically~*~*~ (stealth).
 41625 | Abyss:3  | 41625 ||| Stepping ~*~*~tactically~*~*~ (stealth).
 41634 | Abyss:3  | 41634 ||| Stepping ~*~*~tactically~*~*~ (hiding).
 41662 | Abyss:3  | 41662 ||| Stepping ~*~*~tactically~*~*~ (hiding).
 41664 | Abyss:3  | 41664 ||| Stepping ~*~*~tactically~*~*~ (hiding).
 41695 | Depths:2 | Escaped the Abyss
 41742 | Depths:2 | Killed Louise
 41986 | Depths:2 | 41986 ||| Stepping ~*~*~tactically~*~*~ (hiding).
 42001 | Depths:2 | 42001 ||| INVOKING Heroism.
 42092 | Depths:2 | Found a one-way gate leading to the halls of Pandemonium.
 42094 | Depths:2 | Received a gift from Okawaru
 42170 | Depths:2 | 42170 ||| Stepping ~*~*~tactically~*~*~ (stealth).
 42299 | Depths:2 | Found a transporter.
 42303 | Depths:2 | Found a transporter.
 42303 | Depths:2 | Noticed qw's ghost (veteran GrHu)
 42317 | Depths:2 | Identified the +1 great mace of the Seventy-Seven Beds
                  | {flame, *Corrode Will++ Int+5}
 42527 | Depths:2 | 42527 ||| UPGRADING to +10 tower shield of Ignorance {rN+
                  | Int-4}.
 42537 | Depths:2 | 42537 ||| DROPPING +0 tower shield.
 42538 | Depths:2 | 42538 ||| DROPPING +2 kite shield of resistance.
 42567 | Depths:3 | 42567 ||| INVOKING Heroism.
 42575 | Depths:3 | Noticed a juggernaut
 42576 | Depths:3 | 42576 ||| INVOKING Finesse.
 42590 | Depths:3 | Killed a juggernaut
 42591 | Depths:3 | Reached skill level 6 in Dodging
 42599 | Depths:3 | 42599 ||| Stepping ~*~*~tactically~*~*~ (stealth).
 42616 | Depths:3 | 42616 ||| Stepping ~*~*~tactically~*~*~ (hiding).
 42617 | Depths:3 | 42617 ||| Stepping ~*~*~tactically~*~*~ (hiding).
 42620 | Depths:3 | 42620 ||| INVOKING Heroism.
 42621 | Depths:3 | 42621 ||| INVOKING Finesse.
 42621 | Depths:3 | Noticed a golden dragon
 42625 | Depths:3 | 42625 ||| Stepping ~*~*~tactically~*~*~ (hiding).
 42642 | Depths:3 | Reached skill level 21 in Shields
 42642 | Depths:3 | Killed a golden dragon
 42644 | Depths:3 | 42644 ||| Stepping ~*~*~tactically~*~*~ (hiding).
 42738 | Depths:3 | Noticed a juggernaut
 42739 | Depths:3 | 42739 ||| INVOKING Heroism.
 42749 | Depths:3 | Killed a juggernaut
 42768 | Depths:3 | Identified the +9 mace "Heot" {drain, rF+ rCorr Str+3}
 42776 | Depths:3 | 42776 ||| Stepping ~*~*~tactically~*~*~ (hiding).
 42784 | Depths:3 | Received a gift from Okawaru
 42889 | Depths:3 | Identified the +1 leather armour of Pantheism {rF+ Int+3}
 42923 | Depths:3 | Noticed a golden dragon
 42924 | Depths:3 | 42924 ||| INVOKING Heroism.
 42925 | Depths:3 | 42925 ||| INVOKING Finesse.
 42930 | Depths:3 | Killed a golden dragon
 42966 | Depths:3 | Reached skill level 21 in Fighting
 42991 | Depths:3 | 42991 ||| Stepping ~*~*~tactically~*~*~ (stealth).
 42994 | Depths:3 | 42994 ||| Stepping ~*~*~tactically~*~*~ (stealth).
 42995 | Depths:3 | 42995 ||| Stepping ~*~*~tactically~*~*~ (stealth).
 43037 | Depths:3 | Identified the +8 battleaxe "Vugeozet" {heavy, Fragile rN+
                  | rCorr Int+4 Dex-4}
 43385 | Depths:2 | 43385 ||| Stepping randomly (stuck).
 43668 | Depths:3 | 43668 ||| INVOKING Heroism.
 43741 | Depths:3 | Found a shimmering altar of Xom.
 44011 | Depths:3 | 44011 ||| INVOKING Heroism.
 44124 | Depths:4 | Entered Level 4 of the Depths
 44148 | Depths:4 | 44148 ||| INVOKING Finesse.
 44148 | Depths:4 | Noticed a juggernaut
 44150 | Depths:4 | 44150 ||| INVOKING Heroism.
 44157 | Depths:4 | Killed a juggernaut
 44214 | Depths:4 | Found Xoasagh's Antique Weapon Shop.
 44222 | Depths:4 | Found Qesmyitroe's Weapon Shop.
 44229 | Depths:4 | 44229 ||| INVOKING Heroism.
 44243 | Depths:4 | Received a gift from Okawaru
 44249 | Depths:4 | 44249 ||| Stepping ~*~*~tactically~*~*~ (stealth).
 44274 | Depths:4 | Paralysed by a floating eye for 4 turns
 44300 | Depths:4 | 44300 ||| INVOKING Heroism.
 44312 | Depths:4 | Reached XP level 24. HP: 166/167 MP: 30/30
 44357 | Depths:4 | Found a gate to the Realm of Zot.
 44387 | Depths:4 | 44387 ||| INVOKING Heroism.
 44611 | Depths:4 | 44611 ||| Stepping ~*~*~tactically~*~*~ (cloud).
 44630 | Depths:4 | 44630 ||| Stepping ~*~*~tactically~*~*~ (cloud).
 44784 | Depths:4 | 44784 ||| INVOKING Heroism.
 44786 | Depths:4 | 44786 ||| Stepping ~*~*~tactically~*~*~ (cloud).
 44796 | Depths:4 | Received a gift from Okawaru
 44797 | Depths:4 | 44797 ||| Stepping ~*~*~tactically~*~*~ (hiding).
 44819 | Depths:4 | 44819 ||| Stepping ~*~*~tactically~*~*~ (stealth).
 44838 | Depths:4 | Identified the +4 chain mail of Grace {rCorr}
 44981 | Depths:4 | 44981 ||| Stepping ~*~*~tactically~*~*~ (hiding).
 44985 | Depths:4 | 44985 ||| INVOKING Heroism.
 44997 | Depths:4 | 44997 ||| Stepping ~*~*~tactically~*~*~ (stealth).
 44998 | Depths:4 | 44998 ||| Stepping ~*~*~tactically~*~*~ (stealth).
 45009 | Depths:4 | 45009 ||| Stepping ~*~*~tactically~*~*~ (hiding).
 45017 | Depths:4 | Received a gift from Okawaru
 45047 | Depths:4 | 45047 ||| Stepping ~*~*~tactically~*~*~ (stealth).
 45050 | Depths:4 | 45050 ||| Stepping ~*~*~tactically~*~*~ (stealth).
 45051 | Depths:4 | 45051 ||| Stepping ~*~*~tactically~*~*~ (hiding).
 45067 | Depths:4 | 45067 ||| Stepping ~*~*~tactically~*~*~ (stealth).
 45091 | Depths:4 | 45091 ||| Stepping ~*~*~tactically~*~*~ (stealth).
 45101 | Depths:4 | 45101 ||| Stepping ~*~*~tactically~*~*~ (hiding).
 45104 | Depths:4 | 45104 ||| FLEEEEING.
 45106 | Depths:4 | 45106 ||| INVOKING Heroism.
 45106 | Depths:4 | Gained mutation: You are weak. (Str -2) [a shining eye]
 45131 | Depths:4 | Gained mutation: Your body sometimes deteriorates upon
                  | taking damage. [a shining eye]
 45133 | Depths:4 | 45133 ||| Stepping ~*~*~tactically~*~*~ (stealth).
 45134 | Depths:4 | 45134 ||| Stepping ~*~*~tactically~*~*~ (stealth).
 45138 | Depths:4 | 45138 ||| Stepping ~*~*~tactically~*~*~ (stealth).
 45165 | Depths:4 | 45165 ||| Stepping ~*~*~tactically~*~*~ (stealth).
 45166 | Depths:4 | 45166 ||| Stepping ~*~*~tactically~*~*~ (stealth).
 45170 | Depths:4 | 45170 ||| INVOKING Finesse.
 45336 | Depths:4 | Found an ancient bone altar of Kikubaaqudgha.
 45533 | Depths:4 | Reached skill level 12 in Throwing
 45540 | Depths:4 | 45540 ||| INVOKING Heroism.
 45631 | Depths:4 | Identified the +2 cloak of Okawaru's Delight {rElec Str+3
                  | Int+4 Dex-3}
 45837 | Depths:4 | Identified the +4 shortbow "Ganu" {drain, rF- Int+6}
 45930 | Depths:4 | 45930 ||| PLANNING VAULTS:5
 45930 | Depths:4 | 45930 ||| DROPPING +2 cloak of poison resistance.
 45931 | Depths:4 | 45931 ||| UPGRADING to +2 cloak of Okawaru's Delight {rElec
                  | Str+3 Int+4 Dex-3}.
 45941 | Depths:4 | 45941 ||| DROPPING scarf of repulsion.
 46285 | Vaults:5 | Entered Level 5 of the Vaults
 46286 | Vaults:5 | 46286 ||| INVOKING Heroism.
 46290 | Vaults:5 | Identified the +2 helmet "Nische" {Dex+3} (Okawaru gifted
                  | it to you on level 5 of the Vaults)
 46290 | Vaults:5 | Received a gift from Okawaru
 46319 | Vaults:5 | Reached XP level 25. HP: 117/176 MP: 30/30
 46328 | Vaults:5 | Identified the amulet of Perfectionism {Reflect Harm rPois
                  | Slay+2 SH+5}
 46342 | Vaults:5 | Paralysed by a floating eye for 2 turns
 46349 | Vaults:5 | 46349 ||| INVOKING Heroism.
 46351 | Vaults:5 | Noticed Jory
 46353 | Vaults:5 | Noticed an ancient lich
 46354 | Vaults:5 | 46354 ||| INVOKING Finesse.
 46354 | Vaults:5 | Identified the amulet "Ilipler" {Spirit Rampage rC+}
 46354 | Vaults:5 | HP: 38/176 [titan/bolt of lightning (11)]
 46355 | Vaults:5 | 46355 ||| READING 4 scrolls of teleportation.
 46356 | Vaults:5 | 46356 ||| DRINKING 11 potions of heal wounds.
 46380 | Vaults:5 | Received a gift from Okawaru
 46394 | Vaults:5 | 46394 ||| INVOKING Heroism.
 46415 | Vaults:5 | Identified the ring "Pirphih" {rPois Will+ MP+9 Dex+3}
 46416 | Vaults:5 | Reached skill level 24 in Fighting
 46422 | Vaults:5 | 46422 ||| INVOKING Finesse.
 46430 | Vaults:5 | Killed an ancient lich
 46430 | Vaults:5 | Received a gift from Okawaru
 46437 | Vaults:5 | HP: 35/179 [golden dragon/bolt of cold (11)]
 46437 | Vaults:5 | Noticed a dread lich
 46438 | Vaults:5 | 46438 ||| READING 3 scrolls of teleportation.
 46439 | Vaults:5 | 46439 ||| DRINKING 10 potions of heal wounds.
 46463 | Vaults:5 | 46463 ||| INVOKING Heroism.
 46487 | Vaults:5 | 46487 ||| INVOKING Heroism.
 46524 | Vaults:5 | 46524 ||| Stepping ~*~*~tactically~*~*~ (stealth).
 46552 | Vaults:5 | 46552 ||| INVOKING Heroism.
 46553 | Vaults:5 | 46553 ||| INVOKING Finesse.
 46573 | Vaults:5 | Identified the +2 hand axe of Suicidal Tendencies {flame,
                  | Drain rPois rN+} (Okawaru gifted it to you on level 5 of
                  | the Vaults)
 46573 | Vaults:5 | Received a gift from Okawaru
 46587 | Vaults:5 | 46587 ||| Stepping ~*~*~tactically~*~*~ (stealth).
 46588 | Vaults:5 | 46588 ||| Stepping ~*~*~tactically~*~*~ (hiding).
 46602 | Vaults:5 | 46602 ||| Stepping ~*~*~tactically~*~*~ (hiding).
 46603 | Vaults:5 | 46603 ||| Stepping ~*~*~tactically~*~*~ (hiding).
 46633 | Vaults:5 | Identified the +5 shortbow "Uvaw" {heavy, rC++ Will- Int+4
                  | Stlth+}
 46650 | Vaults:5 | 46650 ||| INVOKING Heroism.
 46652 | Vaults:5 | Killed a dread lich
 46656 | Vaults:5 | Killed Jory
 46705 | Vaults:5 | Received a gift from Okawaru
 46740 | Vaults:5 | 46740 ||| INVOKING Heroism.
 46924 | Vaults:5 | Identified the +11 glaive of Ointment {freeze, rC+}
 46930 | Vaults:5 | Identified the staff "Himiumaegh" {rElec rF- rN+++ MP+9
                  | Int+3 Air}
 46959 | Vaults:5 | Identified the ring "Tafiump" {rPois rN+ AC+4 Str+3}
 47048 | Vaults:5 | Identified the +5 rapier of Linearity {venom, rCorr Int+2
                  | Dex-3}
 47056 | Vaults:5 | Identified the +0 scale mail "Geynazy" {Rampage Drain
                  | rElec}
 47062 | Vaults:5 | Identified the amulet of Hoilojo {RegenMP SInv}
 47092 | Vaults:5 | 47092 ||| Stepping ~*~*~tactically~*~*~ (hiding).
 47117 | Vaults:5 | 47117 ||| Stepping ~*~*~tactically~*~*~ (stealth).
 47122 | Vaults:5 | 47122 ||| Stepping ~*~*~tactically~*~*~ (stealth).
 47204 | Vaults:5 | Got a silver rune of Zot
 47236 | Vaults:5 | 47236 ||| DRINKING potion of experience.
 47236 | Vaults:5 | Reached XP level 26. HP: 190/190 MP: 30/30
 47619 | Vaults:5 | 47619 ||| PLANNING SHOPPING SPREE
 47619 | Vaults:5 | 47619 ||| UPGRADING to +2 helmet "Nische" {Dex+3}.
 47629 | Vaults:5 | 47629 ||| DROPPING +2 helmet.
 47630 | Vaults:5 | 47630 ||| DROPPING amulet of Hoilojo {RegenMP SInv}.
 47631 | Vaults:5 | 47631 ||| UPGRADING to ring "Tafiump" {rPois rN+ AC+4
                  | Str+3}.
 47633 | Vaults:5 | 47633 ||| UPGRADING to +5 ring of evasion.
 47635 | Vaults:5 | 47635 ||| DROPPING +6 ring of strength.
 47636 | Vaults:5 | 47636 ||| DROPPING +4 ring of protection.
 47978 | D:5      | 47978 ||| BUYING potion of cancellation (120 gold).
 47978 | D:5      | Bought a potion of cancellation for 120 gold pieces
 47978 | D:5      | 47978 ||| BUYING potion of curing (45 gold).
 47978 | D:5      | Bought a potion of curing for 45 gold pieces
 47978 | D:5      | 47978 ||| BUYING potion of curing (45 gold).
 47978 | D:5      | Bought a potion of curing for 45 gold pieces
 47978 | D:5      | 47978 ||| BUYING potion of haste (150 gold).
 47978 | D:5      | Bought a potion of haste for 150 gold pieces
 47978 | D:5      | 47978 ||| BUYING potion of magic (120 gold).
 47978 | D:5      | Bought a potion of magic for 120 gold pieces
 47978 | D:5      | 47978 ||| BUYING potion of mutation (120 gold).
 47978 | D:5      | Bought a potion of mutation for 120 gold pieces
 48035 | D:7      | 48035 ||| BUYING +3 pair of seven-league boots {Rampage+∞}
                  | (1160 gold).
 48035 | D:7      | Bought the +3 pair of seven-league boots {Rampage+∞} for
                  | 1160 gold pieces
 48035 | D:7      | Found the +3 pair of seven-league boots {Rampage+∞}
 48035 | D:7      | 48035 ||| UPGRADING to +3 pair of seven-league boots
                  | {Rampage+∞}.
 48045 | D:7      | 48045 ||| DROPPING +2 pair of boots.
 48105 | D:5      | 48105 ||| BUYING pair of runed boots (262 gold).
 48105 | D:5      | Bought a pair of runed boots for 262 gold pieces
 48105 | D:5      | 48105 ||| BUYING potion of heal wounds (175 gold).
 48105 | D:5      | Bought a potion of heal wounds for 175 gold pieces
 48105 | D:5      | 48105 ||| BUYING wand of digging (3) (441 gold).
 48105 | D:5      | Bought a wand of digging (3) for 441 gold pieces
 48105 | D:5      | 48105 ||| DROPPING +0 pair of boots of stealth.
 48164 | D:7      | 48164 ||| BUYING ring "Xinaf" {Fire Str+4} (484 gold).
 48164 | D:7      | Bought the ring "Xinaf" {Fire Str+4} for 484 gold pieces
 48332 | Shoals:4 | 48332 ||| BUYING +3 pair of mountain boots {steadfast, rC+}
                  | (1206 gold).
 48332 | Shoals:4 | Bought the +3 pair of mountain boots {steadfast, rC+} for
                  | 1206 gold pieces
 48332 | Shoals:4 | Found the +3 pair of mountain boots {steadfast, rC+}
 48332 | Shoals:4 | 48332 ||| BUYING polished cloak (342 gold).
 48332 | Shoals:4 | Bought a polished cloak for 342 gold pieces
 48332 | Shoals:4 | Identified the +2 cloak of the Eleven Runes {+Inv Str+3}
                  | (You bought it in a shop on level 4 of the Shoals)
 48332 | Shoals:4 | 48332 ||| UPGRADING to +3 pair of mountain boots
                  | {steadfast, rC+}.
 48342 | Shoals:4 | 48342 ||| DROPPING +3 pair of seven-league boots
                  | {Rampage+∞}.
 48343 | Shoals:4 | 48343 ||| UPGRADING to +2 cloak of the Eleven Runes {+Inv
                  | Str+3}.
 48353 | Shoals:4 | 48353 ||| DROPPING +2 cloak of Okawaru's Delight {rElec
                  | Str+3 Int+4 Dex-3}.
 48540 | D:5      | 48540 ||| BUYING scroll of acquirement (520 gold).
 48540 | D:5      | Bought a scroll of acquirement for 520 gold pieces
 48540 | D:5      | 48540 ||| READING scroll of acquirement.
 48540 | D:5      | 48540 ||| ACQUIRING 473 gold pieces
 48540 | D:5      | Acquired 473 gold pieces
 48542 | D:5      | 48542 ||| PLANNING ZOT:1-4
 48880 | Zot:1    | Entered Level 1 of the Realm of Zot
 48996 | Zot:1    | Noticed Parghit
 48997 | Zot:1    | 48997 ||| INVOKING Heroism.
 48998 | Zot:1    | 48998 ||| INVOKING Finesse.
 49010 | Zot:1    | Killed Parghit
 49169 | Zot:1    | Received a gift from Okawaru
 49335 | Zot:1    | Reached XP level 27. HP: 165/196 MP: 30/30
 49335 | Zot:1    | Identified the +8 plate armour of Kiboinwy {Will+} (Okawaru
                  | gifted it to you on level 1 of the Realm of Zot)
 49335 | Zot:1    | Received a gift from Okawaru
 49775 | Zot:1    | Identified the +5 plate armour of Hadjma {rC++ rN+ Str-4
                  | SInv}
 49978 | Zot:1    | 49978 ||| DROPPING +1 hat.
 49979 | Zot:1    | 49979 ||| UPGRADING to ring of protection from fire.
 49981 | Zot:1    | 49981 ||| UPGRADING to ring "Xinaf" {Fire Str+4}.
 50018 | Zot:2    | 50018 ||| Stepping ~*~*~tactically~*~*~ (hiding).
 50042 | Zot:2    | Reached skill level 9 in Dodging
 50180 | Zot:2    | 50180 ||| Stepping ~*~*~tactically~*~*~ (hiding).
 50184 | Zot:2    | 50184 ||| INVOKING Heroism.
 50273 | Zot:2    | 50273 ||| Stepping ~*~*~tactically~*~*~ (stealth).
 50307 | Zot:2    | 50307 ||| Stepping ~*~*~tactically~*~*~ (hiding).
 50311 | Zot:2    | 50311 ||| INVOKING Heroism.
 50606 | Zot:2    | 50606 ||| INVOKING Heroism.
 50671 | Zot:2    | 50671 ||| Stepping ~*~*~tactically~*~*~ (hiding).
 50856 | Zot:3    | 50856 ||| INVOKING Heroism.
 50873 | Zot:3    | 50873 ||| Stepping ~*~*~tactically~*~*~ (hiding).
 50886 | Zot:3    | 50886 ||| Stepping ~*~*~tactically~*~*~ (hiding).
 50929 | Zot:3    | 50929 ||| Stepping ~*~*~tactically~*~*~ (stealth).
 50959 | Zot:3    | 50959 ||| INVOKING Heroism.
 50974 | Zot:3    | 50974 ||| Stepping ~*~*~tactically~*~*~ (stealth).
 50975 | Zot:3    | 50975 ||| Stepping ~*~*~tactically~*~*~ (stealth).
 50977 | Zot:3    | 50977 ||| Stepping ~*~*~tactically~*~*~ (hiding).
 50986 | Zot:3    | 50986 ||| Stepping ~*~*~tactically~*~*~ (hiding).
 50987 | Zot:3    | 50987 ||| Stepping ~*~*~tactically~*~*~ (hiding).
 51016 | Zot:3    | 51016 ||| FLEEEEING.
 51017 | Zot:3    | 51017 ||| FLEEEEING.
 51018 | Zot:3    | 51018 ||| STAIRDANCE
 51189 | Zot:3    | 51189 ||| Stepping ~*~*~tactically~*~*~ (stealth).
 51190 | Zot:3    | 51190 ||| Stepping ~*~*~tactically~*~*~ (stealth).
 51192 | Zot:3    | 51192 ||| Stepping ~*~*~tactically~*~*~ (hiding).
 52022 | Zot:3    | Gained mutation: You are partially covered in iridescent
                  | scales. (AC +2) [mutagenic glow]
 52032 | Zot:3    | Gained mutation: [You do not regenerate when monsters are
                  | visible.] [mutagenic glow]
 52063 | Zot:3    | Lost mutation: You are weak. (Str -2) [mutagenic glow]
 52123 | Zot:3    | 52123 ||| DRINKING 9 potions of mutation.
 52123 | Zot:3    | Lost mutation: You are partially covered in iridescent
                  | scales. (AC +2) [potion of mutation]
 52123 | Zot:3    | Lost mutation: [You do not regenerate when monsters are
                  | visible.] [potion of mutation]
 52123 | Zot:3    | Lost mutation: Your body sometimes deteriorates upon taking
                  | damage. [potion of mutation]
 52123 | Zot:3    | Gained mutation: Your spells are a little harder to cast,
                  | but a little more powerful. [potion of mutation]
 52123 | Zot:3    | Gained mutation: You have a pair of small horns on your
                  | head. [potion of mutation]
 52200 | Zot:3    | 52200 ||| INVOKING Heroism.
 52283 | Zot:3    | 52283 ||| DROPPING +2 helmet "Nische" {Dex+3}.
 52368 | Zot:4    | 52368 ||| INVOKING Heroism.
 52439 | Zot:4    | Received a gift from Okawaru
 52628 | Zot:4    | 52628 ||| INVOKING Heroism.
 52635 | Zot:4    | Identified the +0 pair of boots of Etyod {Contam Int+6
                  | Stlth+} (Okawaru gifted it to you on level 4 of the Realm
                  | of Zot)
 52635 | Zot:4    | Received a gift from Okawaru
 52681 | Zot:4    | Reached skill level 15 in Throwing
 52724 | Zot:4    | 52724 ||| Stepping ~*~*~tactically~*~*~ (stealth).
 52725 | Zot:4    | 52725 ||| Stepping ~*~*~tactically~*~*~ (stealth).
 52728 | Zot:4    | 52728 ||| INVOKING Heroism.
 52779 | Zot:4    | 52779 ||| INVOKING Heroism.
 52897 | Zot:4    | 52897 ||| Stepping ~*~*~tactically~*~*~ (stealth).
 52899 | Zot:4    | 52899 ||| Stepping ~*~*~tactically~*~*~ (stealth).
 52911 | Zot:4    | 52911 ||| Stepping ~*~*~tactically~*~*~ (stealth).
 52912 | Zot:4    | 52912 ||| Stepping ~*~*~tactically~*~*~ (stealth).
 53157 | Zot:4    | 53157 ||| PLANNING SLIME:5
 53157 | Zot:4    | 53157 ||| REMOVING ring "Xinaf" {Fire Str+4}.
 53158 | Zot:4    | 53158 ||| DROPPING +0 pair of boots of Etyod {Contam Int+6
                  | Stlth+}.
 53159 | Zot:4    | 53159 ||| UPGRADING to +7 plate armour of Theory {*Slow
                  | +Inv Fly rCorr}.
 53169 | Zot:4    | 53169 ||| DROPPING amulet of regeneration.
 53170 | Zot:4    | 53170 ||| UPGRADING to +5 ring of evasion.
 53628 | Slime:1  | Entered Level 1 of the Pits of Slime
 53630 | Slime:1  | 53630 ||| Stepping ~*~*~tactically~*~*~ (stealth).
 53633 | Slime:1  | 53633 ||| Stepping ~*~*~tactically~*~*~ (stealth).
 53724 | Slime:2  | Reached skill level 27 in Fighting
 53724 | Slime:2  | 53724 ||| INVOKING Heroism.
 53793 | Slime:3  | 53793 ||| FLEEEEING.
 53795 | Slime:3  | 53795 ||| FLEEEEING.
 53910 | Slime:4  | 53910 ||| Stepping ~*~*~tactically~*~*~ (stealth).
 53921 | Slime:4  | 53921 ||| INVOKING Heroism.
 53933 | Slime:4  | 53933 ||| Stepping ~*~*~tactically~*~*~ (wall).
 53934 | Slime:4  | 53934 ||| Stepping ~*~*~tactically~*~*~ (wall).
 53946 | Slime:4  | 53946 ||| Stepping ~*~*~tactically~*~*~ (wall).
 53958 | Slime:5  | Entered Level 5 of the Pits of Slime
 53981 | Slime:5  | 53981 ||| Stepping ~*~*~tactically~*~*~ (hiding).
 54008 | Slime:5  | Noticed the Royal Jelly
 54009 | Slime:5  | 54009 ||| INVOKING Heroism.
 54010 | Slime:5  | 54010 ||| INVOKING Finesse.
 54018 | Slime:5  | 54018 ||| DRINKING 5 potions of cancellation.
 54036 | Slime:5  | Killed the Royal Jelly
 54036 | Slime:5  | Received a gift from Okawaru
 54037 | Slime:5  | 54037 ||| DRINKING 4 potions of cancellation.
 54085 | Slime:5  | 54085 ||| INVOKING Heroism.
 54157 | Slime:5  | Identified the staff of Non Obstante Veredicto {rC+ Dex+2
                  | Ice}
 54165 | Slime:5  | 54165 ||| Stepping ~*~*~tactically~*~*~ (stealth).
 54187 | Slime:5  | 54187 ||| DROPPING +1 broad axe of distortion.
 54197 | Slime:5  | Identified the +12 sling of Cioryc {elec, rF+ Dex-2 SInv}
 54223 | Slime:5  | Identified the staff "Fubixtor" {Fly rN+ Will+ Necro Air}
 54252 | Slime:5  | Got a slimy rune of Zot
 54253 | Slime:5  | Identified the ring of the Lonely Teeth {rN+ Str+6 Stlth+}
 54267 | Slime:5  | Identified the staff "Teguas" {rElec rPois rF+ rN+ Dex-5
                  | Necro}
 54295 | Slime:5  | Received a gift from Okawaru
 54690 | Slime:5  | 54690 ||| PLANNING THE SHINING ONE WORSHIP
 54690 | Slime:5  | 54690 ||| UPGRADING to +9 gold dragon scales.
 54700 | Slime:5  | 54700 ||| DROPPING +7 plate armour of Theory {*Slow +Inv
                  | Fly rCorr}.
 54701 | Slime:5  | 54701 ||| UPGRADING to +14 crystal plate armour of Boredom
                  | {+Inv}.
 54711 | Slime:5  | 54711 ||| DROPPING amulet of guardian spirit.
 54712 | Slime:5  | 54712 ||| DROPPING ring of resist corrosion.
 54713 | Slime:5  | 54713 ||| DROPPING ring of the Lonely Teeth {rN+ Str+6
                  | Stlth+}.
 54772 | Slime:2  | 54772 ||| Stepping ~*~*~tactically~*~*~ (hiding).
 54774 | Slime:2  | 54774 ||| Stepping ~*~*~tactically~*~*~ (hiding).
 55006 | Temple   | 55006 ||| SWAPPING to +9 broad axe of Wuelibegh {freeze,
                  | Int+3}.
 55186 | Temple   | 55186 ||| SWAPPING to +16 obsidian axe {drain, demonic,
                  | Mesm Drain Fly SInv}.
 55209 | Temple   | 55209 ||| SWAPPING to +9 broad axe of Wuelibegh {freeze,
                  | Int+3}.
 55210 | Temple   | Fell from the grace of Okawaru
 55210 | Temple   | Became a worshipper of the Shining One
 55211 | Temple   | 55211 ||| PLANNING CRYPT
 55490 | Crypt:1  | Entered Level 1 of the Crypt
 55514 | Crypt:1  | Reached * piety under the Shining One
 55515 | Crypt:1  | Reached skill level 12 in Invocations
 55557 | Crypt:1  | Reached ** piety under the Shining One
 55609 | Crypt:1  | 55609 ||| Stepping ~*~*~tactically~*~*~ (stealth).
 55637 | Crypt:1  | Reached *** piety under the Shining One
 55709 | Crypt:1  | 55709 ||| Stepping ~*~*~tactically~*~*~ (hiding).
 55811 | Crypt:1  | 55811 ||| Stepping ~*~*~tactically~*~*~ (hiding).
 55822 | Crypt:1  | Reached **** piety under the Shining One
 55825 | Crypt:1  | Noticed Frederick
 55838 | Crypt:1  | Killed Frederick
 55911 | Crypt:1  | Reached ***** piety under the Shining One
 56042 | Crypt:1  | Identified the +10 double sword of the Leaping Bear {drain,
                  | rF+}
 56435 | Crypt:2  | Reached ****** piety under the Shining One
 56436 | Crypt:2  | 56436 ||| INVOKING Brand Weapon With Holy Wrath.
 56436 | Crypt:2  | Identified a +4 broad axe of holy wrath (a +2 heavy broad
                  | axe blessed by the Shining One)
 56436 | Crypt:2  | Received a gift from the Shining One
 56437 | Crypt:2  | 56437 ||| SWAPPING to +4 broad axe of holy wrath.
 56438 | Crypt:2  | 56438 ||| READING 6 scrolls of enchant weapon.
 56438 | Crypt:2  | 56438 ||| ENCHANTING +4 broad axe of holy wrath.
 56439 | Crypt:2  | 56439 ||| READING 5 scrolls of enchant weapon.
 56439 | Crypt:2  | 56439 ||| ENCHANTING +5 broad axe of holy wrath.
 56440 | Crypt:2  | 56440 ||| READING 4 scrolls of enchant weapon.
 56440 | Crypt:2  | 56440 ||| ENCHANTING +6 broad axe of holy wrath.
 56441 | Crypt:2  | 56441 ||| READING 3 scrolls of enchant weapon.
 56441 | Crypt:2  | 56441 ||| ENCHANTING +7 broad axe of holy wrath.
 56450 | Crypt:2  | 56450 ||| READING 2 scrolls of enchant weapon.
 56450 | Crypt:2  | 56450 ||| ENCHANTING +8 broad axe of holy wrath.
 56538 | Crypt:2  | 56538 ||| Stepping ~*~*~tactically~*~*~ (hiding).
 56825 | Crypt:2  | 56825 ||| Stepping ~*~*~tactically~*~*~ (stealth).
 56826 | Crypt:2  | 56826 ||| Stepping ~*~*~tactically~*~*~ (stealth).
 56832 | Crypt:2  | 56832 ||| Stepping ~*~*~tactically~*~*~ (hiding).
 56842 | Crypt:2  | Reached skill level 15 in Invocations
 56844 | Crypt:2  | 56844 ||| Stepping ~*~*~tactically~*~*~ (hiding).
 56846 | Crypt:2  | 56846 ||| Stepping ~*~*~tactically~*~*~ (hiding).
 56864 | Crypt:2  | 56864 ||| FLEEEEING.
 56865 | Crypt:2  | 56865 ||| FLEEEEING.
 56869 | Crypt:2  | 56869 ||| FLEEEEING.
 56870 | Crypt:2  | 56870 ||| FLEEEEING.
 57086 | Crypt:2  | Identified the +3 ring mail "Unytz" {Fly rPois}
 57412 | Crypt:3  | Entered Level 3 of the Crypt
 57419 | Crypt:3  | 57419 ||| Stepping ~*~*~tactically~*~*~ (hiding).
 57420 | Crypt:3  | 57420 ||| Stepping ~*~*~tactically~*~*~ (hiding).
 57541 | Crypt:3  | Found a runed translucent door.
 57542 | Crypt:3  | Found a shimmering altar of Xom.
 57542 | Crypt:3  | Noticed Osipn's ghost (veteran MiGl)
 57553 | Crypt:3  | Found an ancient bone altar of Kikubaaqudgha.
 57657 | Crypt:3  | 57657 ||| Stepping ~*~*~tactically~*~*~ (stealth).
 57949 | Crypt:3  | Found a basalt altar of Yredelemnul.
 57984 | Crypt:3  | Noticed an ancient lich
 57985 | Crypt:3  | 57985 ||| INVOKING Summon Divine Warrior.
 57997 | Crypt:3  | Killed an ancient lich
 58020 | Crypt:3  | 58020 ||| DROPPING +1 broad axe of freezing.
 58246 | Crypt:3  | 58246 ||| INVOKING Cleansing Flame.
 58247 | Crypt:3  | 58247 ||| INVOKING Cleansing Flame.
 58279 | Crypt:3  | Identified the ring "Wokijaun" {rN+ Str+2}
 58279 | Crypt:3  | Identified the ring of the Skies Above {rPois rN+ Slay+3
                  | Stlth+}
 58342 | Crypt:3  | Reached skill level 18 in Invocations
 58411 | Crypt:3  | 58411 ||| INVOKING Cleansing Flame.
 58481 | Crypt:3  | 58481 ||| Stepping ~*~*~tactically~*~*~ (stealth).
 58563 | Crypt:3  | Found a staircase to the Tomb.
 58807 | Crypt:3  | 58807 ||| DROPPING +2 cloak of willpower.
 58808 | Crypt:3  | 58808 ||| PLANNING TOMB
 58808 | Crypt:3  | 58808 ||| DROPPING ring "Wokijaun" {rN+ Str+2}.
 58809 | Crypt:3  | 58809 ||| DROPPING ring of the Skies Above {rPois rN+
                  | Slay+3 Stlth+}.
 58864 | Tomb:1   | Entered Level 1 of the Tomb of the Ancients
 58898 | Tomb:1   | 58898 ||| INVOKING Cleansing Flame.
 58943 | Tomb:1   | Noticed Khufu
 58944 | Tomb:1   | 58944 ||| INVOKING Summon Divine Warrior.
 58945 | Tomb:1   | Noticed a royal mummy
 58949 | Tomb:1   | 58949 ||| INVOKING Cleansing Flame.
 58950 | Tomb:1   | 58950 ||| INVOKING Cleansing Flame.
 58952 | Tomb:1   | Killed Khufu
 58954 | Tomb:1   | Killed a royal mummy
 58973 | Tomb:1   | 58973 ||| INVOKING Summon Divine Warrior.
 58974 | Tomb:1   | HP: 35/199 [fire giant/bolt of fire[the fury of Okawaru]
                  | (44)]
 58975 | Tomb:1   | 58975 ||| READING 8 scrolls of teleportation.
 58976 | Tomb:1   | 58976 ||| DRINKING 15 potions of heal wounds.
 58977 | Tomb:1   | 58977 ||| DRINKING 14 potions of heal wounds.
 59001 | Tomb:1   | HP: 13/199 [fire giant/fireball[the fury of Okawaru] (41)]
 59002 | Tomb:1   | 59002 ||| READING 7 scrolls of teleportation.
 59006 | Tomb:1   | 59006 ||| DRINKING 13 potions of heal wounds.
 59007 | Tomb:1   | 59007 ||| READING 6 scrolls of teleportation.
 59008 | Tomb:1   | 59008 ||| DRINKING 12 potions of heal wounds.
 59013 | Tomb:1   | 59013 ||| INVOKING Cleansing Flame.
 59014 | Tomb:1   | 59014 ||| INVOKING Cleansing Flame.
 59022 | Tomb:1   | 59022 ||| INVOKING Summon Divine Warrior.
 59381 | Tomb:1   | 59381 ||| INVOKING Cleansing Flame.
 59383 | Tomb:1   | 59383 ||| FLEEEEING.
 59522 | Tomb:1   | 59522 ||| Stepping ~*~*~tactically~*~*~ (hiding).
 59524 | Tomb:1   | 59524 ||| INVOKING Cleansing Flame.
 59525 | Tomb:1   | 59525 ||| INVOKING Cleansing Flame.
 59526 | Tomb:1   | 59526 ||| INVOKING Cleansing Flame.
 59537 | Tomb:1   | 59537 ||| Stepping ~*~*~tactically~*~*~ (stealth).
 59540 | Tomb:1   | 59540 ||| Stepping ~*~*~tactically~*~*~ (stealth).
 59543 | Tomb:1   | 59543 ||| INVOKING Summon Divine Warrior.
 59545 | Tomb:1   | 59545 ||| INVOKING Cleansing Flame.
 60262 | Tomb:1   | 60262 ||| INVOKING Summon Divine Warrior.
 60422 | Tomb:2   | 60422 ||| DRINKING 10 potions of haste.
 60423 | Tomb:2   | 60423 ||| DRINKING 6 potions of attraction.
 60424 | Tomb:2   | Noticed a royal mummy
 60424 | Tomb:2   | Noticed a royal mummy
 60425 | Tomb:2   | 60425 ||| INVOKING Summon Divine Warrior.
 60426 | Tomb:2   | Noticed a royal mummy
 60426 | Tomb:2   | Noticed a royal mummy
 60433 | Tomb:2   | Killed a royal mummy
 60434 | Tomb:2   | 60434 ||| INVOKING Summon Divine Warrior.
 60438 | Tomb:2   | Killed a royal mummy
 60441 | Tomb:2   | Killed a royal mummy
 60441 | Tomb:2   | Killed a royal mummy
 60442 | Tomb:2   | 60442 ||| INVOKING Cleansing Flame.
 60656 | Tomb:2   | 60656 ||| Stepping ~*~*~tactically~*~*~ (hiding).
 60657 | Tomb:2   | 60657 ||| Stepping ~*~*~tactically~*~*~ (hiding).
 61275 | Tomb:1   | Noticed a royal mummy
 61276 | Tomb:1   | 61276 ||| Stepping ~*~*~tactically~*~*~ (hiding).
 61278 | Tomb:1   | Noticed a royal mummy
 61279 | Tomb:1   | 61279 ||| INVOKING Cleansing Flame.
 61280 | Tomb:1   | 61280 ||| INVOKING Summon Divine Warrior.
 61283 | Tomb:1   | Killed a royal mummy
 61284 | Tomb:1   | Killed a royal mummy
 61284 | Tomb:1   | Noticed a royal mummy
 61285 | Tomb:1   | Reached skill level 21 in Invocations
 61285 | Tomb:1   | Noticed a royal mummy
 61285 | Tomb:1   | Noticed a royal mummy
 61286 | Tomb:1   | Noticed a royal mummy
 61287 | Tomb:1   | 61287 ||| INVOKING Cleansing Flame.
 61290 | Tomb:1   | Killed a royal mummy
 61291 | Tomb:1   | Killed a royal mummy
 61295 | Tomb:1   | Killed a royal mummy
 61298 | Tomb:1   | Killed a royal mummy
 61305 | Tomb:1   | Noticed a royal mummy
 61308 | Tomb:1   | 61308 ||| INVOKING Cleansing Flame.
 61308 | Tomb:1   | Noticed a royal mummy
 61309 | Tomb:1   | 61309 ||| INVOKING Cleansing Flame.
 61310 | Tomb:1   | 61310 ||| INVOKING Cleansing Flame.
 61310 | Tomb:1   | Killed a royal mummy
 61312 | Tomb:1   | 61312 ||| INVOKING Cleansing Flame.
 61316 | Tomb:1   | Killed a royal mummy
 61327 | Tomb:1   | Noticed a royal mummy
 61332 | Tomb:1   | Killed a royal mummy
 61335 | Tomb:1   | Noticed a royal mummy
 61340 | Tomb:1   | Killed a royal mummy
 61347 | Tomb:1   | Noticed a royal mummy
 61349 | Tomb:1   | 61349 ||| INVOKING Cleansing Flame.
 61350 | Tomb:1   | 61350 ||| INVOKING Cleansing Flame.
 61350 | Tomb:1   | Killed a royal mummy
 61416 | Tomb:1   | Noticed a royal mummy
 61421 | Tomb:1   | 61421 ||| INVOKING Cleansing Flame.
 61422 | Tomb:1   | 61422 ||| INVOKING Cleansing Flame.
 61423 | Tomb:1   | 61423 ||| INVOKING Cleansing Flame.
 61423 | Tomb:1   | Killed a royal mummy
 61483 | Tomb:1   | Noticed a royal mummy
 61487 | Tomb:1   | Noticed a royal mummy
 61488 | Tomb:1   | 61488 ||| INVOKING Cleansing Flame.
 61489 | Tomb:1   | 61489 ||| INVOKING Cleansing Flame.
 61489 | Tomb:1   | Killed a royal mummy
 61491 | Tomb:1   | 61491 ||| INVOKING Cleansing Flame.
 61492 | Tomb:1   | 61492 ||| INVOKING Cleansing Flame.
 61492 | Tomb:1   | Killed a royal mummy
 61493 | Tomb:1   | Noticed a royal mummy
 61495 | Tomb:1   | 61495 ||| INVOKING Cleansing Flame.
 61496 | Tomb:1   | 61496 ||| INVOKING Cleansing Flame.
 61497 | Tomb:1   | 61497 ||| INVOKING Cleansing Flame.
 61497 | Tomb:1   | Killed a royal mummy
 61550 | Tomb:1   | Was forgiven by Okawaru
 61563 | Tomb:1   | Noticed a royal mummy
 61581 | Tomb:1   | 61581 ||| INVOKING Summon Divine Warrior.
 61585 | Tomb:1   | 61585 ||| INVOKING Cleansing Flame.
 61586 | Tomb:1   | 61586 ||| INVOKING Cleansing Flame.
 61586 | Tomb:1   | Killed a royal mummy
 61662 | Tomb:1   | Noticed a royal mummy
 61667 | Tomb:1   | 61667 ||| INVOKING Cleansing Flame.
 61668 | Tomb:1   | 61668 ||| INVOKING Cleansing Flame.
 61669 | Tomb:1   | 61669 ||| INVOKING Cleansing Flame.
 61670 | Tomb:1   | 61670 ||| INVOKING Cleansing Flame.
 61672 | Tomb:1   | Killed a royal mummy
 61765 | Tomb:1   | Noticed a royal mummy
 61766 | Tomb:1   | 61766 ||| INVOKING Summon Divine Warrior.
 61769 | Tomb:1   | 61769 ||| INVOKING Cleansing Flame.
 61769 | Tomb:1   | Killed a royal mummy
 61816 | Tomb:1   | Noticed a royal mummy
 61817 | Tomb:1   | 61817 ||| INVOKING Summon Divine Warrior.
 61822 | Tomb:1   | 61822 ||| INVOKING Cleansing Flame.
 61823 | Tomb:1   | Killed a royal mummy
 61876 | Tomb:1   | Noticed a royal mummy
 61878 | Tomb:1   | 61878 ||| INVOKING Cleansing Flame.
 61886 | Tomb:1   | 61886 ||| INVOKING Cleansing Flame.
 61891 | Tomb:1   | Killed a royal mummy
 62231 | Tomb:2   | 62231 ||| INVOKING Cleansing Flame.
 62237 | Tomb:2   | 62237 ||| INVOKING Summon Divine Warrior.
 62244 | Tomb:2   | 62244 ||| INVOKING Cleansing Flame.
 62251 | Tomb:2   | 62251 ||| INVOKING Cleansing Flame.
 62442 | Tomb:3   | Entered Level 3 of the Tomb of the Ancients
 62443 | Tomb:3   | 62443 ||| DRINKING 10 potions of haste.
 62444 | Tomb:3   | 62444 ||| DRINKING 6 potions of attraction.
 62481 | Tomb:3   | 62481 ||| INVOKING Summon Divine Warrior.
 62483 | Tomb:3   | 62483 ||| INVOKING Cleansing Flame.
 62484 | Tomb:3   | 62484 ||| INVOKING Cleansing Flame.
 62485 | Tomb:3   | 62485 ||| INVOKING Cleansing Flame.
 62486 | Tomb:3   | 62486 ||| INVOKING Cleansing Flame.
 62487 | Tomb:3   | 62487 ||| INVOKING Cleansing Flame.
 62488 | Tomb:3   | Reached skill level 24 in Invocations
 62498 | Tomb:3   | 62498 ||| INVOKING Cleansing Flame.
 62501 | Tomb:3   | 62501 ||| INVOKING Cleansing Flame.
 62504 | Tomb:3   | 62504 ||| INVOKING Cleansing Flame.
 62508 | Tomb:3   | 62508 ||| INVOKING Cleansing Flame.
 62509 | Tomb:3   | 62509 ||| INVOKING Cleansing Flame.
 62517 | Tomb:3   | Noticed a royal mummy
 62518 | Tomb:3   | Noticed a royal mummy
 62521 | Tomb:3   | 62521 ||| INVOKING Cleansing Flame.
 62525 | Tomb:3   | Killed a royal mummy
 62526 | Tomb:3   | 62526 ||| INVOKING Cleansing Flame.
 62527 | Tomb:3   | 62527 ||| INVOKING Cleansing Flame.
 62527 | Tomb:3   | Killed a royal mummy
 62531 | Tomb:3   | Noticed a royal mummy
 62534 | Tomb:3   | Noticed a royal mummy
 62536 | Tomb:3   | 62536 ||| INVOKING Cleansing Flame.
 62537 | Tomb:3   | 62537 ||| INVOKING Cleansing Flame.
 62537 | Tomb:3   | Noticed a royal mummy
 62537 | Tomb:3   | Noticed a royal mummy
 62538 | Tomb:3   | 62538 ||| INVOKING Cleansing Flame.
 62538 | Tomb:3   | Killed a royal mummy
 62539 | Tomb:3   | 62539 ||| INVOKING Cleansing Flame.
 62539 | Tomb:3   | Noticed a royal mummy
 62542 | Tomb:3   | Identified the +0 leather armour of Bouc {Fly rElec Dex+2}
 62542 | Tomb:3   | Noticed a royal mummy
 62545 | Tomb:3   | Killed a royal mummy
 62549 | Tomb:3   | 62549 ||| INVOKING Cleansing Flame.
 62549 | Tomb:3   | Killed a royal mummy
 62549 | Tomb:3   | Noticed a royal mummy
 62550 | Tomb:3   | 62550 ||| INVOKING Cleansing Flame.
 62551 | Tomb:3   | 62551 ||| INVOKING Cleansing Flame.
 62551 | Tomb:3   | Killed a royal mummy
 62552 | Tomb:3   | Killed a royal mummy
 62553 | Tomb:3   | Killed a royal mummy
 62553 | Tomb:3   | HP: 39/199 [something (12)]
 62554 | Tomb:3   | 62554 ||| READING 6 scrolls of teleportation.
 62555 | Tomb:3   | 62555 ||| DRINKING 11 potions of heal wounds.
 62556 | Tomb:3   | 62556 ||| INVOKING Summon Divine Warrior.
 62561 | Tomb:3   | 62561 ||| INVOKING Cleansing Flame.
 62562 | Tomb:3   | 62562 ||| INVOKING Cleansing Flame.
 62562 | Tomb:3   | Killed a royal mummy
 62771 | Tomb:3   | Identified the ring "Suamimotar" {rElec rC+ Str+4 Int+5
                  | Dex-5}
 62774 | Tomb:3   | Identified the ring "Cifitz" {rN+ rCorr Str+6 Stlth+}
 62776 | Tomb:3   | Identified the ring of Cofim {Fire Stlth+}
 62779 | Tomb:3   | Identified the +6 rapier of the People {flame, rPois Int+3}
 62782 | Tomb:3   | Identified the +4 hand axe "Egis" {heavy, Fragile +Blink
                  | rC+}
 62847 | Tomb:3   | Identified the +11 arbalest of Xypeema {drain, rC+ rN+}
 63038 | Tomb:3   | Got a golden rune of Zot
 63060 | Tomb:3   | 63060 ||| PLANNING ABYSS
 63060 | Tomb:3   | 63060 ||| UPGRADING to ring "Cifitz" {rN+ rCorr Str+6
                  | Stlth+}.
 63062 | Tomb:3   | 63062 ||| DROPPING ring of ice.
 63063 | Tomb:3   | 63063 ||| DROPPING ring of Cofim {Fire Stlth+}.
 63064 | Tomb:3   | 63064 ||| DROPPING 10 potions of lignification.
 63065 | Tomb:3   | 63065 ||| DROPPING 5 potions of attraction.
 63561 | Depths:2 | Voluntarily entered the Abyss.
 63561 | Abyss:3  | Found a corrupted altar of Lugonu.
 63566 | Abyss:3  | 63566 ||| Stepping ~*~*~tactically~*~*~ (hiding).
 63572 | Abyss:3  | 63572 ||| Stepping ~*~*~tactically~*~*~ (hiding).
 63574 | Abyss:3  | 63574 ||| Stepping ~*~*~tactically~*~*~ (stealth).
 63575 | Abyss:3  | 63575 ||| Stepping ~*~*~tactically~*~*~ (stealth).
 63617 | Abyss:3  | 63617 ||| Stepping ~*~*~tactically~*~*~ (stealth).
 63626 | Abyss:3  | 63626 ||| Stepping ~*~*~tactically~*~*~ (stealth).
 63627 | Abyss:3  | 63627 ||| Stepping ~*~*~tactically~*~*~ (stealth).
 63636 | Abyss:3  | 63636 ||| Stepping ~*~*~tactically~*~*~ (stealth).
 63686 | Abyss:3  | 63686 ||| Stepping ~*~*~tactically~*~*~ (stealth).
 63718 | Abyss:3  | Found a corrupted altar of Lugonu.
 63722 | Abyss:3  | 63722 ||| Stepping ~*~*~tactically~*~*~ (stealth).
 63725 | Abyss:3  | 63725 ||| Stepping ~*~*~tactically~*~*~ (stealth).
 63726 | Abyss:3  | 63726 ||| Stepping ~*~*~tactically~*~*~ (stealth).
 63748 | Abyss:3  | Found a corrupted altar of Lugonu.
 63767 | Abyss:3  | 63767 ||| Stepping ~*~*~tactically~*~*~ (stealth).
 63781 | Abyss:3  | 63781 ||| Stepping ~*~*~tactically~*~*~ (stealth).
 63824 | Abyss:3  | Found a corrupted altar of Lugonu.
 63884 | Abyss:3  | Found a corrupted altar of Lugonu.
 63905 | Abyss:3  | 63905 ||| Stepping ~*~*~tactically~*~*~ (hiding).
 63933 | Abyss:3  | 63933 ||| Stepping ~*~*~tactically~*~*~ (stealth).
 63958 | Abyss:3  | 63958 ||| FLEEEEING.
 63960 | Abyss:3  | 63960 ||| FLEEEEING.
 63961 | Abyss:3  | 63961 ||| FLEEEEING.
 63962 | Abyss:3  | 63962 ||| FLEEEEING.
 63963 | Abyss:3  | 63963 ||| FLEEEEING.
 63964 | Abyss:3  | 63964 ||| FLEEEEING.
 63965 | Abyss:3  | 63965 ||| Stepping ~*~*~tactically~*~*~ (hiding).
 63971 | Abyss:3  | Paralysed by you for 4 turns
 63982 | Abyss:3  | Found a corrupted altar of Lugonu.
 64073 | Abyss:3  | Found a corrupted altar of Lugonu.
 64077 | Abyss:3  | 64077 ||| Stepping ~*~*~tactically~*~*~ (stealth).
 64088 | Abyss:3  | 64088 ||| Stepping ~*~*~tactically~*~*~ (hiding).
 64090 | Abyss:3  | 64090 ||| Stepping ~*~*~tactically~*~*~ (stealth).
 64269 | Abyss:3  | 64269 ||| Stepping ~*~*~tactically~*~*~ (stealth).
 64298 | Abyss:3  | 64298 ||| Stepping ~*~*~tactically~*~*~ (hiding).
 64299 | Abyss:3  | 64299 ||| Stepping ~*~*~tactically~*~*~ (hiding).
 64304 | Abyss:3  | 64304 ||| INVOKING Summon Divine Warrior.
 64311 | Abyss:3  | 64311 ||| INVOKING Cleansing Flame.
 64314 | Abyss:3  | Reached skill level 1 in Short Blades
 64365 | Abyss:3  | 64365 ||| DRINKING 4 potions of resistance.
 64421 | Abyss:3  | 64421 ||| INVOKING Cleansing Flame.
 64479 | Abyss:3  | Reached skill level 3 in Short Blades
 64664 | Abyss:3  | Reached skill level 27 in Invocations
 64737 | Abyss:3  | Found a sparkling altar of Nemelex Xobeh.
 64828 | Abyss:3  | Found a sparkling altar of Nemelex Xobeh.
 64890 | Abyss:3  | Found a corrupted altar of Lugonu.
 64945 | Abyss:3  | 64945 ||| Stepping ~*~*~tactically~*~*~ (hiding).
 64955 | Abyss:3  | 64955 ||| DRINKING 3 potions of resistance.
 64957 | Abyss:3  | 64957 ||| Stepping ~*~*~tactically~*~*~ (hiding).
 64959 | Abyss:3  | 64959 ||| Stepping ~*~*~tactically~*~*~ (hiding).
 64959 | Abyss:3  | Identified the +9 dagger "Kiwkeh" {pain, rCorr Dex+3}
 64993 | Abyss:3  | 64993 ||| Stepping ~*~*~tactically~*~*~ (stealth).
 64994 | Abyss:3  | 64994 ||| Stepping ~*~*~tactically~*~*~ (stealth).
 65031 | Abyss:3  | 65031 ||| Stepping ~*~*~tactically~*~*~ (stealth).
 65059 | Abyss:3  | Found a corrupted altar of Lugonu.
 65066 | Abyss:3  | 65066 ||| Stepping ~*~*~tactically~*~*~ (stealth).
 65067 | Abyss:3  | 65067 ||| Stepping ~*~*~tactically~*~*~ (stealth).
 65076 | Abyss:3  | 65076 ||| Stepping ~*~*~tactically~*~*~ (hiding).
 65087 | Abyss:3  | 65087 ||| Stepping ~*~*~tactically~*~*~ (hiding).
 65089 | Abyss:3  | 65089 ||| Stepping ~*~*~tactically~*~*~ (hiding).
 65092 | Abyss:3  | 65092 ||| INVOKING Cleansing Flame.
 65113 | Abyss:3  | 65113 ||| Stepping ~*~*~tactically~*~*~ (hiding).
 65154 | Abyss:3  | 65154 ||| Stepping ~*~*~tactically~*~*~ (hiding).
 65155 | Abyss:3  | 65155 ||| INVOKING Summon Divine Warrior.
 65157 | Abyss:3  | 65157 ||| INVOKING Cleansing Flame.
 65310 | Abyss:3  | Gained mutation: You are clumsy. (Dex -2) [a neqoxec]
 65348 | Abyss:3  | Gained mutation: Your movements are slightly less
                  | encumbered by armour. (ER -2) [a neqoxec]
 65384 | Abyss:3  | 65384 ||| Stepping ~*~*~tactically~*~*~ (hiding).
 65411 | Abyss:3  | Noticed an ancient lich
 65412 | Abyss:3  | 65412 ||| INVOKING Summon Divine Warrior.
 65414 | Abyss:3  | 65414 ||| INVOKING Cleansing Flame.
 65414 | Abyss:3  | Killed an ancient lich
 65416 | Abyss:3  | Noticed an ancient lich
 65425 | Abyss:3  | Killed an ancient lich
 65486 | Abyss:3  | Noticed a dread lich
 65490 | Abyss:3  | 65490 ||| INVOKING Cleansing Flame.
 65491 | Abyss:3  | 65491 ||| INVOKING Cleansing Flame.
 65492 | Abyss:3  | Killed a dread lich
 65493 | Abyss:3  | Reached skill level 24 in Armour
 65551 | Abyss:3  | 65551 ||| Stepping ~*~*~tactically~*~*~ (cloud).
 65563 | Abyss:3  | Found a corrupted altar of Lugonu.
 65591 | Abyss:3  | Found a burning altar of Makhleb.
 65626 | Abyss:4  | 65626 ||| Stepping ~*~*~tactically~*~*~ (stealth).
 65663 | Abyss:4  | 65663 ||| Stepping ~*~*~tactically~*~*~ (stealth).
 65689 | Abyss:4  | 65689 ||| DRINKING 2 potions of resistance.
 65712 | Abyss:4  | 65712 ||| Stepping ~*~*~tactically~*~*~ (stealth).
 65789 | Abyss:4  | 65789 ||| Stepping ~*~*~tactically~*~*~ (cloud).
 65819 | Abyss:4  | 65819 ||| Stepping ~*~*~tactically~*~*~ (hiding).
 65821 | Abyss:4  | 65821 ||| Stepping ~*~*~tactically~*~*~ (hiding).
 65836 | Abyss:4  | 65836 ||| FLEEEEING.
 65838 | Abyss:4  | 65838 ||| FLEEEEING.
 65845 | Abyss:4  | 65845 ||| FLEEEEING.
 65862 | Abyss:4  | 65862 ||| Stepping ~*~*~tactically~*~*~ (stealth).
 65904 | Abyss:4  | 65904 ||| Stepping ~*~*~tactically~*~*~ (hiding).
 65918 | Abyss:4  | 65918 ||| Stepping ~*~*~tactically~*~*~ (hiding).
 65940 | Abyss:4  | Paralysed by accursed screaming for 1 turns
 65963 | Abyss:4  | 65963 ||| Stepping ~*~*~tactically~*~*~ (cloud).
 65965 | Abyss:4  | 65965 ||| Stepping ~*~*~tactically~*~*~ (cloud).
 65977 | Abyss:4  | 65977 ||| Stepping ~*~*~tactically~*~*~ (hiding).
 65978 | Abyss:4  | 65978 ||| Stepping ~*~*~tactically~*~*~ (hiding).
 65996 | Abyss:4  | Paralysed by accursed screaming for 2 turns
 66045 | Abyss:4  | 66045 ||| Stepping ~*~*~tactically~*~*~ (stealth).
 66085 | Abyss:4  | 66085 ||| Stepping ~*~*~tactically~*~*~ (stealth).
 66086 | Abyss:4  | 66086 ||| Stepping ~*~*~tactically~*~*~ (stealth).
 66097 | Abyss:4  | 66097 ||| Stepping ~*~*~tactically~*~*~ (hiding).
 66102 | Abyss:4  | 66102 ||| Stepping ~*~*~tactically~*~*~ (hiding).
 66160 | Abyss:4  | 66160 ||| Stepping ~*~*~tactically~*~*~ (stealth).
 66220 | Abyss:4  | 66220 ||| Stepping ~*~*~tactically~*~*~ (hiding).
 66227 | Abyss:4  | Noticed a dread lich
 66228 | Abyss:4  | 66228 ||| Stepping ~*~*~tactically~*~*~ (stealth).
 66230 | Abyss:4  | 66230 ||| INVOKING Summon Divine Warrior.
 66239 | Abyss:4  | Killed a dread lich
 66342 | Abyss:4  | 66342 ||| DRINKING 34 potions of curing.
 66342 | Abyss:4  | 66342 ||| (to cure confusion)
 66493 | Abyss:5  | Found a corrupted altar of Lugonu.
 66528 | Abyss:5  | Reached skill level 6 in Short Blades
 66549 | Abyss:5  | Found a corrupted altar of Lugonu.
 66554 | Abyss:5  | Found a corrupted altar of Lugonu.
 66567 | Abyss:5  | 66567 ||| Stepping ~*~*~tactically~*~*~ (stealth).
 66589 | Abyss:5  | 66589 ||| Stepping ~*~*~tactically~*~*~ (hiding).
 66591 | Abyss:5  | 66591 ||| Stepping ~*~*~tactically~*~*~ (hiding).
 66592 | Abyss:5  | 66592 ||| Stepping ~*~*~tactically~*~*~ (hiding).
 66659 | Abyss:5  | 66659 ||| DRINKING potion of resistance.
 66664 | Abyss:5  | 66664 ||| Stepping ~*~*~tactically~*~*~ (hiding).
 66670 | Abyss:5  | 66670 ||| Stepping ~*~*~tactically~*~*~ (stealth).
 66675 | Abyss:5  | 66675 ||| Stepping ~*~*~tactically~*~*~ (stealth).
 66677 | Abyss:5  | 66677 ||| Stepping ~*~*~tactically~*~*~ (hiding).
 66680 | Abyss:5  | 66680 ||| Stepping ~*~*~tactically~*~*~ (hiding).
 66693 | Abyss:5  | 66693 ||| Stepping ~*~*~tactically~*~*~ (stealth).
 66697 | Abyss:5  | 66697 ||| Stepping ~*~*~tactically~*~*~ (hiding).
 66698 | Abyss:5  | 66698 ||| Stepping ~*~*~tactically~*~*~ (hiding).
 66707 | Abyss:5  | 66707 ||| Stepping ~*~*~tactically~*~*~ (hiding).
 66729 | Abyss:5  | 66729 ||| Stepping ~*~*~tactically~*~*~ (hiding).
 66777 | Abyss:5  | 66777 ||| Stepping ~*~*~tactically~*~*~ (stealth).
 66778 | Abyss:5  | 66778 ||| Stepping ~*~*~tactically~*~*~ (stealth).
 66791 | Abyss:5  | 66791 ||| Stepping ~*~*~tactically~*~*~ (hiding).
 66799 | Abyss:5  | Reached skill level 27 in Armour
 66860 | Abyss:5  | 66860 ||| Stepping ~*~*~tactically~*~*~ (stealth).
 66869 | Abyss:5  | 66869 ||| Stepping ~*~*~tactically~*~*~ (stealth).
 66871 | Abyss:5  | 66871 ||| Stepping ~*~*~tactically~*~*~ (hiding).
 66883 | Abyss:5  | 66883 ||| Stepping ~*~*~tactically~*~*~ (cloud).
 66900 | Abyss:5  | 66900 ||| Stepping ~*~*~tactically~*~*~ (stealth).
 66925 | Abyss:5  | 66925 ||| Stepping ~*~*~tactically~*~*~ (stealth).
 66929 | Abyss:5  | 66929 ||| Stepping ~*~*~tactically~*~*~ (stealth).
 66932 | Abyss:5  | 66932 ||| Stepping ~*~*~tactically~*~*~ (hiding).
 66935 | Abyss:5  | 66935 ||| Stepping ~*~*~tactically~*~*~ (hiding).
 66959 | Abyss:5  | 66959 ||| Stepping ~*~*~tactically~*~*~ (stealth).
 67009 | Abyss:5  | 67009 ||| DRINKING 33 potions of curing.
 67009 | Abyss:5  | 67009 ||| (to cure confusion)
 67041 | Abyss:5  | 67041 ||| Stepping ~*~*~tactically~*~*~ (stealth).
 67043 | Abyss:5  | 67043 ||| Stepping ~*~*~tactically~*~*~ (hiding).
 67074 | Abyss:5  | 67074 ||| Stepping ~*~*~tactically~*~*~ (stealth).
 67077 | Abyss:5  | 67077 ||| Stepping ~*~*~tactically~*~*~ (stealth).
 67085 | Abyss:5  | 67085 ||| Stepping ~*~*~tactically~*~*~ (hiding).
 67104 | Abyss:5  | 67104 ||| Stepping ~*~*~tactically~*~*~ (hiding).
 67115 | Abyss:5  | 67115 ||| Stepping ~*~*~tactically~*~*~ (hiding).
 67117 | Abyss:5  | 67117 ||| Stepping ~*~*~tactically~*~*~ (hiding).
 67133 | Abyss:5  | 67133 ||| Stepping ~*~*~tactically~*~*~ (hiding).
 67134 | Abyss:5  | 67134 ||| Stepping ~*~*~tactically~*~*~ (hiding).
 67154 | Abyss:5  | 67154 ||| Stepping ~*~*~tactically~*~*~ (hiding).
 67155 | Abyss:5  | 67155 ||| Stepping ~*~*~tactically~*~*~ (hiding).
 67156 | Abyss:5  | 67156 ||| Stepping ~*~*~tactically~*~*~ (hiding).
 67168 | Abyss:5  | 67168 ||| Stepping ~*~*~tactically~*~*~ (stealth).
 67169 | Abyss:5  | 67169 ||| Stepping ~*~*~tactically~*~*~ (stealth).
 67170 | Abyss:5  | 67170 ||| Stepping ~*~*~tactically~*~*~ (stealth).
 67198 | Abyss:5  | 67198 ||| Stepping ~*~*~tactically~*~*~ (stealth).
 67199 | Abyss:5  | 67199 ||| Stepping ~*~*~tactically~*~*~ (stealth).
 67200 | Abyss:5  | 67200 ||| Stepping ~*~*~tactically~*~*~ (stealth).
 67206 | Abyss:5  | 67206 ||| Stepping ~*~*~tactically~*~*~ (hiding).
 67207 | Abyss:5  | 67207 ||| Stepping ~*~*~tactically~*~*~ (hiding).
 67215 | Abyss:5  | 67215 ||| Stepping ~*~*~tactically~*~*~ (hiding).
 67219 | Abyss:5  | Paralysed by accursed screaming for 1 turns
 67221 | Abyss:5  | 67221 ||| Stepping ~*~*~tactically~*~*~ (hiding).
 67230 | Abyss:5  | 67230 ||| Stepping ~*~*~tactically~*~*~ (hiding).
 67258 | Abyss:5  | 67258 ||| Stepping ~*~*~tactically~*~*~ (hiding).
 67266 | Abyss:5  | 67266 ||| Stepping ~*~*~tactically~*~*~ (hiding).
 67267 | Abyss:5  | 67267 ||| Stepping ~*~*~tactically~*~*~ (hiding).
 67268 | Abyss:5  | 67268 ||| Stepping ~*~*~tactically~*~*~ (hiding).
 67269 | Abyss:5  | 67269 ||| FLEEEEING.
 67270 | Abyss:5  | 67270 ||| FLEEEEING.
 67271 | Abyss:5  | 67271 ||| Stepping ~*~*~tactically~*~*~ (hiding).
 67272 | Abyss:5  | 67272 ||| FLEEEEING.
 67273 | Abyss:5  | 67273 ||| FLEEEEING.
 67274 | Abyss:5  | 67274 ||| INVOKING Summon Divine Warrior.
 67284 | Abyss:5  | Reached skill level 24 in Shields
 67400 | Abyss:5  | Found a corrupted altar of Lugonu.
 67415 | Abyss:5  | Gained mutation: [Armour fits poorly on your strangely
                  | shaped body.] [a neqoxec]
 67416 | Abyss:5  | Gained mutation: [You are dopey. (Int -2)] [a neqoxec]
 67432 | Abyss:5  | 67432 ||| DRINKING 9 potions of mutation.
 67432 | Abyss:5  | Lost mutation: You are clumsy. (Dex -2) [potion of
                  | mutation]
 67432 | Abyss:5  | Lost mutation: Your movements are slightly less encumbered
                  | by armour. (ER -2) [potion of mutation]
 67432 | Abyss:5  | Lost mutation: [You are dopey. (Int -2)] [potion of
                  | mutation]
 67437 | Abyss:5  | 67437 ||| DRINKING 8 potions of mutation.
 67437 | Abyss:5  | Lost mutation: Your spells are a little harder to cast, but
                  | a little more powerful. [potion of mutation]
 67437 | Abyss:5  | Lost mutation: [Armour fits poorly on your strangely shaped
                  | body.] [potion of mutation]
 67437 | Abyss:5  | Lost mutation: You have a pair of small horns on your head.
                  | [potion of mutation]
 67437 | Abyss:5  | Gained mutation: You have large cloven feet. [potion of
                  | mutation]
 67437 | Abyss:5  | Gained mutation: Your flesh is heat resistant. (rF+)
                  | [potion of mutation]
 67437 | Abyss:5  | Gained mutation: Potions are less effective at restoring
                  | your health. [potion of mutation]
 67441 | Abyss:5  | 67441 ||| DRINKING 7 potions of mutation.
 67441 | Abyss:5  | Lost mutation: You have large cloven feet. [potion of
                  | mutation]
 67441 | Abyss:5  | Lost mutation: Your flesh is heat resistant. (rF+) [potion
                  | of mutation]
 67441 | Abyss:5  | Lost mutation: Potions are less effective at restoring your
                  | health. [potion of mutation]
 67441 | Abyss:5  | Gained mutation: You possess an exceptional clarity of
                  | mind. [potion of mutation]
 67441 | Abyss:5  | Gained mutation: You are strong-willed. (Will+) [potion of
                  | mutation]
 67490 | Abyss:5  | 67490 ||| FLEEEEING.
 67491 | Abyss:5  | 67491 ||| FLEEEEING.
 67492 | Abyss:5  | 67492 ||| FLEEEEING.
 67493 | Abyss:5  | 67493 ||| FLEEEEING.
 67494 | Abyss:5  | 67494 ||| FLEEEEING.
 67495 | Abyss:5  | 67495 ||| FLEEEEING.
 67496 | Abyss:5  | 67496 ||| FLEEEEING.
 67497 | Abyss:5  | 67497 ||| FLEEEEING.
 67499 | Abyss:5  | 67499 ||| FLEEEEING.
 67500 | Abyss:5  | 67500 ||| FLEEEEING.
 67517 | Abyss:5  | 67517 ||| Stepping ~*~*~tactically~*~*~ (stealth).
 67534 | Abyss:5  | 67534 ||| Stepping ~*~*~tactically~*~*~ (hiding).
 67587 | Abyss:5  | 67587 ||| FLEEEEING.
 67588 | Abyss:5  | 67588 ||| FLEEEEING.
 67593 | Abyss:5  | 67593 ||| Stepping ~*~*~tactically~*~*~ (hiding).
 67632 | Abyss:5  | 67632 ||| INVOKING Summon Divine Warrior.
 67738 | Abyss:5  | Gained mutation: Your body sometimes deteriorates upon
                  | taking damage. [a neqoxec]
 67774 | Abyss:5  | Reached skill level 12 in Dodging
 67777 | Abyss:5  | 67777 ||| Stepping ~*~*~tactically~*~*~ (hiding).
 67777 | Abyss:5  | Found a corrupted altar of Lugonu.
 67820 | Abyss:5  | 67820 ||| INVOKING Summon Divine Warrior.
 67906 | Abyss:5  | 67906 ||| Stepping ~*~*~tactically~*~*~ (cloud).
 67935 | Abyss:5  | Found a corrupted altar of Lugonu.
 67946 | Abyss:5  | 67946 ||| INVOKING Cleansing Flame.
 67950 | Abyss:5  | 67950 ||| Stepping ~*~*~tactically~*~*~ (hiding).
 67952 | Abyss:5  | 67952 ||| Stepping ~*~*~tactically~*~*~ (hiding).
 67982 | Abyss:5  | 67982 ||| Stepping ~*~*~tactically~*~*~ (hiding).
 68018 | Abyss:5  | Reached skill level 21 in Axes
 68137 | Abyss:5  | Noticed an ancient lich
 68138 | Abyss:5  | 68138 ||| INVOKING Summon Divine Warrior.
 68143 | Abyss:5  | 68143 ||| INVOKING Cleansing Flame.
 68144 | Abyss:5  | 68144 ||| INVOKING Cleansing Flame.
 68144 | Abyss:5  | HP: 27/179 [ancient lich/crystal spear (68)]
 68145 | Abyss:5  | 68145 ||| READING 5 scrolls of teleportation.
 68146 | Abyss:5  | 68146 ||| INVOKING Cleansing Flame.
 68146 | Abyss:5  | Killed an ancient lich
 68149 | Abyss:5  | HP: 13/199 [starcursed mass/accursed screaming (9)]
 68156 | Abyss:6  | 68156 ||| READING 4 scrolls of teleportation.
 68157 | Abyss:6  | Gained mutation: You are frail. (-10% HP) [a neqoxec]
 68158 | Abyss:6  | 68158 ||| DRINKING 10 potions of heal wounds.
 68158 | Abyss:6  | Gained mutation: [You occasionally lose the ability to
                  | drink potions when taking damage.] [a neqoxec]
 68159 | Abyss:6  | 68159 ||| DRINKING 9 potions of heal wounds.
 68163 | Abyss:6  | Noticed an ancient lich
 68164 | Abyss:6  | Noticed a dread lich
 68171 | Abyss:6  | Killed a dread lich
 68176 | Abyss:6  | Killed an ancient lich
 68177 | Abyss:6  | Found a corrupted altar of Lugonu.
 68178 | Abyss:6  | 68178 ||| INVOKING Summon Divine Warrior.
 68180 | Abyss:6  | Found a corrupted altar of Lugonu.
 68184 | Abyss:6  | 68184 ||| INVOKING Cleansing Flame.
 68185 | Abyss:6  | 68185 ||| INVOKING Cleansing Flame.
 68188 | Abyss:6  | 68188 ||| INVOKING Summon Divine Warrior.
 68188 | Abyss:6  | Paralysed by accursed screaming for 1 turns
 68200 | Abyss:6  | Paralysed by accursed screaming for 2 turns
 68204 | Depths:2 | Escaped the Abyss
 68205 | Depths:2 | 68205 ||| INVOKING Summon Divine Warrior.
 68205 | Depths:2 | Identified the +0 tower shield of Laimuuje {Str+2 Dex+2
                  | Slay+2}
 68289 | Depths:2 | 68289 ||| DRINKING 6 potions of mutation.
 68289 | Depths:2 | Lost mutation: You are frail. (-10% HP) [potion of
                  | mutation]
 68289 | Depths:2 | Lost mutation: Your body sometimes deteriorates upon taking
                  | damage. [potion of mutation]
 68289 | Depths:2 | Lost mutation: You possess an exceptional clarity of mind.
                  | [potion of mutation]
 68289 | Depths:2 | Gained mutation: Your spells are a little harder to cast,
                  | but a little more powerful. [potion of mutation]
 68289 | Depths:2 | Gained mutation: You have sharp fingernails. [potion of
                  | mutation]
 68290 | Depths:2 | 68290 ||| DRINKING 5 potions of mutation.
 68290 | Depths:2 | Lost mutation: You have sharp fingernails. [potion of
                  | mutation]
 68290 | Depths:2 | Lost mutation: [You occasionally lose the ability to drink
                  | potions when taking damage.] [potion of mutation]
 68290 | Depths:2 | Lost mutation: Your spells are a little harder to cast, but
                  | a little more powerful. [potion of mutation]
 68290 | Depths:2 | Gained mutation: You have an increased reservoir of magic.
                  | (+10% MP) [potion of mutation]
 68290 | Depths:2 | Lost mutation: You have an increased reservoir of magic.
                  | (+10% MP) [potion of mutation]
 68290 | Depths:2 | Gained mutation: Your movements are slightly less
                  | encumbered by armour. (ER -2) [potion of mutation]
 68292 | Depths:2 | Voluntarily entered the Abyss.
 68332 | Abyss:6  | 68332 ||| Stepping ~*~*~tactically~*~*~ (hiding).
 68368 | Abyss:6  | 68368 ||| INVOKING Cleansing Flame.
 68374 | Abyss:6  | Found a corrupted altar of Lugonu.
 68375 | Abyss:6  | 68375 ||| INVOKING Summon Divine Warrior.
 68388 | Abyss:6  | Paralysed by accursed screaming for 1 turns
 68420 | Abyss:6  | Paralysed by accursed screaming for 1 turns
 68434 | Abyss:6  | 68434 ||| Stepping ~*~*~tactically~*~*~ (hiding).
 68436 | Abyss:6  | 68436 ||| Stepping ~*~*~tactically~*~*~ (hiding).
 68461 | Abyss:6  | 68461 ||| FLEEEEING.
 68463 | Abyss:6  | 68463 ||| Stepping ~*~*~tactically~*~*~ (hiding).
 68465 | Abyss:6  | 68465 ||| Stepping ~*~*~tactically~*~*~ (hiding).
 68466 | Abyss:6  | 68466 ||| FLEEEEING.
 68498 | Abyss:6  | Paralysed by accursed screaming for 2 turns
 68504 | Abyss:6  | Paralysed by accursed screaming for 2 turns
 68511 | Abyss:6  | 68511 ||| INVOKING Summon Divine Warrior.
 68517 | Abyss:6  | 68517 ||| INVOKING Cleansing Flame.
 68534 | Abyss:6  | 68534 ||| INVOKING Summon Divine Warrior.
 68535 | Abyss:6  | Paralysed by accursed screaming for 1 turns
 68538 | Abyss:6  | Found a corrupted altar of Lugonu.
 68546 | Abyss:6  | Paralysed by accursed screaming for 2 turns
 68548 | Abyss:6  | HP: 45/199 [large abomination (17)]
 68549 | Abyss:6  | 68549 ||| READING 3 scrolls of teleportation.
 68550 | Abyss:6  | 68550 ||| DRINKING 8 potions of heal wounds.
 68552 | Abyss:6  | 68552 ||| DRINKING 7 potions of heal wounds.
 68553 | Abyss:6  | 68553 ||| INVOKING Cleansing Flame.
 68563 | Abyss:6  | 68563 ||| INVOKING Summon Divine Warrior.
 68571 | Abyss:6  | 68571 ||| INVOKING Cleansing Flame.
 68572 | Abyss:6  | 68572 ||| INVOKING Cleansing Flame.
 68607 | Abyss:6  | 68607 ||| INVOKING Cleansing Flame.
 68607 | Abyss:6  | Noticed an ancient lich
 68617 | Abyss:6  | 68617 ||| INVOKING Cleansing Flame.
 68621 | Abyss:6  | Killed an ancient lich
 68623 | Abyss:6  | 68623 ||| INVOKING Cleansing Flame.
 68624 | Abyss:6  | 68624 ||| INVOKING Cleansing Flame.
 68631 | Abyss:6  | Noticed a dread lich
 68636 | Abyss:6  | 68636 ||| INVOKING Cleansing Flame.
 68639 | Abyss:6  | Killed a dread lich
 68651 | Abyss:6  | 68651 ||| INVOKING Cleansing Flame.
 68661 | Abyss:6  | Gained mutation: [Armour fits poorly on your strangely
                  | shaped body.] [a neqoxec]
 68672 | Abyss:6  | Paralysed by accursed screaming for 1 turns
 68679 | Abyss:6  | Paralysed by accursed screaming for 2 turns
 68688 | Abyss:6  | Paralysed by accursed screaming for 2 turns
 68699 | Abyss:6  | Paralysed by accursed screaming for 1 turns
 68717 | Abyss:6  | 68717 ||| INVOKING Cleansing Flame.
 68734 | Abyss:6  | Reached skill level 24 in Axes
 68764 | Abyss:6  | Paralysed by accursed screaming for 1 turns
 68773 | Abyss:6  | Paralysed by accursed screaming for 1 turns
 68784 | Abyss:6  | 68784 ||| INVOKING Summon Divine Warrior.
 68802 | Abyss:6  | 68802 ||| INVOKING Summon Divine Warrior.
 68804 | Abyss:6  | 68804 ||| INVOKING Summon Divine Warrior.
 68812 | Depths:2 | Escaped the Abyss
 68813 | Depths:2 | 68813 ||| INVOKING Summon Divine Warrior.
 68894 | Depths:2 | 68894 ||| DRINKING 4 potions of mutation.
 68894 | Depths:2 | Lost mutation: Your movements are slightly less encumbered
                  | by armour. (ER -2) [potion of mutation]
 68894 | Depths:2 | Lost mutation: You are strong-willed. (Will+) [potion of
                  | mutation]
 68894 | Depths:2 | Lost mutation: [Armour fits poorly on your strangely shaped
                  | body.] [potion of mutation]
 68894 | Depths:2 | Gained mutation: Your muscles are strong. (Str +4, Int/Dex
                  | -1) [potion of mutation]
 68896 | Depths:2 | Voluntarily entered the Abyss.
 68920 | Abyss:6  | 68920 ||| Stepping ~*~*~tactically~*~*~ (hiding).
 68953 | Abyss:6  | Paralysed by accursed screaming for 1 turns
 68961 | Abyss:6  | Gained mutation: Your spells are a little easier to cast,
                  | but a little less powerful. [a shining eye]
 68989 | Abyss:6  | 68989 ||| Stepping ~*~*~tactically~*~*~ (hiding).
 69035 | Abyss:6  | 69035 ||| Stepping ~*~*~tactically~*~*~ (hiding).
 69037 | Abyss:6  | 69037 ||| Stepping ~*~*~tactically~*~*~ (stealth).
 69043 | Abyss:6  | 69043 ||| Stepping ~*~*~tactically~*~*~ (cloud).
 69057 | Abyss:6  | Paralysed by you for 3 turns
 69098 | Abyss:6  | Paralysed by accursed screaming for 1 turns
 69105 | Abyss:6  | Paralysed by accursed screaming for 1 turns
 69112 | Depths:2 | Escaped the Abyss
 69113 | Depths:2 | 69113 ||| INVOKING Summon Divine Warrior.
 69146 | Depths:2 | Voluntarily entered the Abyss.
 69152 | Abyss:6  | 69152 ||| Stepping ~*~*~tactically~*~*~ (stealth).
 69162 | Abyss:6  | 69162 ||| Stepping ~*~*~tactically~*~*~ (stealth).
 69165 | Abyss:6  | 69165 ||| INVOKING Summon Divine Warrior.
 69171 | Abyss:6  | Found a corrupted altar of Lugonu.
 69176 | Abyss:6  | 69176 ||| INVOKING Cleansing Flame.
 69192 | Abyss:6  | 69192 ||| INVOKING Summon Divine Warrior.
 69192 | Abyss:6  | Paralysed by accursed screaming for 1 turns
 69205 | Abyss:6  | 69205 ||| INVOKING Cleansing Flame.
 69222 | Abyss:6  | 69222 ||| INVOKING Cleansing Flame.
 69223 | Abyss:6  | 69223 ||| INVOKING Cleansing Flame.
 69242 | Abyss:6  | Noticed a dread lich
 69244 | Abyss:6  | 69244 ||| INVOKING Summon Divine Warrior.
 69246 | Abyss:6  | Noticed a dread lich
 69250 | Abyss:6  | 69250 ||| INVOKING Cleansing Flame.
 69251 | Abyss:6  | 69251 ||| INVOKING Cleansing Flame.
 69251 | Abyss:6  | Killed a dread lich
 69253 | Abyss:6  | 69253 ||| Stepping ~*~*~tactically~*~*~ (cloud).
 69257 | Abyss:6  | 69257 ||| INVOKING Summon Divine Warrior.
 69259 | Abyss:6  | 69259 ||| INVOKING Cleansing Flame.
 69269 | Abyss:6  | Killed a dread lich
 69292 | Abyss:6  | Paralysed by accursed screaming for 1 turns
 69352 | Abyss:6  | Gained mutation: Your body sometimes deteriorates upon
                  | taking damage. [a neqoxec]
 69383 | Abyss:6  | Paralysed by accursed screaming for 2 turns
 69387 | Abyss:6  | Reached skill level 15 in Dodging
 69392 | Abyss:6  | 69392 ||| INVOKING Cleansing Flame.
 69393 | Abyss:6  | Paralysed by accursed screaming for 2 turns
 69410 | Abyss:6  | 69410 ||| INVOKING Summon Divine Warrior.
 69417 | Abyss:6  | Paralysed by accursed screaming for 1 turns
 69432 | Abyss:6  | 69432 ||| INVOKING Summon Divine Warrior.
 69434 | Depths:2 | Escaped the Abyss
 69435 | Depths:2 | 69435 ||| INVOKING Summon Divine Warrior.
 69502 | Depths:2 | Voluntarily entered the Abyss.
 69516 | Abyss:6  | Found a corrupted altar of Lugonu.
 69518 | Abyss:6  | Paralysed by accursed screaming for 1 turns
 69546 | Abyss:6  | 69546 ||| INVOKING Summon Divine Warrior.
 69550 | Abyss:6  | 69550 ||| INVOKING Cleansing Flame.
 69567 | Abyss:6  | 69567 ||| INVOKING Cleansing Flame.
 69631 | Abyss:6  | 69631 ||| Stepping ~*~*~tactically~*~*~ (hiding).
 69634 | Abyss:7  | Entered Level 7 of the Abyss
 69634 | Abyss:7  | Found a runed translucent door.
 69645 | Abyss:7  | 69645 ||| INVOKING Summon Divine Warrior.
 69651 | Abyss:7  | 69651 ||| INVOKING Cleansing Flame.
 69669 | Abyss:7  | Lost mutation: Your spells are a little easier to cast, but
                  | a little less powerful. [a neqoxec]
 69677 | Abyss:7  | Paralysed by you for 5 turns
 69678 | Abyss:7  | Reached skill level 9 in Short Blades
 69678 | Abyss:7  | Gained mutation: [You are dopey. (Int -2)] [a neqoxec]
 69680 | Abyss:7  | Gained mutation: Potions are less effective at restoring
                  | your health. [a neqoxec]
 69681 | Abyss:7  | Gained mutation: Your spells are a little easier to cast,
                  | but a little less powerful. [a neqoxec]
 69683 | Abyss:7  | 69683 ||| INVOKING Cleansing Flame.
 69684 | Abyss:7  | 69684 ||| INVOKING Summon Divine Warrior.
 69694 | Abyss:7  | 69694 ||| INVOKING Cleansing Flame.
 69695 | Abyss:7  | 69695 ||| INVOKING Cleansing Flame.
 69711 | Abyss:7  | Reached skill level 27 in Axes
 69714 | Abyss:7  | Paralysed by accursed screaming for 1 turns
 69718 | Abyss:7  | 69718 ||| INVOKING Cleansing Flame.
 69738 | Abyss:7  | Paralysed by accursed screaming for 2 turns
 69757 | Abyss:7  | 69757 ||| INVOKING Cleansing Flame.
 69770 | Abyss:7  | Found a corrupted altar of Lugonu.
 69792 | Abyss:7  | 69792 ||| INVOKING Cleansing Flame.
 69815 | Abyss:7  | Paralysed by accursed screaming for 2 turns
 69818 | Abyss:7  | 69818 ||| INVOKING Summon Divine Warrior.
 69818 | Abyss:7  | HP: 38/199 [starcursed mass/accursed screaming (13)]
 69819 | Abyss:7  | 69819 ||| DRINKING 6 potions of heal wounds.
 69825 | Abyss:7  | HP: 38/199 [starcursed mass/accursed screaming (19)]
 69826 | Depths:2 | Escaped the Abyss
 69827 | Depths:2 | 69827 ||| READING 2 scrolls of teleportation.
 69828 | Depths:2 | 69828 ||| DRINKING 5 potions of heal wounds.
 69940 | Depths:2 | 69940 ||| DRINKING 3 potions of mutation.
 69940 | Depths:2 | Lost mutation: [You are dopey. (Int -2)] [potion of
                  | mutation]
 69940 | Depths:2 | Lost mutation: Your muscles are strong. (Str +4, Int/Dex
                  | -1) [potion of mutation]
 69940 | Depths:2 | Gained mutation: You are somewhat resistant to further
                  | mutation. [potion of mutation]
 69941 | Depths:2 | 69941 ||| DRINKING 2 potions of mutation.
 69941 | Depths:2 | Lost mutation: You are somewhat resistant to further
                  | mutation. [potion of mutation]
 69941 | Depths:2 | Lost mutation: Potions are less effective at restoring your
                  | health. [potion of mutation]
 69941 | Depths:2 | Gained mutation: You are partially covered in iridescent
                  | scales. (AC +2) [potion of mutation]
 69941 | Depths:2 | Gained mutation: You have large cloven feet. [potion of
                  | mutation]
 69974 | Depths:2 | Voluntarily entered the Abyss.
 69974 | Abyss:7  | Entered Level 7 of the Abyss
 69982 | Abyss:7  | 69982 ||| Stepping ~*~*~tactically~*~*~ (hiding).
 70005 | Abyss:7  | Paralysed by accursed screaming for 2 turns
 70014 | Abyss:7  | Paralysed by accursed screaming for 2 turns
 70016 | Abyss:7  | HP: 43/199 [starcursed mass/accursed screaming (21)]
 70017 | Abyss:7  | 70017 ||| READING scroll of teleportation.
 70018 | Abyss:7  | 70018 ||| DRINKING 4 potions of heal wounds.
 70021 | Abyss:7  | 70021 ||| INVOKING Cleansing Flame.
 70021 | Abyss:7  | HP: 38/199 [starcursed mass/accursed screaming (27)]
 70022 | Abyss:7  | 70022 ||| DRINKING 3 potions of heal wounds.
 70024 | Abyss:7  | 70024 ||| DRINKING 2 potions of heal wounds.
 70026 | Abyss:7  | 70026 ||| DRINKING potion of heal wounds.
 70033 | Abyss:7  | 70033 ||| Stepping ~*~*~tactically~*~*~ (stealth).
 70034 | Abyss:7  | 70034 ||| INVOKING Summon Divine Warrior.
 70044 | Abyss:7  | 70044 ||| INVOKING Cleansing Flame.
 70046 | Abyss:7  | 70046 ||| INVOKING Summon Divine Warrior.
 70080 | Abyss:7  | 70080 ||| INVOKING Cleansing Flame.
 70087 | Abyss:7  | Paralysed by accursed screaming for 2 turns
 70088 | Abyss:7  | HP: 45/199 [starcursed mass/accursed screaming (18)]
 70110 | Abyss:7  | HP: 33/199 [smoke demon/ball of steam (17)]
 70116 | Abyss:7  | HP: 37/199 [starcursed mass/accursed screaming (7)]
 70119 | Depths:2 | Escaped the Abyss
 70120 | Depths:2 | 70120 ||| INVOKING Summon Divine Warrior.
 70243 | Depths:2 | Voluntarily entered the Abyss.
 70243 | Abyss:7  | Entered Level 7 of the Abyss
 70271 | Abyss:7  | Reached skill level 18 in Dodging
 70312 | Abyss:7  | Paralysed by accursed screaming for 1 turns
 70320 | Abyss:7  | Paralysed by accursed screaming for 1 turns
 70375 | Abyss:7  | 70375 ||| INVOKING Cleansing Flame.
 70376 | Abyss:7  | 70376 ||| Stepping ~*~*~tactically~*~*~ (hiding).
 70413 | Abyss:7  | Found a radiant altar of Vehumet.
 70445 | Abyss:7  | 70445 ||| Stepping ~*~*~tactically~*~*~ (hiding).
 70446 | Abyss:7  | 70446 ||| Stepping ~*~*~tactically~*~*~ (hiding).
 70487 | Abyss:7  | Found a radiant altar of Vehumet.
 70488 | Abyss:7  | 70488 ||| INVOKING Summon Divine Warrior.
 70492 | Abyss:7  | HP: 41/199 [hellephant/blast of flame (59)]
 70498 | Depths:2 | Escaped the Abyss
 70499 | Depths:2 | 70499 ||| INVOKING Summon Divine Warrior.
 70614 | Depths:2 | Voluntarily entered the Abyss.
 70614 | Abyss:7  | Entered Level 7 of the Abyss
 70616 | Abyss:7  | 70616 ||| Stepping ~*~*~tactically~*~*~ (stealth).
 70618 | Abyss:7  | 70618 ||| Stepping ~*~*~tactically~*~*~ (hiding).
 70619 | Abyss:7  | 70619 ||| Stepping ~*~*~tactically~*~*~ (hiding).
 70621 | Abyss:7  | 70621 ||| Stepping ~*~*~tactically~*~*~ (hiding).
 70627 | Abyss:7  | 70627 ||| Stepping ~*~*~tactically~*~*~ (hiding).
 70631 | Abyss:7  | 70631 ||| Stepping ~*~*~tactically~*~*~ (hiding).
 70658 | Abyss:7  | 70658 ||| DRINKING 32 potions of curing.
 70658 | Abyss:7  | 70658 ||| (to cure confusion)
 70667 | Abyss:7  | 70667 ||| DRINKING 31 potions of curing.
 70667 | Abyss:7  | 70667 ||| (to cure confusion)
 70671 | Abyss:7  | Paralysed by accursed screaming for 1 turns
 70673 | Abyss:7  | 70673 ||| INVOKING Summon Divine Warrior.
 70674 | Abyss:7  | Paralysed by accursed screaming for 2 turns
 70676 | Abyss:7  | HP: 44/199 [starcursed mass/accursed screaming (11)]
 70679 | Abyss:7  | 70679 ||| INVOKING Summon Divine Warrior.
 70679 | Abyss:7  | HP: 14/199 [starcursed mass/accursed screaming (15)]
 70680 | Abyss:7  | Noticed a dread lich
 70680 | Abyss:7  | The Shining One protects you from harm!
 70681 | Abyss:7  | HP: 2/199 [starcursed mass/accursed screaming (12)]
 70681 | Abyss:7  | Mangled by a tentacled starspawn

Levels and vault maps discovered:
D:1:      spicycebolla_arrival_ecumenical, layout_basic
D:2:      minmay_angry_zag, layout_loops_ring, uniq_robin
D:3:      layout_rooms
D:4:      layout_cave_pools, gammafunk_ghost_abyssal_escape, serial_demonic,
          serial_demonic_f, serial_demonic_b, serial_demonic_c,
          serial_demonic_a, serial_demonic_e, serial_demonic_b,
          serial_demonic_f, hangedman_decor_clover_reticule,
          serial_park_tiny_pond, uniq_menkaure
D:5:      layout_cave_pools, serial_shops, nicolae_shop_tiny_statue_garden,
          nicolae_take_the_stairs, nicolae_shop_rolling_square,
          minmay_starry_boxes
D:6:      layout_basic, minmay_temple_entry_tees, nicolae_ossuary_entry_giza
D:7:      layout_rooms, mainiacjoe_overflow_tiny_flanked,
          eat_drink_and_be_merry_uskayaw, serial_shops, shop,
          nicolae_shop_gaudy_bauble, nicolae_diamond_shop,
          nicolae_shop_advertising_works [nicolae_subvault_shop_adworks],
          nicolae_shop_window_shopping, serial_bayou_pond_d, guppyfry_shop_venom
D:8:      layout_gridville, mainiacjoe_overflow_paths,
          grunt_lair_entry_orc_guard_hut, special_room [special_room_orc],
          kb_lookout_dungeons_type, uniq_maurice, uniq_grum
D:9:      layout_gridville, uniq_joseph, uniq_maggie
D:10:     layout_cave_pools, grunt_temple_overflow_growth_and_decay,
          yredelemnul_altar_generic, nicolae_trove_entry_diagonal,
          enter_bailey_5, nicolae_concentric_dashed_squares_wild,
          minmay_fountain_box, skrybe_limestone_x
D:11:     minmay_coctagon, layout_basic, minmay_misc_feat_roman,
          dreamdust_princess_bridge, amcnicky_mini_pool_medium
D:12:     layout_gridville, david_orc_2, gammafunk_ghost_mausoleum, the_hattery,
          uniq_josephine
D:13:     layout_rooms, serial_shops, bzr_entry_gold, st_stairs_2, uniq_lodul
D:14:     layout_cave_pools, lightli_vaults_fourway_checkpoint, serial_shops,
          nicolae_book_shop_shelving, minmay_misc_feat_enclosed, uniq_roxanne
D:15:     grunt_enter_depths_snipers, layout_stronghold,
          chequers_decorated_corner
Temple:   compressed_dpeg_triangle_lava_temple
Lair:1:   layout_chaotic_city, serial_bayou_shore_a, grunt_megastairs_2,
          uniq_amaemon
Lair:2:   layout_regular_city, grunt_forest_large_clearing_hut,
          infiniplex_staircase_pool_2
Lair:3:   layout_gridlike, elwin_shoals_entry_rooms, dummy_snake_entry,
          dreamdust_deal_with_the_devil, beast_lair_carwin_4, grunt_megastairs_3
Lair:4:   layout_cave_pods
Lair:5:   due_jungle_book, layout_regular_city, dpeg_slime_entry_enclosed,
          grunt_megastairs_4, lemuel_fruit_tree, serial_bayou_shore_b,
          infiniplex_staircase_pool
Shoals:1: layout_shoals
Shoals:2: layout_shoals, serial_nicolae_subway, nicolae_sub_station_crystal,
          nicolae_sub_station_metal, nicolae_sub_station_stone, uniq_aizul
Shoals:3: layout_shoals, gammafunk_ghost_wrathful_warriors, serial_shops,
          nicolae_shop_overgrown_old_shop, uniq_jorgrun
Shoals:4: shoals_end_hangedman, layout_shoals, shoals_ilsuiw_alternative,
          serial_shops, bzr_entry_dummy, shop, shop, shop,
          nicolae_shop_getting_attention
Snake:1:  layout_grid_maze, nicolae_snake_gridmaze_squiggle
Snake:2:  layout_chambers, minmay_shoptagon
Snake:3:  layout_onion, nicolae_snake_gridmaze_entwining, lightli_airlock,
          serial_bayou_shore_b
Snake:4:  grunt_snake_rune_spirals, layout_onion, nicolae_shop_self_help
Slime:1:  cheibrodos_slime_lost_civilization_2, layout_caves
Slime:2:  layout_caves
Slime:3:  layout_caves
Slime:4:  layout_caves
Slime:5
Orc:1:    layout_caves, mines_bat_river, uniq_snorg, uniq_harold
Orc:2:    st_orc_open, layout_caves
Vaults:1: ontoclasm_vaults_decontamination, v_misc_28,
          vaults_mumra_minichess_inversion, ontoclasm_vaults_bender,
          nicolae_vaults_double_plus_1, nicolae_vaults_closet_pinwheel_4,
          layout_vaults_chaotic_city, uniq_zenata
Vaults:2: infiniplex_enter_wizlab_spiral, nicolae_vaults_shelves_hall,
          hangedman_vaults_trim, nicolae_vaults_door_testing_chamber, st_star,
          v_pattern_5, ontoclasm_vaults_spin, nicolae_vaults_mitosis,
          nicolae_vaults_ring_of_whatevers, vaults_room_door_hall,
          nicolae_vaults_little_ls, nicolae_vaults_hexular_roomagon,
          nicolae_vaults_diamond_1, layout_vaults_omnibox
Vaults:3: gammafunk_ghost_fury_of_okawaru, nicolae_vaults_hallways_thing,
          minmay_crypt_entry_simple_box, special_room_vaults [special_room_orc],
          v_rooms_6, nicolae_vaults_shelves_hall, vaults_room_door_ring,
          vaults_room_corners, nicolae_vaults_sesquioval_fish, v_pattern_3,
          nicolae_vaults_offset_grid_hallway_3, layout_vaults_ring
Vaults:4: nicolae_vaults_network_square, v_misc_2, nicolae_vaults_spaceships,
          v_misc_14, hangedman_vaults_stretched_pinwheel, v_misc_25,
          nicolae_vaults_ring_of_whatevers, vaults_room_corners,
          ontoclasm_vaults_ring_large, dpeg_vaults_waves, vaults_dpeg_spiral,
          hangedman_vaults_stagger, vaults_room_door_ring,
          nicolae_vaults_house_1, layout_vaults_omnicross
Vaults:5: uniq_jory
Crypt:1:  hangedman_staggered_hall, layout_chaotic_city, uniq_frederick,
          uniq_saint_roka
Crypt:2:  layout_catacombs
Crypt:3:  church_of_pain_bobbens, layout_chaotic_city,
          nicolae_tomb_entry_unfolded_pyramid_orthogonal, basic_altar,
          ebering_ghost_xom
Tomb:1:   uniq_khufu
Tomb:2
Tomb:3
Depths:1: layout_basic, enter_ziggurat_d, serial_shops, shop, hell_entry,
          dk_noncrumbling_3, chequers_serial_rivers_room_b,
          hangedman_decor_growths, hangedman_corner_corridor, uniq_bai_suzhen,
          uniq_mara
Depths:2: minmay_the_grid_square_5x5_4x4_mashed
          [minmay_the_grid_square_5x5_bridge,
          minmay_the_grid_square_5x5_spiral_small, minmay_the_grid_square_5x5_z,
          minmay_the_grid_square_5x5_plus, minmay_the_grid_square_5x5_inner_i,
          minmay_the_grid_square_5x5_prize_monsterx,
          minmay_the_grid_square_5x5_prize_gold, minmay_the_grid_square_5x5_n,
          minmay_the_grid_square_5x5_n_small,
          minmay_the_grid_square_5x5_prize_itemx,
          minmay_the_grid_square_5x5_prize_snowflake,
          minmay_the_grid_square_5x5_checkered_sparse,
          minmay_the_grid_square_5x5_slash,
          minmay_the_grid_square_5x5_tetrominoes,
          minmay_the_grid_square_5x5_almost_minimal,
          minmay_the_grid_square_5x5_eight], layout_gridlike,
          grunt_pan_entry_zigzag, gammafunk_ghost_smash,
          nicolae_abyss_entry_one_way_or_another, hell_entry,
          kennysheep_small_circle, minmay_staircase_windowed_small
Depths:3: hangedman_arch_fort, layout_long_grid, grunt_mini_vestibule,
          abyss_entry_small_statue_room, xom_teletrap_fun, lightli_minifort
Depths:4: lemuel_castle_with_subvaults [lemuel_castle_interior_original],
          layout_gridlike, special_room [special_room_jelly], hell_entry,
          kiku_gazebo_garden_becter, lemuel_flamethrower_1, minmay_shop_star
Zot:1:    layout_cathedral_of_symmetry, uniq_parghit, uniq_grunn
Zot:2:    layout_twisted_circle
Zot:3:    layout_cathedral_of_symmetry, hangedman_zot_diagonal_lockstep,
          lemuel_flame_loot_1
Zot:4:    layout_misc_corridors, hangedman_zot_decor_slant, bh_zot_lava_cross
Abyss:7:  base: Slime:1, base: Tomb:3, base: D:13, base: D:9,
          evilmike_abyss_exit_vortex, evilmike_abyss_rune_siren_acolytes,
          spicy_abyss_pitcher_plant, minivault_13, base: Depths:1,
          evilmike_abyss_exit_8, hangedman_abyss_town,
          evilmike_abyss_rune_ettins, kilobyte_mutagenic_chamber,
          evilmike_abyss_exit_6, evilmike_abyss_rune_ettins, base: Lair:1,
          bh_abyss_exit_grid, hangedman_cross_veins, lemuel_flamethrower_2,
          grunt_abyss_rune_wretched_hive, base: D:6,
          spicy_abyss_helpful_harpoons, minivault_4, hangedman_abyss_batty_box,
          serial_sigils_hangedman_shear, hangedman_abyss_or_decor_stabs,
          patterned_corridor, grunt_abyss_rune_forest_and_sorcery

Skill      XL: |  1  2  3  4  5  6  7  8  9 10 11 12 13 14 15 16 17 18 19 20 21 22 23 24 25 26 27 |
---------------+----------------------------------------------------------------------------------+-----
Axes           | 2 3 4 5 7 8 9 10 11 12 14 16 17 18 27 | 27.0
Dodging        | 1 2 3 4 5 6 7 8 19 | 19.0
Fighting       | 4 5 6 7 8 9 10 11 12 13 14 15 16 17 18 19 22 23 26 27 | 27.0
Throwing       | 1 2 3 4 5 7 9 10 13 15 | 15.0
Shields        | 4 5 6 7 8 9 11 15 16 19 20 21 22 26 | 26.8
Armour         | 7 9 10 11 12 13 15 16 17 18 20 22 27 | 27.0
Invocations    | 2 4 5 9 10 27 | 27.0
Short Blades   | 10 | 10.4

Action                     |  1- 3 |  4- 6 |  7- 9 | 10-12 | 13-15 | 16-18 | 19-21 | 22-24 | 25-27 || total
---------------------------+-------+-------+-------+-------+-------+-------+-------+-------+-------++-------
  Melee: War axe           |    82 |   161 |   270 |   400 |    35 |       |       |       |       ||   948
         Demon whip        |       |       |       |     2 |     6 |       |       |       |       ||     8
         Broad axe         |       |       |       |       |   652 |   682 |  1138 |  1192 |  5062 ||  8726
         Headbutt          |       |       |       |       |       |       |       |       |   820 ||   820
  Throw: Javelin           |       |       |    33 |    35 |    16 |    12 |   126 |   117 |    90 ||   429
         Boomerang         |       |       |     1 |    71 |   278 |    79 |    42 |    75 |   144 ||   690
 Invoke: Heroism           |       |       |     1 |    17 |    24 |    20 |    23 |    25 |    22 ||   132
         Finesse           |       |       |       |     2 |    10 |     7 |    11 |    12 |     5 ||    47
         Cleansing Flame   |       |       |       |       |       |       |       |       |   113 ||   113
         Summon Divine War |       |       |       |       |       |       |       |       |    53 ||    53
         Brand Weapon With |       |       |       |       |       |       |       |       |     1 ||     1
    Use: Scroll            |     1 |     3 |    18 |     3 |     5 |     1 |     6 |       |    17 ||    54
         Potion            |     1 |     2 |     3 |       |     1 |     1 |       |       |    41 ||    49
   Stab: Distracted        |       |       |       |       |       |       |       |     2 |       ||     2
 Armour: Scale mail        |    45 |   103 |    37 |       |       |       |       |       |       ||   185
         Ring mail         |       |       |    56 |       |       |       |       |       |       ||    56
         Crystal plate arm |       |       |    66 |   434 |   428 |   540 |   579 |   517 |  2014 ||  4578
         Plate armour      |       |       |       |       |       |       |       |       |    52 ||    52
  Dodge: Dodged            |    46 |    67 |    92 |   171 |   155 |   182 |   251 |   192 |  1023 ||  2179
         Repelled          |       |       |     1 |     1 |     4 |    26 |     8 |    19 |       ||    59
  Block: Buckler           |    19 |    28 |    48 |   102 |   112 |   130 |       |       |       ||   439
         Kite shield       |       |       |       |       |       |    63 |   334 |       |       ||   397
         Tower shield      |       |       |       |       |       |       |   305 |   950 |  5119 ||  6374

Table legend:
 A = Non-vault XP
 B = Vault XP
 C = Vault XP percentage of total XP
 D = Non-vault monster count
 E = Vault monster count
 F = Vault count percentage of total count
                 A         B        C        D         E       F
            +---------+---------+-------+---------+---------+-------
      Total | 1960020 |  942042 |  32.5 |    3687 |    1177 |  24.2
            +---------+---------+-------+---------+---------+-------
        D:1 |      43 |       0 |   0.0 |      18 |       0 |   0.0
        D:2 |      38 |      46 |  54.8 |      17 |      16 |  48.5
        D:3 |     330 |       0 |   0.0 |      25 |       0 |   0.0
        D:4 |     158 |     341 |  68.3 |      18 |      14 |  43.8
        D:5 |     859 |     174 |  16.8 |      25 |       5 |  16.7
        D:6 |    1245 |      20 |   1.6 |      29 |       3 |   9.4
        D:7 |     406 |     151 |  27.1 |       4 |       1 |  20.0
        D:8 |     791 |    1609 |  67.0 |      16 |      34 |  68.0
        D:9 |    1780 |     890 |  33.3 |      29 |       2 |   6.5
       D:10 |    4036 |       8 |   0.2 |      16 |       4 |  20.0
       D:11 |    2333 |    3247 |  58.2 |      11 |      11 |  50.0
       D:12 |    4123 |    2065 |  33.4 |      20 |      12 |  37.5
       D:13 |    8684 |    2444 |  22.0 |      22 |       9 |  29.0
       D:14 |   13026 |    9606 |  42.4 |      25 |      13 |  34.2
       D:15 |   12371 |    2744 |  18.2 |      24 |       3 |  11.1
     Lair:1 |   10867 |    4072 |  27.3 |      42 |      18 |  30.0
     Lair:2 |    2609 |     939 |  26.5 |      11 |       3 |  21.4
     Lair:3 |   10082 |    7983 |  44.2 |      32 |      19 |  37.3
     Lair:4 |   12229 |       0 |   0.0 |      36 |       0 |   0.0
     Lair:5 |   17715 |   16343 |  48.0 |      52 |      43 |  45.3
   Shoals:1 |    5016 |       0 |   0.0 |      11 |       0 |   0.0
   Shoals:2 |   15035 |    1206 |   7.4 |      27 |       1 |   3.6
   Shoals:3 |    9290 |    2004 |  17.7 |      21 |       1 |   4.5
   Shoals:4 |   23894 |   24061 |  50.2 |      46 |      39 |  45.9
    Snake:1 |   21466 |       0 |   0.0 |      48 |       0 |   0.0
    Snake:2 |   12452 |       0 |   0.0 |      22 |       0 |   0.0
    Snake:3 |   27833 |       0 |   0.0 |      52 |       0 |   0.0
    Snake:4 |   20542 |   37565 |  64.6 |      47 |      45 |  48.9
    Slime:1 |    6812 |       0 |   0.0 |      17 |       0 |   0.0
    Slime:2 |   11276 |       0 |   0.0 |      21 |       0 |   0.0
    Slime:3 |    4864 |       0 |   0.0 |      16 |       0 |   0.0
    Slime:4 |    7708 |       0 |   0.0 |      16 |       0 |   0.0
    Slime:5 |   16879 |   24013 |  58.7 |      27 |      19 |  41.3
      Orc:1 |    3123 |    1815 |  36.8 |      17 |       9 |  34.6
      Orc:2 |    1502 |   14808 |  90.8 |      10 |      37 |  78.7
   Vaults:1 |   27475 |   11260 |  29.1 |      42 |      14 |  25.0
   Vaults:2 |   35442 |   31914 |  47.4 |      57 |      43 |  43.0
   Vaults:3 |   13801 |   32054 |  69.9 |      19 |      57 |  75.0
   Vaults:4 |   30504 |   25949 |  46.0 |      44 |      30 |  40.5
   Vaults:5 |   37125 |  116255 |  75.8 |      59 |      98 |  62.4
    Crypt:1 |   31102 |   17216 |  35.6 |      48 |      23 |  32.4
    Crypt:2 |   14405 |     899 |   5.9 |      24 |       1 |   4.0
    Crypt:3 |   21002 |   55878 |  72.7 |      32 |      84 |  72.4
     Tomb:1 |    4791 |  105560 |  95.7 |      19 |      60 |  75.9
     Tomb:2 |    8066 |   36641 |  82.0 |      25 |      46 |  64.8
     Tomb:3 |    8479 |   86538 |  91.1 |      21 |      94 |  81.7
   Depths:1 |   22351 |    7543 |  25.2 |      31 |       2 |   6.1
   Depths:2 |   45004 |   40391 |  47.3 |      56 |      46 |  45.1
   Depths:3 |   19542 |   38427 |  66.3 |      23 |      26 |  53.1
   Depths:4 |   42316 |   84545 |  66.6 |      46 |      77 |  62.6
      Zot:1 |   25235 |    3071 |  10.8 |      20 |       1 |   4.8
      Zot:2 |   17204 |       0 |   0.0 |      18 |       0 |   0.0
      Zot:3 |   43472 |       0 |   0.0 |      36 |       0 |   0.0
      Zot:4 |   51510 |       0 |   0.0 |      45 |       0 |   0.0
    Abyss:3 |  172269 |    4516 |   2.6 |     301 |       9 |   2.9
    Abyss:4 |  101862 |   12852 |  11.2 |     209 |      17 |   7.5
    Abyss:5 |  268600 |   19845 |   6.9 |     531 |      20 |   3.6
    Abyss:6 |  400703 |   34553 |   7.9 |     693 |      43 |   5.8
    Abyss:7 |  226343 |   17981 |   7.4 |     418 |      25 |   5.6
            +---------+---------+-------+---------+---------+-------
